Workbook

Sheet Financial Summary
C2: Income, balance sheet and cash flow
C3: Historical portfolio analysis; original dates, assumptions and units retained
C4: Author: Eshan Mukherjee
D6: ='P&L, BS, CF Summary'!B3 -> YEAR-2023 | E6: ='P&L, BS, CF Summary'!C3 -> YEAR-2024 | F6: ='P&L, BS, CF Summary'!D3 -> YEAR-2025 | G6: ='P&L, BS, CF Summary'!E3 -> YEAR-2026 | H6: ='P&L, BS, CF Summary'!F3 -> YEAR-2027 | I6: ='P&L, BS, CF Summary'!G3 -> YEAR-2028
C8: Income statement, original currency and units
C9: Revenue | D9: =IF(ISNUMBER('P&L, BS, CF Summary'!B8),'P&L, BS, CF Summary'!B8,"Unavailable") -> Unavailable | E9: =IF(ISNUMBER('P&L, BS, CF Summary'!C8),'P&L, BS, CF Summary'!C8,"Unavailable") -> 78487 | F9: =IF(ISNUMBER('P&L, BS, CF Summary'!D8),'P&L, BS, CF Summary'!D8,"Unavailable") -> 469755 | G9: =IF(ISNUMBER('P&L, BS, CF Summary'!E8),'P&L, BS, CF Summary'!E8,"Unavailable") -> 23366182 | H9: =IF(ISNUMBER('P&L, BS, CF Summary'!F8),'P&L, BS, CF Summary'!F8,"Unavailable") -> 48595011 | I9: =IF(ISNUMBER('P&L, BS, CF Summary'!G8),'P&L, BS, CF Summary'!G8,"Unavailable") -> 83925154
C10: cost of sales | D10: =IF(ISNUMBER('P&L, BS, CF Summary'!B18),'P&L, BS, CF Summary'!B18,"Unavailable") -> Unavailable | E10: =IF(ISNUMBER('P&L, BS, CF Summary'!C18),'P&L, BS, CF Summary'!C18,"Unavailable") -> 2016 | F10: =IF(ISNUMBER('P&L, BS, CF Summary'!D18),'P&L, BS, CF Summary'!D18,"Unavailable") -> 15426 | G10: =IF(ISNUMBER('P&L, BS, CF Summary'!E18),'P&L, BS, CF Summary'!E18,"Unavailable") -> 444440 | H10: =IF(ISNUMBER('P&L, BS, CF Summary'!F18),'P&L, BS, CF Summary'!F18,"Unavailable") -> 1169036 | I10: =IF(ISNUMBER('P&L, BS, CF Summary'!G18),'P&L, BS, CF Summary'!G18,"Unavailable") -> 2392699
C11: Gross profit | D11: =IF(ISNUMBER('P&L, BS, CF Summary'!B20),'P&L, BS, CF Summary'!B20,"Unavailable") -> Unavailable | E11: =IF(ISNUMBER('P&L, BS, CF Summary'!C20),'P&L, BS, CF Summary'!C20,"Unavailable") -> 76471 | F11: =IF(ISNUMBER('P&L, BS, CF Summary'!D20),'P&L, BS, CF Summary'!D20,"Unavailable") -> 454329 | G11: =IF(ISNUMBER('P&L, BS, CF Summary'!E20),'P&L, BS, CF Summary'!E20,"Unavailable") -> 22921743 | H11: =IF(ISNUMBER('P&L, BS, CF Summary'!F20),'P&L, BS, CF Summary'!F20,"Unavailable") -> 45877075 | I11: =IF(ISNUMBER('P&L, BS, CF Summary'!G20),'P&L, BS, CF Summary'!G20,"Unavailable") -> 78764856
C12: Net profit | D12: =IF(ISNUMBER('P&L, BS, CF Summary'!B72),'P&L, BS, CF Summary'!B72,"Unavailable") -> -222532 | E12: =IF(ISNUMBER('P&L, BS, CF Summary'!C72),'P&L, BS, CF Summary'!C72,"Unavailable") -> -410657 | F12: =IF(ISNUMBER('P&L, BS, CF Summary'!D72),'P&L, BS, CF Summary'!D72,"Unavailable") -> -170961 | G12: =IF(ISNUMBER('P&L, BS, CF Summary'!E72),'P&L, BS, CF Summary'!E72,"Unavailable") -> 17059106 | H12: =IF(ISNUMBER('P&L, BS, CF Summary'!F72),'P&L, BS, CF Summary'!F72,"Unavailable") -> 34829212 | I12: =IF(ISNUMBER('P&L, BS, CF Summary'!G72),'P&L, BS, CF Summary'!G72,"Unavailable") -> 60628682
C15: Balance sheet
C17: Cash / bank | D17: =IF(ISNUMBER('P&L, BS, CF Summary'!B92),'P&L, BS, CF Summary'!B92,"Unavailable") -> -590251 | E17: =IF(ISNUMBER('P&L, BS, CF Summary'!C92),'P&L, BS, CF Summary'!C92,"Unavailable") -> -418523 | F17: =IF(ISNUMBER('P&L, BS, CF Summary'!D92),'P&L, BS, CF Summary'!D92,"Unavailable") -> -639054 | G17: =IF(ISNUMBER('P&L, BS, CF Summary'!E92),'P&L, BS, CF Summary'!E92,"Unavailable") -> 12550829 | H17: =IF(ISNUMBER('P&L, BS, CF Summary'!F92),'P&L, BS, CF Summary'!F92,"Unavailable") -> 47040952 | I17: =IF(ISNUMBER('P&L, BS, CF Summary'!G92),'P&L, BS, CF Summary'!G92,"Unavailable") -> 113680432
C18: Total assets | D18: =IF(ISNUMBER('P&L, BS, CF Summary'!B95),'P&L, BS, CF Summary'!B95,"Unavailable") -> Unavailable | E18: =IF(ISNUMBER('P&L, BS, CF Summary'!C95),'P&L, BS, CF Summary'!C95,"Unavailable") -> -411336 | F18: =IF(ISNUMBER('P&L, BS, CF Summary'!D95),'P&L, BS, CF Summary'!D95,"Unavailable") -> -605335 | G18: =IF(ISNUMBER('P&L, BS, CF Summary'!E95),'P&L, BS, CF Summary'!E95,"Unavailable") -> 13284738 | H18: =IF(ISNUMBER('P&L, BS, CF Summary'!F95),'P&L, BS, CF Summary'!F95,"Unavailable") -> 48143722 | I18: =IF(ISNUMBER('P&L, BS, CF Summary'!G95),'P&L, BS, CF Summary'!G95,"Unavailable") -> 115479775
C19: Total liabilities | D19: =IF(ISNUMBER('P&L, BS, CF Summary'!B108),'P&L, BS, CF Summary'!B108,"Unavailable") -> 14940 | E19: =IF(ISNUMBER('P&L, BS, CF Summary'!C108),'P&L, BS, CF Summary'!C108,"Unavailable") -> 20270 | F19: =IF(ISNUMBER('P&L, BS, CF Summary'!D108),'P&L, BS, CF Summary'!D108,"Unavailable") -> 29512 | G19: =IF(ISNUMBER('P&L, BS, CF Summary'!E108),'P&L, BS, CF Summary'!E108,"Unavailable") -> 72069 | H19: =IF(ISNUMBER('P&L, BS, CF Summary'!F108),'P&L, BS, CF Summary'!F108,"Unavailable") -> 101841 | I19: =IF(ISNUMBER('P&L, BS, CF Summary'!G108),'P&L, BS, CF Summary'!G108,"Unavailable") -> 141156
C20: Owner equity | D20: =IF(ISNUMBER('P&L, BS, CF Summary'!B116),'P&L, BS, CF Summary'!B116,"Unavailable") -> -218999 | E20: =IF(ISNUMBER('P&L, BS, CF Summary'!C116),'P&L, BS, CF Summary'!C116,"Unavailable") -> -431606 | F20: =IF(ISNUMBER('P&L, BS, CF Summary'!D116),'P&L, BS, CF Summary'!D116,"Unavailable") -> -634847 | G20: =IF(ISNUMBER('P&L, BS, CF Summary'!E116),'P&L, BS, CF Summary'!E116,"Unavailable") -> 13212670 | H20: =IF(ISNUMBER('P&L, BS, CF Summary'!F116),'P&L, BS, CF Summary'!F116,"Unavailable") -> 48041881 | I20: =IF(ISNUMBER('P&L, BS, CF Summary'!G116),'P&L, BS, CF Summary'!G116,"Unavailable") -> 115338619
C21: Original balance-sheet difference | D21: =IF(COUNT(D18:D20)=3,D18-D19-D20,"Unavailable") -> Unavailable | E21: =IF(COUNT(E18:E20)=3,E18-E19-E20,"Unavailable") -> 0 | F21: =IF(COUNT(F18:F20)=3,F18-F19-F20,"Unavailable") -> 0 | G21: =IF(COUNT(G18:G20)=3,G18-G19-G20,"Unavailable") -> -1 | H21: =IF(COUNT(H18:H20)=3,H18-H19-H20,"Unavailable") -> 0 | I21: =IF(COUNT(I18:I20)=3,I18-I19-I20,"Unavailable") -> 0
C24: Cash flow
C26: Operating cash flow | D26: =IF(ISNUMBER('P&L, BS, CF Summary'!B133),'P&L, BS, CF Summary'!B133,"Unavailable") -> -373916 | E26: =IF(ISNUMBER('P&L, BS, CF Summary'!C133),'P&L, BS, CF Summary'!C133,"Unavailable") -> -387059 | F26: =IF(ISNUMBER('P&L, BS, CF Summary'!D133),'P&L, BS, CF Summary'!D133,"Unavailable") -> -250638 | G26: =IF(ISNUMBER('P&L, BS, CF Summary'!E133),'P&L, BS, CF Summary'!E133,"Unavailable") -> 13189882 | H26: =IF(ISNUMBER('P&L, BS, CF Summary'!F133),'P&L, BS, CF Summary'!F133,"Unavailable") -> 34490123 | I26: =IF(ISNUMBER('P&L, BS, CF Summary'!G133),'P&L, BS, CF Summary'!G133,"Unavailable") -> 66751507
C27: Net cash flow | D27: =IF(ISNUMBER('P&L, BS, CF Summary'!B142),'P&L, BS, CF Summary'!B142,"Unavailable") -> -373915 | E27: =IF(ISNUMBER('P&L, BS, CF Summary'!C142),'P&L, BS, CF Summary'!C142,"Unavailable") -> -387059 | F27: =IF(ISNUMBER('P&L, BS, CF Summary'!D142),'P&L, BS, CF Summary'!D142,"Unavailable") -> -250638 | G27: =IF(ISNUMBER('P&L, BS, CF Summary'!E142),'P&L, BS, CF Summary'!E142,"Unavailable") -> 13189882 | H27: =IF(ISNUMBER('P&L, BS, CF Summary'!F142),'P&L, BS, CF Summary'!F142,"Unavailable") -> 34490123 | I27: =IF(ISNUMBER('P&L, BS, CF Summary'!G142),'P&L, BS, CF Summary'!G142,"Unavailable") -> 66639480
C28: Opening cash flow | D28: =IF(ISNUMBER('P&L, BS, CF Summary'!B143),'P&L, BS, CF Summary'!B143,"Unavailable") -> -175839 | E28: =IF(ISNUMBER('P&L, BS, CF Summary'!C143),'P&L, BS, CF Summary'!C143,"Unavailable") -> -388416 | F28: =IF(ISNUMBER('P&L, BS, CF Summary'!D143),'P&L, BS, CF Summary'!D143,"Unavailable") -> -672659 | G28: =IF(ISNUMBER('P&L, BS, CF Summary'!E143),'P&L, BS, CF Summary'!E143,"Unavailable") -> 10012004 | H28: =IF(ISNUMBER('P&L, BS, CF Summary'!F143),'P&L, BS, CF Summary'!F143,"Unavailable") -> 43113466 | I28: =IF(ISNUMBER('P&L, BS, CF Summary'!G143),'P&L, BS, CF Summary'!G143,"Unavailable") -> 107120654
C29: Closing cash flow | D29: =IF(ISNUMBER('P&L, BS, CF Summary'!B145),'P&L, BS, CF Summary'!B145,"Unavailable") -> -549754 | E29: =IF(ISNUMBER('P&L, BS, CF Summary'!C145),'P&L, BS, CF Summary'!C145,"Unavailable") -> -775475 | F29: =IF(ISNUMBER('P&L, BS, CF Summary'!D145),'P&L, BS, CF Summary'!D145,"Unavailable") -> -923296 | G29: =IF(ISNUMBER('P&L, BS, CF Summary'!E145),'P&L, BS, CF Summary'!E145,"Unavailable") -> 23201886 | H29: =IF(ISNUMBER('P&L, BS, CF Summary'!F145),'P&L, BS, CF Summary'!F145,"Unavailable") -> 77603589 | I29: =IF(ISNUMBER('P&L, BS, CF Summary'!G145),'P&L, BS, CF Summary'!G145,"Unavailable") -> 173760134
C30: Original closing cash less cash / bank | D30: =D29-D17 -> 40497 | E30: =E29-E17 -> -356952 | F30: =F29-F17 -> -284242 | G30: =G29-G17 -> 10651057 | H30: =H29-H17 -> 30562637 | I30: =I29-I17 -> 60079702
C35: This historical startup model contains differences between cash-flow closing balances and balance-sheet cash. Those original differences remain visible and are not filled with invented data.
C38: Original forecasts, user counts, pricing, staffing assumptions and historical dates are preserved.

Sheet P&L, BS, CF Summary
B3: YEAR-2023 | C3: YEAR-2024 | D3: YEAR-2025 | E3: YEAR-2026 | F3: YEAR-2027 | G3: YEAR-2028
A4: INCOME STATEMENT
A6: No. of Active Users | B6: - | C6: 14 | D6: 58 | E6: 525 | F6: 933 | G6: 1537
A8: Revenue | B8: - | C8: 78487 | D8: 469755 | E8: 23366182 | F8: 48595011 | G8: 83925154
A10: Gross Revenue | B10: - | C10: 78487 | D10: 469755 | E10: 23366182 | F10: 48595011 | G10: 83925154
A12: cost OF SALES
A14: Cloud Hosting | B14: - | C14: 39 | D14: 235 | E14: 11683 | F14: 24298 | G14: 41963
A15: Credit Card Fee | B15: - | C15: 1177 | D15: 7046 | E15: 350493 | F15: 728925 | G15: 1258877
A16: Computing cost | B16: - | C16: 800 | D16: 8145 | E16: 82264 | F16: 415813 | G16: 1091859
D17: - | E17: -
A18: Total cost of Sales | B18: - | C18: 2016 | D18: 15426 | E18: 444440 | F18: 1169036 | G18: 2392699
A20: Gross Profit | B20: - | C20: 76471 | D20: 454329 | E20: 22921743 | F20: 45877075 | G20: 78764856
A22: Operating Expenses:
A23: Management Team:
A24: CEO | B24: - | C24: - | D24: 35000 | E24: 138000 | F24: 156000 | G24: 174000
A25: CMO | B25: - | C25: - | D25: 35000 | E25: 83000 | F25: 110400 | G25: 124800
A26: CTO | B26: - | C26: - | D26: 35000 | E26: 95840 | F26: 135720 | G26: 149760
A27: Lead Machine language engineer | B27: 31500 | C27: 63000 | D27: 63000 | E27: 105000 | F27: 120750 | G27: 136500
A28: Lead front end full stack developer | B28: 31500 | C28: 63000 | D28: 94500 | E28: 120750 | F28: 136500 | G28: 152250
A29: Senior systems engineer | B29: 52500 | C29: 63000 | D29: 94500 | E29: 120750 | F29: 136500 | G29: 152250
A30: Engineers X1 | B30: 25500 | C30: 51000 | D30: 34000 | E30: 89604 | F30: 110500 | G30: 123250
A31: Engineers X2 | B31: 25500 | C31: 51000 | D31: 19833 | E31: 57021 | F31: 110500 | G31: 123250
A32: Engineers X3 | B32: 25500 | C32: 42500 | D32: 19833 | E32: - | F32: - | G32: -
A33: Engineers X4 | B33: 21250 | C33: 38250 | D33: 8146 | E33: - | F33: - | G33: -
A34: Engineers X5 | B34: - | C34: 34000 | D34: 8146 | E34: - | F34: - | G34: -
A35: Engineers X6 | B35: - | C35: 8500 | D35: 8146 | E35: - | F35: - | G35: -
A36: Internal Marketing team X1 | B36: - | C36: - | D36: - | E36: - | F36: - | G36: -
A37: Internal Marketing team X2 | B37: - | C37: - | D37: - | E37: - | F37: - | G37: -
A38: Sales Team X1 | B38: - | C38: - | D38: 37375 | E38: 84500 | F38: 94250 | G38: 104000
A39: Sales Team X2 | B39: - | C39: - | D39: 12458 | E39: 84500 | F39: 94250 | G39: 104000
A40: Sales Team X3 | B40: - | C40: - | D40: 12458 | E40: 84500 | F40: 94250 | G40: 104000
A41: Sales Team X4 | B41: - | C41: - | D41: - | E41: 77458 | F41: 94250 | G41: 104000
A42: Customer Support | B42: - | C42: - | D42: - | E42: 49292 | F42: 94250 | G42: 104000
A43: Customer Support | B43: - | C43: - | D43: - | E43: 42250 | F43: 94250 | G43: 104000
A44: Add Additional Employee | B44: - | D44: - | E44: - | F44: 94250 | G44: 104000
A45: Add Additional Employee | B45: - | D45: - | E45: - | F45: 78542 | G45: 104000
A47: Other Operating Expenses:
A48: Rent | B48: 2250 | C48: 44400 | D48: 53858 | E48: 61979 | F48: 65078 | G48: 68332
A49: Utilities | B49: - | C49: - | D49: - | E49: - | F49: - | G49: -
A50: Professional services | B50: 3500 | C50: - | D50: - | E50: - | F50: - | G50: -
A51: Misc. Expenses | B51: 3532 | C51: 24000 | D51: 25200 | E51: 26460 | F51: 27783 | G51: 29172
A53: Marketing & Advertising:
A54: Conferences & Tradeshows | B54: - | C54: - | D54: - | E54: - | F54: - | G54: -
A55: Advertising (Digital Media) | B55: - | C55: - | D55: - | E55: - | F55: - | G55: -
A56: Advertising (Traditional/PR) | B56: - | C56: - | D56: - | E56: - | F56: - | G56: -
A58: Total operating Expenses | B58: 222532 | C58: 482650 | D58: 596454 | E58: 1320904 | F58: 1848023 | G58: 2065564
A60: EBITDA | B60: -222532 | C60: -406179 | D60: -142125 | E60: 21600838 | F60: 44087610 | G60: 76745167
A62: Depreciation/Amortization | C62: - | D62: - | E62: - | F62: - | G62: -
A64: EBIT | B64: -222532 | C64: -406179 | D64: -142125 | E64: 21600838 | F64: 44087610 | G64: 76745167
A66: Interest | C66: - | D66: - | E66: - | F66: - | G66: -
A68: EBT | B68: -222532 | C68: -406179 | D68: -142125 | E68: 21600838 | F68: 44087610 | G68: 76745167
A70: Income Tax | B70: - | C70: 4478 | D70: 28836 | E70: 4541733 | F70: 9577205 | G70: 16694173
A72: Net Profit | B72: -222532 | C72: -410657 | D72: -170961 | E72: 17059106 | F72: 34829212 | G72: 60628682
A77: BALANCE SHEET
A78: ASSET
A80: NON-CURRENT ASSET
A81: LONG TERM ASSET | B81: - | C81: - | D81: - | E81: - | F81: - | G81: -
A83: Accumulated Depreciation | B83: - | C83: - | D83: - | E83: - | F83: - | G83: -
A85: Total Long Term Asset | B85: - | C85: - | D85: - | E85: - | F85: - | G85: -
A87: CURRENT ASSET:
A89: Inventory | B89: - | C89: - | D89: - | E89: - | F89: - | G89: -
A90: Account Receivables | B90: - | C90: 444 | D90: 24140 | E90: 715576 | F90: 1079821 | G90: 1773889
A91: Prepayments | B91: 27870 | C91: 6743 | D91: 9578 | E91: 18333 | F91: 22949 | G91: 25455
A92: Cash/Bank | B92: -590251 | C92: -418523 | D92: -639054 | E92: 12550829 | F92: 47040952 | G92: 113680432
A93: Total Current Asset | B93: -562381 | C93: -411336 | D93: -605335 | E93: 13284738 | F93: 48143722 | G93: 115479775
A95: Total Asset | C95: -411336 | D95: -605335 | E95: 13284738 | F95: 48143722 | G95: 115479775
A97: LIABILITIES & SHARE CAPITAL
A99: Long Term Liabilities
A100: Loan/debt | B100: - | C100: - | D100: - | E100: - | F100: - | G100: -
A101: Total Long term Liabilities | B101: - | C101: - | D101: - | E101: - | F101: - | G101: -
A103: Current Liabilities
A104: Account Payable | B104: 8300 | C104: 11280 | D104: 16741 | E104: 47624 | F104: 71242 | G104: 107217
A105: Deferred Payments | B105: 6640 | C105: 8990 | D105: 12771 | E105: 24444 | F105: 30599 | G105: 33940
A106: Total Current Liabilities | B106: 14940 | C106: 20270 | D106: 29512 | E106: 72069 | F106: 101841 | G106: 141156
A108: Total Liabilities | B108: 14940 | C108: 20270 | D108: 29512 | E108: 72069 | F108: 101841 | G108: 141156
A110: Owner Equity
A112: Owner Equity | B112: 1 | C112: 1 | D112: 1 | E112: 1 | F112: 1 | G112: 1
A113: Additional Owner equity | B113: - | C113: - | D113: - | E113: - | F113: - | G113: -
A114: Retained Earnings | B114: -185800 | C114: -388706 | D114: -677300 | E114: 10536635 | F114: 44001712 | G114: 108670562
A115: Net Income | B115: -33200 | C115: -42901 | D115: 42452 | E115: 2676033 | F115: 4040168 | G115: 6668056
A116: Total Owner Equity | B116: -218999 | C116: -431606 | D116: -634847 | E116: 13212670 | F116: 48041881 | G116: 115338619
A118: Total Owner Equity & Liabilities | B118: -204059 | C118: -411336 | D118: -605335 | E118: 13284738 | F118: 48143722 | G118: 115479775
C119: - | D119: - | E119: - | F119: - | G119: -
A122: CASHFLOW STATEMENT
A124: Cash from Operation
A125: Net Income | B125: -219000 | C125: -386657 | D125: -246142 | E125: 13847517 | F125: 34829212 | G125: 67296738
A126: Depreciation/Amortization | B126: - | C126: - | D126: - | E126: - | F126: - | G126: -
A127: Interest | B127: - | C127: - | D127: - | E127: - | F127: - | G127: -
A128: Inventory | B128: - | C128: - | D128: - | E128: - | F128: - | G128: -
A129: Account Receivables | B129: - | C129: -444 | D129: -10649 | E129: -691436 | F129: -364245 | G129: -582041
A130: Prepayment | B130: -4980 | C130: - | D130: -2836 | E130: -8755 | F130: -4616 | G130: -2506
A131: Account Payables | B131: 8300 | C131: 42 | D131: 5208 | E131: 30884 | F131: 23617 | G131: 35975
A132: Deferred payments | B132: 6640 | C132: - | D132: 3781 | E132: 11673 | F132: 6155 | G132: 3341
A133: Operating Cashflow | B133: -373916 | C133: -387059 | D133: -250638 | E133: 13189882 | F133: 34490123 | G133: 66751507
A135: Cashflow from Investing
A136: CAPEX | B136: - | C136: - | D136: - | E136: - | F136: - | G136: -
A138: Cashflow from financing | G138: -
A139: Loan Repayment | B139: - | C139: - | D139: - | E139: - | F139: - | G139: -
A140: Equity Financing | B140: 1 | C140: - | D140: - | E140: - | F140: - | G140: -
A142: NET CASHFLOW | B142: -373915 | C142: -387059 | D142: -250638 | E142: 13189882 | F142: 34490123 | G142: 66639480
...

Sheet Revenue & Subs Summary
E5: REVENUE SUMMARY
B8: Revenue From Professional | C8: YEAR-2023 | D8: YEAR-2024 | E8: YEAR-2025 | F8: YEAR-2026 | G8: YEAR-2027 | H8: YEAR-2028 | J8: Subscriptions from Professional | M8: YEAR-2023 | N8: YEAR-2024 | O8: YEAR-2025 | P8: YEAR-2026 | Q8: YEAR-2027 | R8: YEAR-2028
B9: Revenue Monthly Users | C9: - | D9: 4056 | E9: 17537 | F9: 55778 | G9: 125431 | H9: 204996 | J9: Subscriptions Monthly Users | M9: - | N9: 7 | O9: 23 | P9: 65 | Q9: 117 | R9: 165
B10: Revenue Annual - Users | C10: - | D10: 1641 | E10: 5495 | F10: 17991 | G10: 40425 | H10: 65988 | J10: Subscriptions - Users | M10: - | N10: 3 | O10: 10 | P10: 28 | Q10: 49 | R10: 71
C11: - | D11: 5696 | E11: 23032 | F11: 73769 | G11: 165856 | H11: 270985 | M11: - | N11: 10 | O11: 33 | P11: 93 | Q11: 166 | R11: 235
B12: Revenue From Team
B13: Revenue Monthly Users | C13: - | D13: 7571 | E13: 143690 | F13: 1342965 | G13: 7268536 | H13: 18185288 | J13: Subscriptions From Team
B14: Revenue Annual - Users | C14: - | D14: - | E14: 9303 | F14: 81700 | G14: 264022 | H14: 443284 | J14: Subscriptions - Monthly Users: | M14: - | N14: 3 | O14: 13 | P14: 128 | Q14: 230 | R14: 368
C15: - | D15: 7571 | E15: 152993 | F15: 1424665 | G15: 7532558 | H15: 18628572 | J15: Subscriptions Annual - Users | M15: - | N15: 1 | O15: 5 | P15: 55 | Q15: 99 | R15: 158
B16: Revenue From Enterprise | M16: - | N16: 4 | O16: 18 | P16: 183 | Q16: 329 | R16: 526
B17: Small Enterprise Subscription | C17: - | D17: - | E17: 114000 | F17: 4440000 | G17: 12438000 | H17: 18342000 | J17: Subscriptions From Enterprise
B18: True Enterprise Subscription | C18: - | D18: - | E18: 36000 | F18: 2961000 | G18: 8109000 | H18: 11934000 | J18: Small Enterprise Subscription | M18: - | N18: - | O18: 1 | P18: 29 | Q18: 14 | R18: 25
C19: - | D19: - | E19: 150000 | F19: 7401000 | G19: 20547000 | H19: 30276000 | J19: True Enterprise Subscription | M19: - | N19: - | O19: 1 | P19: 13 | Q19: 6 | R19: 11
B20: Revenue from TSE | C20: - | D20: 65220 | E20: 143730 | F20: 366748 | G20: 249598 | H20: 99598 | M20: - | N20: - | O20: 2 | P20: 42 | Q20: 20 | R20: 36
B21: Revenue from GCP Enterprise Marketplace | C21: - | D21: - | E21: - | F21: 14100000 | G21: 20100000 | H21: 34650000 | J21: Subscriptions From TSE product | M21: - | N21: 1
J22: Subscriptions From GCP Enterprise Marketplace | N22: - | O22: - | P22: 94 | Q22: 151 | R22: 303
B24: Total Revenue | C24: - | D24: 78487 | E24: 469755 | F24: 23366182 | G24: 48595011 | H24: 83925154 | J24: Total Subscriptiopns | M24: - | N24: 15 | O24: 53 | P24: 412 | Q24: 666 | R24: 1101
C27: 45739 | D27: 45770 | E27: 45800 | F27: 45831 | G27: 45861 | H27: 45892 | I27: 45923 | J27: 45953 | K27: 45984 | L27: 46014 | M27: 45681 | N27: 45712 | O27: 45740 | P27: 45771 | Q27: 45801 | R27: 45832 | S27: 45862 | T27: 45893 | U27: 45924 | V27: 45954 | W27: 45985 | X27: 46015 | Y27: 45682 | Z27: 45713 | AA27: 45741 | AB27: 45772 | AC27: 45802 | AD27: 45833 | AE27: 45863 | AF27: 45894 | AG27: 45925 | AH27: 45955 | AI27: 45986 | AJ27: 46016 | AK27: 45683 | AL27: 45714 | AM27: 45742 | AN27: 45773 | AO27: 45803 | AP27: 45834 | AQ27: 45864 | AR27: 45895 | AS27: 45926 | AT27: 45956 | AU27: 45987 | AV27: 46017 | AW27: 45684 | AX27: 45715 | AY27: 45743 | AZ27: 45774 | BA27: 45804 | BB27: 45835 | BC27: 45865 | BD27: 45896 | BE27: 45927 | BF27: 45957 | BG27: 45988 | BH27: 46018 | BI27: 45685 | BJ27: 45716 | BK27: 45744 | BL27: 45775 | BM27: 45805 | BN27: 45836 | BO27: 45866 | BP27: 45897 | BQ27: 45928 | BR27: 45958 | BS27: 45989 | BT27: 46019
B28: Revenue From Professional
B29: Revenue Monthly Users | C29: - | D29: - | E29: - | F29: - | G29: - | H29: - | I29: - | J29: - | K29: - | L29: - | M29: 100 | N29: 99 | O29: 99 | P29: 99 | Q29: 199 | R29: 197 | S29: 297 | T29: 396 | U29: 495 | V29: 693 | W29: 691 | X29: 691 | Y29: 830 | Z29: 829 | AA29: 934 | AB29: 1038 | AC29: 1141 | AD29: 1350 | AE29: 1452 | AF29: 1661 | AG29: 1763 | AH29: 1972 | AI29: 2179 | AJ29: 2386 | AK29: 2723 | AL29: 3051 | AM29: 3268 | AN29: 3595 | AO29: 3922 | AP29: 4248 | AQ29: 4685 | AR29: 5010 | AS29: 5557 | AT29: 5991 | AU29: 6536 | AV29: 7191 | AW29: 7889 | AX29: 8232 | AY29: 8690 | AZ29: 9147 | BA29: 9605 | BB29: 10062 | BC29: 10519 | BD29: 11092 | BE29: 11663 | BF29: 12234 | BG29: 12806 | BH29: 13493 | BI29: 14410 | BJ29: 14890 | BK29: 15367 | BL29: 15721 | BM29: 16200 | BN29: 16798 | BO29: 17271 | BP29: 17748 | BQ29: 18345 | BR29: 18819 | BS29: 19417 | BT29: 20012
B30: Revenue Annual - Users | C30: - | D30: - | E30: - | F30: - | G30: - | H30: - | I30: - | J30: - | K30: - | L30: - | M30: - | N30: - | O30: - | P30: 100 | Q30: 99 | R30: 98 | S30: 96 | T30: 195 | U30: 193 | V30: 290 | W30: 287 | X30: 283 | Y30: 221 | Z30: 297 | AA30: 293 | AB30: 290 | AC30: 365 | AD30: 439 | AE30: 434 | AF30: 508 | AG30: 545 | AH30: 623 | AI30: 701 | AJ30: 779 | AK30: 900 | AL30: 981 | AM30: 1063 | AN30: 1145 | AO30: 1226 | AP30: 1391 | AQ30: 1471 | AR30: 1636 | AS30: 1799 | AT30: 1963 | AU30: 2126 | AV30: 2289 | AW30: 2489 | AX30: 2661 | AY30: 2833 | AZ30: 2918 | BA30: 3090 | BB30: 3262 | BC30: 3433 | BD30: 3605 | BE30: 3776 | BF30: 3948 | BG30: 4120 | BH30: 4291 | BI30: 4650 | BJ30: 4829 | BK30: 4917 | BL30: 5097 | BM30: 5185 | BN30: 5365 | BO30: 5544 | BP30: 5723 | BQ30: 5901 | BR30: 6080 | BS30: 6259 | BT30: 6438
B31: Revenue From Team
B32: Revenue Monthly Users | C32: - | D32: - | E32: - | F32: - | G32: - | H32: - | I32: - | J32: - | K32: - | L32: - | M32: 330 | N32: 326 | O32: 322 | P32: 318 | Q32: 314 | R32: 641 | S32: 633 | T32: 625 | U32: 618 | V32: 940 | W32: 1259 | X32: 1244 | Y32: 2261 | Z32: 3204 | AA32: 4378 | AB32: 5780 | AC32: 7409 | AD32: 9260 | AE32: 11332 | AF32: 13621 | AG32: 16368 | AH32: 19567 | AI32: 23212 | AJ32: 27299 | AK32: 33923 | AL32: 40391 | AM32: 48310 | AN32: 57917 | AO32: 69445 | AP32: 83382 | AQ32: 100207 | AR32: 120650 | AS32: 145432 | AT32: 175518 | AU32: 211865 | AV32: 255924 | AW32: 301785 | AX32: 349542 | AY32: 399295 | AZ32: 451148 | BA32: 505211 | BB32: 561600 | BC32: 620434 | BD32: 681840 | BE32: 745953 | BF32: 812911 | BG32: 882861 | BH32: 955956 | BI32: 1031523 | BJ32: 1109663 | BK32: 1190487 | BL32: 1274107 | BM32: 1360640 | BN32: 1450206 | BO32: 1542934 | BP32: 1638955 | BQ32: 1738404 | BR32: 1841425 | BS32: 1948165 | BT32: 2058778
B33: Revenue Annual - Users | C33: - | D33: - | E33: - | F33: - | G33: - | H33: - | I33: - | J33: - | K33: - | L33: - | M33: - | N33: - | O33: - | P33: - | Q33: - | R33: - | S33: - | T33: - | U33: - | V33: - | W33: - | X33: - | Y33: 333 | Z33: 329 | AA33: 412 | AB33: 494 | AC33: 576 | AD33: 658 | AE33: 740 | AF33: 823 | AG33: 988 | AH33: 1152 | AI33: 1317 | AJ33: 1481 | AK33: 1902 | AL33: 2335 | AM33: 2853 | AN33: 3458 | AO33: 4149 | AP33: 5014 | AQ33: 6052 | AR33: 7349 | AS33: 8905 | AT33: 10807 | AU33: 13054 | AV33: 15821 | AW33: 16587 | AX33: 17417 | AY33: 18288 | AZ33: 19202 | BA33: 20162 | BB33: 21170 | BC33: 22229 | BD33: 23340 | BE33: 24507 | BF33: 25732 | BG33: 27019 | BH33: 28370 | BI33: 29501 | BJ33: 30682 | BK33: 31909 | BL33: 33185 | BM33: 34513 | BN33: 35893 | BO33: 37329 | BP33: 38822 | BQ33: 40375 | BR33: 41990 | BS33: 43669 | BT33: 45416
B34: Revenue From Enterprise
B35: Small Enterprise Subscription | C35: - | D35: - | E35: - | F35: - | G35: - | H35: - | I35: - | J35: - | K35: - | L35: - | M35: - | N35: - | O35: - | P35: - | Q35: - | R35: - | S35: - | T35: - | U35: - | V35: - | W35: - | X35: - | Y35: - | Z35: - | AA35: - | AB35: - | AC35: - | AD35: - | AE35: 6000 | AF35: 6000 | AG35: 12000 | AH35: 24000 | AI35: 30000 | AJ35: 36000 | AK35: 48000 | AL35: 72000 | AM35: 108000 | AN35: 156000 | AO35: 216000 | AP35: 288000 | AQ35: 348000 | AR35: 420000 | AS35: 510000 | AT35: 618000 | AU35: 750000 | AV35: 906000 | AW35: 918000 | AX35: 930000 | AY35: 948000 | AZ35: 966000 | BA35: 990000 | BB35: 1014000 | BC35: 1038000 | BD35: 1062000 | BE35: 1092000 | BF35: 1128000 | BG35: 1158000 | BH35: 1194000 | BI35: 1236000 | BJ35: 1278000 | BK35: 1320000 | BL35: 1368000 | BM35: 1422000 | BN35: 1482000 | BO35: 1542000 | BP35: 1602000 | BQ35: 1668000 | BR35: 1734000 | BS35: 1806000 | BT35: 1884000
B36: True Enterprise Subscription | C36: - | D36: - | E36: - | F36: - | G36: - | H36: - | I36: - | J36: - | K36: - | L36: - | M36: - | N36: - | O36: - | P36: - | Q36: - | R36: - | S36: - | T36: - | U36: - | V36: - | W36: - | X36: - | Y36: - | Z36: - | AA36: - | AB36: - | AC36: - | AD36: - | AE36: - | AF36: - | AG36: - | AH36: 9000 | AI36: 9000 | AJ36: 18000 | AK36: 27000 | AL36: 45000 | AM36: 72000 | AN36: 108000 | AO36: 153000 | AP36: 198000 | AQ36: 243000 | AR36: 288000 | AS36: 342000 | AT36: 405000 | AU36: 486000 | AV36: 594000 | AW36: 603000 | AX36: 612000 | AY36: 621000 | AZ36: 630000 | BA36: 639000 | BB36: 657000 | BC36: 675000 | BD36: 693000 | BE36: 711000 | BF36: 729000 | BG36: 756000 | BH36: 783000 | BI36: 810000 | BJ36: 837000 | BK36: 864000 | BL36: 891000 | BM36: 927000 | BN36: 963000 | BO36: 999000 | BP36: 1044000 | BQ36: 1080000 | BR36: 1125000 | BS36: 1170000 | BT36: 1224000
B37: Revenue from TSE | C37: - | D37: - | E37: - | F37: - | G37: - | H37: - | I37: - | J37: - | K37: - | L37: - | M37: - | N37: - | O37: - | P37: - | Q37: - | R37: - | S37: - | T37: - | U37: - | V37: - | W37: 65220 | X37: - | Y37: - | Z37: - | AA37: 35150 | AB37: - | AC37: - | AD37: - | AE37: - | AF37: - | AG37: - | AH37: - | AI37: 54290 | AJ37: 54290 | AK37: 97790 | AL37: 20830 | AM37: 27530 | AN37: 41700 | AO37: 8300 | AP37: 45800 | AQ37: 8300 | AR37: 8300 | AS37: 45800 | AT37: 8300 | AU37: 8300 | AV37: 45800 | AW37: 8300 | AX37: 45800 | AY37: 8300 | AZ37: 45800 | BA37: 8300 | BB37: 45800 | BC37: 8300 | BD37: 45800 | BE37: 8300 | BF37: 8300 | BG37: 8300 | BH37: 8300 | BI37: 8300 | BJ37: 8300 | BK37: 8300 | BL37: 8300 | BM37: 8300 | BN37: 8300 | BO37: 8300 | BP37: 8300 | BQ37: 8300 | BR37: 8300 | BS37: 8300 | BT37: 8300
B38: Revenue from GCP Enterprise Marketplace | C38: - | D38: - | E38: - | F38: - | G38: - | H38: - | I38: - | J38: - | K38: - | L38: - | M38: - | N38: - | O38: - | P38: - | Q38: - | R38: - | S38: - | T38: - | U38: - | V38: - | W38: - | X38: - | Y38: - | Z38: - | AA38: - | AB38: - | AC38: - | AD38: - | AE38: - | AF38: - | AG38: - | AH38: - | AI38: - | AJ38: - | AK38: - | AL38: 600000 | AM38: 600000 | AN38: 750000 | AO38: 900000 | AP38: 1050000 | AQ38: 1200000 | AR38: 1350000 | AS38: 1350000 | AT38: 1650000 | AU38: 2100000 | AV38: 2550000 | AW38: 600000 | AX38: 600000 | AY38: 1200000 | AZ38: 1200000 | BA38: 1350000 | BB38: 1650000 | BC38: 1800000 | BD38: 1950000 | BE38: 2100000 | BF38: 2100000 | BG38: 2550000 | BH38: 3000000 | BI38: 4095000 | BJ38: 2205000 | BK38: 2205000 | BL38: 2362500 | BM38: 2362500 | BN38: 2520000 | BO38: 2835000 | BP38: 2992500 | BQ38: 2992500 | BR38: 3150000 | BS38: 3307500 | BT38: 3622500
B41: Total Revenue | C41: - | D41: - | E41: - | F41: - | G41: - | H41: - | I41: - | J41: - | K41: - | L41: - | M41: 430 | N41: 425 | O41: 421 | P41: 517 | Q41: 612 | R41: 936 | S41: 1027 | T41: 1216 | U41: 1305 | V41: 1924 | W41: 67457 | X41: 2218 | Y41: 3644 | Z41: 4658 | AA41: 41167 | AB41: 7602 | AC41: 9491 | AD41: 11708 | AE41: 19959 | AF41: 22612 | AG41: 31664 | AH41: 56314 | AI41: 120699 | AJ41: 140236 | AK41: 212238 | AL41: 784589 | AM41: 863024 | AN41: 1121815 | AO41: 1356043 | AP41: 1675835 | AQ41: 1911715 | AR41: 2200945 | AS41: 2409493 | AT41: 2875579 | AU41: 3577882 | AV41: 4377026 | AW41: 2458050 | AX41: 2565652 | AY41: 3206405 | AZ41: 3324215 | BA41: 3525368 | BB41: 3962893 | BC41: 4177914 | BD41: 4470677 | BE41: 4697199 | BF41: 4820125 | BG41: 5399105 | BH41: 5987410 | BI41: 7229383 | BJ41: 5488364 | BK41: 5639979 | BL41: 5957911 | BM41: 6136337 | BN41: 6481562 | BO41: 6987378 | BP41: 7348047 | BQ41: 7551826 | BR41: 7925614 | BS41: 8309310 | BT41: 8869443
C45: 45739 | D45: 45770 | E45: 45800 | F45: 45831 | G45: 45861 | H45: 45892 | I45: 45923 | J45: 45953 | K45: 45984 | L45: 46014 | M45: 45681 | N45: 45712 | O45: 45740 | P45: 45771 | Q45: 45801 | R45: 45832 | S45: 45862 | T45: 45893 | U45: 45924 | V45: 45954 | W45: 45985 | X45: 46015 | Y45: 45682 | Z45: 45713 | AA45: 45741 | AB45: 45772 | AC45: 45802 | AD45: 45833 | AE45: 45863 | AF45: 45894 | AG45: 45925 | AH45: 45955 | AI45: 45986 | AJ45: 46016 | AK45: 45683 | AL45: 45714 | AM45: 45742 | AN45: 45773 | AO45: 45803 | AP45: 45834 | AQ45: 45864 | AR45: 45895 | AS45: 45926 | AT45: 45956 | AU45: 45987 | AV45: 46017 | AW45: 45684 | AX45: 45715 | AY45: 45743 | AZ45: 45774 | BA45: 45804 | BB45: 45835 | BC45: 45865 | BD45: 45896 | BE45: 45927 | BF45: 45957 | BG45: 45988 | BH45: 46018 | BI45: 45685 | BJ45: 45716 | BK45: 45744 | BL45: 45775 | BM45: 45805 | BN45: 45836 | BO45: 45866 | BP45: 45897 | BQ45: 45928 | BR45: 45958 | BS45: 45989 | BT45: 46019
B46: Subscriptions from Professional | C46: - | D46: - | E46: - | F46: - | G46: - | H46: - | I46: - | J46: - | K46: - | L46: - | M46: 1 | N46: 1 | O46: 1 | P46: 2 | Q46: 3 | R46: 3 | S46: 4 | T46: 6 | U46: 7 | V46: 10 | W46: 10 | X46: 10 | Y46: 11 | Z46: 12 | AA46: 13 | AB46: 14 | AC46: 16 | AD46: 18 | AE46: 19 | AF46: 22 | AG46: 24 | AH46: 27 | AI46: 30 | AJ46: 33 | AK46: 36 | AL46: 40 | AM46: 43 | AN46: 46 | AO46: 50 | AP46: 55 | AQ46: 60 | AR46: 65 | AS46: 72 | AT46: 78 | AU46: 85 | AV46: 93 | AW46: 97 | AX46: 102 | AY46: 108 | AZ46: 113 | BA46: 119 | BB46: 125 | BC46: 131 | BD46: 137 | BE46: 144 | BF46: 151 | BG46: 158 | BH46: 166 | BI46: 170 | BJ46: 176 | BK46: 180 | BL46: 185 | BM46: 190 | BN46: 197 | BO46: 203 | BP46: 209 | BQ46: 216 | BR46: 222 | BS46: 229 | BT46: 235
B47: Subscriptions Monthly Users | C47: - | D47: - | E47: - | F47: - | G47: - | H47: - | I47: - | J47: - | K47: - | L47: - | M47: 1 | N47: 1 | O47: 1 | P47: 1 | Q47: 2 | R47: 2 | S47: 3 | T47: 4 | U47: 5 | V47: 7 | W47: 7 | X47: 7 | Y47: 8 | Z47: 8 | AA47: 9 | AB47: 10 | AC47: 11 | AD47: 13 | AE47: 14 | AF47: 16 | AG47: 17 | AH47: 19 | AI47: 21 | AJ47: 23 | AK47: 25 | AL47: 28 | AM47: 30 | AN47: 33 | AO47: 36 | AP47: 39 | AQ47: 43 | AR47: 45 | AS47: 50 | AT47: 54 | AU47: 59 | AV47: 65 | AW47: 68 | AX47: 71 | AY47: 75 | AZ47: 79 | BA47: 83 | BB47: 87 | BC47: 91 | BD47: 96 | BE47: 101 | BF47: 106 | BG47: 111 | BH47: 117 | BI47: 119 | BJ47: 123 | BK47: 127 | BL47: 129 | BM47: 133 | BN47: 138 | BO47: 142 | BP47: 146 | BQ47: 151 | BR47: 155 | BS47: 160 | BT47: 165
B48: Subscriptions - Users | C48: - | D48: - | E48: - | F48: - | G48: - | H48: - | I48: - | J48: - | K48: - | L48: - | M48: - | N48: - | O48: - | P48: 1 | Q48: 1 | R48: 1 | S48: 1 | T48: 2 | U48: 2 | V48: 3 | W48: 3 | X48: 3 | Y48: 3 | Z48: 4 | AA48: 4 | AB48: 4 | AC48: 5 | AD48: 6 | AE48: 6 | AF48: 6 | AG48: 7 | AH48: 8 | AI48: 9 | AJ48: 10 | AK48: 11 | AL48: 12 | AM48: 13 | AN48: 14 | AO48: 15 | AP48: 17 | AQ48: 18 | AR48: 20 | AS48: 22 | AT48: 24 | AU48: 26 | AV48: 28 | AW48: 29 | AX48: 31 | AY48: 33 | AZ48: 34 | BA48: 36 | BB48: 38 | BC48: 40 | BD48: 42 | BE48: 44 | BF48: 45 | BG48: 47 | BH48: 49 | BI48: 51 | BJ48: 53 | BK48: 54 | BL48: 56 | BM48: 57 | BN48: 59 | BO48: 61 | BP48: 63 | BQ48: 65 | BR48: 67 | BS48: 69 | BT48: 71
B49: Subscriptions From Team | C49: - | D49: - | E49: - | F49: - | G49: - | H49: - | I49: - | J49: - | K49: - | L49: - | M49: 1 | N49: 1 | O49: 1 | P49: 2 | Q49: 2 | R49: 2 | S49: 2 | T49: 2 | U49: 2 | V49: 3 | W49: 4 | X49: 4 | Y49: 4 | Z49: 4 | AA49: 5 | AB49: 6 | AC49: 7 | AD49: 8 | AE49: 9 | AF49: 10 | AG49: 12 | AH49: 14 | AI49: 16 | AJ49: 18 | AK49: 22 | AL49: 27 | AM49: 33 | AN49: 40 | AO49: 48 | AP49: 58 | AQ49: 70 | AR49: 85 | AS49: 103 | AT49: 125 | AU49: 151 | AV49: 183 | AW49: 192 | AX49: 202 | AY49: 212 | AZ49: 222 | BA49: 234 | BB49: 245 | BC49: 257 | BD49: 270 | BE49: 284 | BF49: 298 | BG49: 313 | BH49: 329 | BI49: 342 | BJ49: 355 | BK49: 370 | BL49: 384 | BM49: 400 | BN49: 416 | BO49: 432 | BP49: 450 | BQ49: 468 | BR49: 486 | BS49: 506 | BT49: 526
B50: Subscriptions Monthly Users | C50: - | D50: - | E50: - | F50: - | G50: - | H50: - | I50: - | J50: - | K50: - | L50: - | M50: 1 | N50: 1 | O50: 1 | P50: 1 | Q50: 1 | R50: 1 | S50: 1 | T50: 1 | U50: 1 | V50: 2 | W50: 3 | X50: 3 | Y50: 3 | Z50: 3 | AA50: 4 | AB50: 4 | AC50: 5 | AD50: 6 | AE50: 6 | AF50: 7 | AG50: 8 | AH50: 10 | AI50: 11 | AJ50: 13 | AK50: 15 | AL50: 19 | AM50: 23 | AN50: 28 | AO50: 34 | AP50: 41 | AQ50: 49 | AR50: 60 | AS50: 72 | AT50: 88 | AU50: 106 | AV50: 128 | AW50: 135 | AX50: 141 | AY50: 148 | AZ50: 156 | BA50: 163 | BB50: 172 | BC50: 180 | BD50: 189 | BE50: 199 | BF50: 209 | BG50: 219 | BH50: 230 | BI50: 239 | BJ50: 249 | BK50: 259 | BL50: 269 | BM50: 280 | BN50: 291 | BO50: 303 | BP50: 315 | BQ50: 327 | BR50: 341 | BS50: 354 | BT50: 368
B51: Subscriptions Annual - Users | C51: - | D51: - | E51: - | F51: - | G51: - | H51: - | I51: - | J51: - | K51: - | L51: - | M51: - | N51: - | O51: - | P51: 1 | Q51: 1 | R51: 1 | S51: 1 | T51: 1 | U51: 1 | V51: 1 | W51: 1 | X51: 1 | Y51: 1 | Z51: 1 | AA51: 2 | AB51: 2 | AC51: 2 | AD51: 2 | AE51: 3 | AF51: 3 | AG51: 4 | AH51: 4 | AI51: 5 | AJ51: 5 | AK51: 7 | AL51: 8 | AM51: 10 | AN51: 12 | AO51: 14 | AP51: 17 | AQ51: 21 | AR51: 26 | AS51: 31 | AT51: 38 | AU51: 45 | AV51: 55 | AW51: 58 | AX51: 61 | AY51: 64 | AZ51: 67 | BA51: 70 | BB51: 74 | BC51: 77 | BD51: 81 | BE51: 85 | BF51: 89 | BG51: 94 | BH51: 99 | BI51: 103 | BJ51: 107 | BK51: 111 | BL51: 115 | BM51: 120 | BN51: 125 | BO51: 130 | BP51: 135 | BQ51: 140 | BR51: 146 | BS51: 152 | BT51: 158
B52: Subscriptions From Enterprise | C52: - | D52: - | E52: - | F52: - | G52: - | H52: - | I52: - | J52: - | K52: - | L52: - | M52: - | N52: - | O52: - | P52: - | Q52: - | R52: - | S52: - | T52: - | U52: - | V52: - | W52: - | X52: - | Y52: - | Z52: - | AA52: - | AB52: - | AC52: - | AD52: - | AE52: 1 | AF52: - | AG52: - | AH52: 3 | AI52: 1 | AJ52: 2 | AK52: 3 | AL52: 6 | AM52: 9 | AN52: 12 | AO52: 16 | AP52: 18 | AQ52: 16 | AR52: 19 | AS52: 23 | AT52: 28 | AU52: 34 | AV52: 42 | AW52: 12 | AX52: 12 | AY52: 13 | AZ52: 13 | BA52: 14 | BB52: 16 | BC52: 16 | BD52: 16 | BE52: 17 | BF52: 18 | BG52: 19 | BH52: 20 | BI52: 21 | BJ52: 22 | BK52: 23 | BL52: 24 | BM52: 26 | BN52: 27 | BO52: 28 | BP52: 29 | BQ52: 31 | BR52: 32 | BS52: 34 | BT52: 36
B53: Small Enterprise Subscription | C53: - | D53: - | E53: - | F53: - | G53: - | H53: - | I53: - | J53: - | K53: - | L53: - | M53: - | N53: - | O53: - | P53: - | Q53: - | R53: - | S53: - | T53: - | U53: - | V53: - | W53: - | X53: - | Y53: - | Z53: - | AA53: - | AB53: - | AC53: - | AD53: - | AE53: 1 | AF53: - | AG53: - | AH53: 2 | AI53: 1 | AJ53: 1 | AK53: 2 | AL53: 4 | AM53: 6 | AN53: 8 | AO53: 11 | AP53: 13 | AQ53: 11 | AR53: 13 | AS53: 16 | AT53: 20 | AU53: 24 | AV53: 29 | AW53: 8 | AX53: 8 | AY53: 9 | AZ53: 9 | BA53: 10 | BB53: 11 | BC53: 11 | BD53: 11 | BE53: 12 | BF53: 13 | BG53: 13 | BH53: 14 | BI53: 15 | BJ53: 15 | BK53: 16 | BL53: 17 | BM53: 18 | BN53: 19 | BO53: 20 | BP53: 20 | BQ53: 22 | BR53: 22 | BS53: 24 | BT53: 25
B54: True Enterprise Subscription | C54: - | D54: - | E54: - | F54: - | G54: - | H54: - | I54: - | J54: - | K54: - | L54: - | M54: - | N54: - | O54: - | P54: - | Q54: - | R54: - | S54: - | T54: - | U54: - | V54: - | W54: - | X54: - | Y54: - | Z54: - | AA54: - | AB54: - | AC54: - | AD54: - | AE54: - | AF54: - | AG54: - | AH54: 1 | AI54: - | AJ54: 1 | AK54: 1 | AL54: 2 | AM54: 3 | AN54: 4 | AO54: 5 | AP54: 5 | AQ54: 5 | AR54: 6 | AS54: 7 | AT54: 8 | AU54: 10 | AV54: 13 | AW54: 4 | AX54: 4 | AY54: 4 | AZ54: 4 | BA54: 4 | BB54: 5 | BC54: 5 | BD54: 5 | BE54: 5 | BF54: 5 | BG54: 6 | BH54: 6 | BI54: 6 | BJ54: 7 | BK54: 7 | BL54: 7 | BM54: 8 | BN54: 8 | BO54: 8 | BP54: 9 | BQ54: 9 | BR54: 10 | BS54: 10 | BT54: 11
B55: Subscriptions From TSE product | X55: 1
B56: Subscriptions From GCP Enterprise Marketplace | C56: - | D56: - | E56: - | F56: - | G56: - | H56: - | I56: - | J56: - | K56: - | L56: - | M56: - | N56: - | O56: - | P56: - | Q56: - | R56: - | S56: - | T56: - | U56: - | V56: - | W56: - | X56: - | Y56: - | Z56: - | AA56: - | AB56: - | AC56: - | AD56: - | AE56: - | AF56: - | AG56: - | AH56: - | AI56: - | AJ56: - | AK56: - | AL56: 4 | AM56: 8 | AN56: 13 | AO56: 19 | AP56: 26 | AQ56: 34 | AR56: 43 | AS56: 52 | AT56: 63 | AU56: 77 | AV56: 94 | AW56: 98 | AX56: 102 | AY56: 106 | AZ56: 110 | BA56: 114 | BB56: 119 | BC56: 124 | BD56: 129 | BE56: 134 | BF56: 139 | BG56: 145 | BH56: 151 | BI56: 160 | BJ56: 170 | BK56: 180 | BL56: 191 | BM56: 202 | BN56: 214 | BO56: 227 | BP56: 241 | BQ56: 255 | BR56: 270 | BS56: 286 | BT56: 303

Sheet Opex
B5: 45739 | C5: 45770 | D5: 45800 | E5: 45831 | F5: 45861 | G5: 45892 | H5: 45923 | I5: 45953 | J5: 45984 | K5: 46014 | L5: 45681 | M5: 45712 | N5: 45740 | O5: 45771 | P5: 45801 | Q5: 45832 | R5: 45862 | S5: 45893 | T5: 45924 | U5: 45954 | V5: 45985 | W5: 46015 | X5: 45682 | Y5: 45713 | Z5: 45741 | AA5: 45772 | AB5: 45802 | AC5: 45833 | AD5: 45863 | AE5: 45894 | AF5: 45925 | AG5: 45955 | AH5: 45986 | AI5: 46016 | AJ5: 45683 | AK5: 45714 | AL5: 45742 | AM5: 45773 | AN5: 45803 | AO5: 45834 | AP5: 45864 | AQ5: 45895 | AR5: 45926 | AS5: 45956 | AT5: 45987 | AU5: 46017 | AV5: 45684 | AW5: 45715 | AX5: 45743 | AY5: 45774 | AZ5: 45804 | BA5: 45835 | BB5: 45865 | BC5: 45896 | BD5: 45927 | BE5: 45957 | BF5: 45988 | BG5: 46018 | BH5: 45685 | BI5: 45716 | BJ5: 45744 | BK5: 45775 | BL5: 45805 | BM5: 45836 | BN5: 45866 | BO5: 45897 | BP5: 45928 | BQ5: 45958 | BR5: 45989 | BS5: 46019
A6: Operating Expenses Headcount
A8: Management Team:
A10: Headcount
A11: CEO | B11: - | C11: - | D11: - | E11: - | F11: - | G11: - | H11: - | I11: - | J11: - | K11: - | L11: - | M11: - | N11: - | O11: - | P11: - | Q11: - | R11: - | S11: - | T11: - | U11: - | V11: - | W11: - | X11: - | Y11: - | Z11: - | AA11: - | AB11: - | AC11: - | AD11: 1 | AE11: 1 | AF11: 1 | AG11: 1 | AH11: 1 | AI11: 1 | AJ11: 1 | AK11: 1 | AL11: 1 | AM11: 1 | AN11: 1 | AO11: 1 | AP11: 1 | AQ11: 1 | AR11: 1 | AS11: 1 | AT11: 1 | AU11: 1 | AV11: 1 | AW11: 1 | AX11: 1 | AY11: 1 | AZ11: 1 | BA11: 1 | BB11: 1 | BC11: 1 | BD11: 1 | BE11: 1 | BF11: 1 | BG11: 1 | BH11: 1 | BI11: 1 | BJ11: 1 | BK11: 1 | BL11: 1 | BM11: 1 | BN11: 1 | BO11: 1 | BP11: 1 | BQ11: 1 | BR11: 1 | BS11: 1
A12: CMO | B12: - | C12: - | D12: - | E12: - | F12: - | G12: - | H12: - | I12: - | J12: - | K12: - | L12: - | M12: - | N12: - | O12: - | P12: - | Q12: - | R12: - | S12: - | T12: - | U12: - | V12: - | W12: - | X12: - | Y12: - | Z12: - | AA12: - | AB12: - | AC12: - | AD12: 1 | AE12: 1 | AF12: 1 | AG12: 1 | AH12: 1 | AI12: 1 | AJ12: 1 | AK12: 1 | AL12: 1 | AM12: 1 | AN12: 1 | AO12: 1 | AP12: 1 | AQ12: 1 | AR12: 1 | AS12: 1 | AT12: 1 | AU12: 1 | AV12: 1 | AW12: 1 | AX12: 1 | AY12: 1 | AZ12: 1 | BA12: 1 | BB12: 1 | BC12: 1 | BD12: 1 | BE12: 1 | BF12: 1 | BG12: 1 | BH12: 1 | BI12: 1 | BJ12: 1 | BK12: 1 | BL12: 1 | BM12: 1 | BN12: 1 | BO12: 1 | BP12: 1 | BQ12: 1 | BR12: 1 | BS12: 1
A13: CTO | B13: - | C13: - | D13: - | E13: - | F13: - | G13: - | H13: - | I13: - | J13: - | K13: - | L13: - | M13: - | N13: - | O13: - | P13: - | Q13: - | R13: - | S13: - | T13: - | U13: - | V13: - | W13: - | X13: - | Y13: - | Z13: - | AA13: - | AB13: - | AC13: - | AD13: 1 | AE13: 1 | AF13: 1 | AG13: 1 | AH13: 1 | AI13: 1 | AJ13: 1 | AK13: 1 | AL13: 1 | AM13: 1 | AN13: 1 | AO13: 1 | AP13: 1 | AQ13: 1 | AR13: 1 | AS13: 1 | AT13: 1 | AU13: 1 | AV13: 1 | AW13: 1 | AX13: 1 | AY13: 1 | AZ13: 1 | BA13: 1 | BB13: 1 | BC13: 1 | BD13: 1 | BE13: 1 | BF13: 1 | BG13: 1 | BH13: 1 | BI13: 1 | BJ13: 1 | BK13: 1 | BL13: 1 | BM13: 1 | BN13: 1 | BO13: 1 | BP13: 1 | BQ13: 1 | BR13: 1 | BS13: 1
A14: Lead Machine language engineer | B14: 1 | C14: 1 | D14: 1 | E14: 1 | F14: 1 | G14: 1 | H14: 1 | I14: 1 | J14: 1 | K14: 1 | L14: 1 | M14: 1 | N14: 1 | O14: 1 | P14: 1 | Q14: 1 | R14: 1 | S14: 1 | T14: 1 | U14: 1 | V14: 1 | W14: 1 | X14: 1 | Y14: 1 | Z14: 1 | AA14: 1 | AB14: 1 | AC14: 1 | AD14: 1 | AE14: 1 | AF14: 1 | AG14: 1 | AH14: 1 | AI14: 1 | AJ14: 1 | AK14: 1 | AL14: 1 | AM14: 1 | AN14: 1 | AO14: 1 | AP14: 1 | AQ14: 1 | AR14: 1 | AS14: 1 | AT14: 1 | AU14: 1 | AV14: 1 | AW14: 1 | AX14: 1 | AY14: 1 | AZ14: 1 | BA14: 1 | BB14: 1 | BC14: 1 | BD14: 1 | BE14: 1 | BF14: 1 | BG14: 1 | BH14: 1 | BI14: 1 | BJ14: 1 | BK14: 1 | BL14: 1 | BM14: 1 | BN14: 1 | BO14: 1 | BP14: 1 | BQ14: 1 | BR14: 1 | BS14: 1
A15: Lead front end full stack developer | B15: 1 | C15: 1 | D15: 1 | E15: 1 | F15: 1 | G15: 1 | H15: 1 | I15: 1 | J15: 1 | K15: 1 | L15: 1 | M15: 1 | N15: 1 | O15: 1 | P15: 1 | Q15: 1 | R15: 1 | S15: 1 | T15: 1 | U15: 1 | V15: 1 | W15: 1 | X15: 1 | Y15: 1 | Z15: 1 | AA15: 1 | AB15: 1 | AC15: 1 | AD15: 1 | AE15: 1 | AF15: 1 | AG15: 1 | AH15: 1 | AI15: 1 | AJ15: 1 | AK15: 1 | AL15: 1 | AM15: 1 | AN15: 1 | AO15: 1 | AP15: 1 | AQ15: 1 | AR15: 1 | AS15: 1 | AT15: 1 | AU15: 1 | AV15: 1 | AW15: 1 | AX15: 1 | AY15: 1 | AZ15: 1 | BA15: 1 | BB15: 1 | BC15: 1 | BD15: 1 | BE15: 1 | BF15: 1 | BG15: 1 | BH15: 1 | BI15: 1 | BJ15: 1 | BK15: 1 | BL15: 1 | BM15: 1 | BN15: 1 | BO15: 1 | BP15: 1 | BQ15: 1 | BR15: 1 | BS15: 1
A16: Senior systems engineer | B16: 1 | C16: 1 | D16: 1 | E16: 1 | F16: 1 | G16: 1 | H16: 1 | I16: 1 | J16: 1 | K16: 1 | L16: 1 | M16: 1 | N16: 1 | O16: 1 | P16: 1 | Q16: 1 | R16: 1 | S16: 1 | T16: 1 | U16: 1 | V16: 1 | W16: 1 | X16: 1 | Y16: 1 | Z16: 1 | AA16: 1 | AB16: 1 | AC16: 1 | AD16: 1 | AE16: 1 | AF16: 1 | AG16: 1 | AH16: 1 | AI16: 1 | AJ16: 1 | AK16: 1 | AL16: 1 | AM16: 1 | AN16: 1 | AO16: 1 | AP16: 1 | AQ16: 1 | AR16: 1 | AS16: 1 | AT16: 1 | AU16: 1 | AV16: 1 | AW16: 1 | AX16: 1 | AY16: 1 | AZ16: 1 | BA16: 1 | BB16: 1 | BC16: 1 | BD16: 1 | BE16: 1 | BF16: 1 | BG16: 1 | BH16: 1 | BI16: 1 | BJ16: 1 | BK16: 1 | BL16: 1 | BM16: 1 | BN16: 1 | BO16: 1 | BP16: 1 | BQ16: 1 | BR16: 1 | BS16: 1
A17: Engineers X1 | B17: 1 | C17: 1 | D17: 1 | E17: 1 | F17: 1 | G17: 1 | H17: 1 | I17: 1 | J17: 1 | K17: 1 | L17: 1 | M17: 1 | N17: 1 | O17: 1 | P17: 1 | Q17: 1 | R17: 1 | S17: 1 | T17: 1 | U17: 1 | V17: 1 | W17: 1 | X17: 1 | Y17: 1 | Z17: 1 | AA17: 1 | AB17: 1 | AC17: 1 | AD17: - | AE17: - | AF17: - | AG17: - | AH17: - | AI17: - | AJ17: - | AK17: 1 | AL17: 1 | AM17: 1 | AN17: 1 | AO17: 1 | AP17: 1 | AQ17: 1 | AR17: 1 | AS17: 1 | AT17: 1 | AU17: 1 | AV17: 1 | AW17: 1 | AX17: 1 | AY17: 1 | AZ17: 1 | BA17: 1 | BB17: 1 | BC17: 1 | BD17: 1 | BE17: 1 | BF17: 1 | BG17: 1 | BH17: 1 | BI17: 1 | BJ17: 1 | BK17: 1 | BL17: 1 | BM17: 1 | BN17: 1 | BO17: 1 | BP17: 1 | BQ17: 1 | BR17: 1 | BS17: 1
A18: Engineers X2 | B18: 1 | C18: 1 | D18: 1 | E18: 1 | F18: 1 | G18: 1 | H18: 1 | I18: 1 | J18: 1 | K18: 1 | L18: 1 | M18: 1 | N18: 1 | O18: 1 | P18: 1 | Q18: 1 | R18: 1 | S18: 1 | T18: 1 | U18: 1 | V18: 1 | W18: 1 | X18: 1 | Y18: 1 | Z18: 1 | AA18: 1 | AB18: - | AC18: - | AD18: - | AE18: - | AF18: - | AG18: - | AH18: - | AI18: - | AJ18: - | AK18: - | AL18: - | AM18: - | AN18: - | AO18: 1 | AP18: 1 | AQ18: 1 | AR18: 1 | AS18: 1 | AT18: 1 | AU18: 1 | AV18: 1 | AW18: 1 | AX18: 1 | AY18: 1 | AZ18: 1 | BA18: 1 | BB18: 1 | BC18: 1 | BD18: 1 | BE18: 1 | BF18: 1 | BG18: 1 | BH18: 1 | BI18: 1 | BJ18: 1 | BK18: 1 | BL18: 1 | BM18: 1 | BN18: 1 | BO18: 1 | BP18: 1 | BQ18: 1 | BR18: 1 | BS18: 1
A19: Engineers X3 | B19: 1 | C19: 1 | D19: 1 | E19: 1 | F19: 1 | G19: 1 | H19: 1 | I19: 1 | J19: 1 | K19: 1 | L19: - | M19: - | N19: 1 | O19: 1 | P19: 1 | Q19: 1 | R19: 1 | S19: 1 | T19: 1 | U19: 1 | V19: 1 | W19: 1 | X19: 1 | Y19: 1 | Z19: 1 | AA19: 1 | AB19: - | AC19: - | AD19: - | AE19: - | AF19: - | AG19: - | AH19: - | AI19: - | AJ19: - | AK19: - | AL19: - | AM19: - | AN19: - | AO19: - | AP19: - | AQ19: - | AR19: - | AS19: - | AT19: - | AU19: - | AV19: - | AW19: - | AX19: - | AY19: - | AZ19: - | BA19: - | BB19: - | BC19: - | BD19: - | BE19: - | BF19: - | BG19: - | BH19: - | BI19: - | BJ19: - | BK19: - | BL19: - | BM19: - | BN19: - | BO19: - | BP19: - | BQ19: - | BR19: - | BS19: -
A20: Engineers X4 | B20: 1 | C20: 1 | D20: 1 | E20: 1 | F20: 1 | G20: 1 | H20: 1 | I20: 1 | J20: 1 | K20: 1 | L20: - | M20: - | N20: - | O20: 1 | P20: 1 | Q20: 1 | R20: 1 | S20: 1 | T20: 1 | U20: 1 | V20: 1 | W20: 1 | X20: 1 | Y20: - | Z20: - | AA20: - | AB20: - | AC20: - | AD20: - | AE20: - | AF20: - | AG20: - | AH20: - | AI20: - | AJ20: - | AK20: - | AL20: - | AM20: - | AN20: - | AO20: - | AP20: - | AQ20: - | AR20: - | AS20: - | AT20: - | AU20: - | AV20: - | AW20: - | AX20: - | AY20: - | AZ20: - | BA20: - | BB20: - | BC20: - | BD20: - | BE20: - | BF20: - | BG20: - | BH20: - | BI20: - | BJ20: - | BK20: - | BL20: - | BM20: - | BN20: - | BO20: - | BP20: - | BQ20: - | BR20: - | BS20: -
A21: Engineers X5 | B21: 1 | C21: 1 | D21: 1 | E21: 1 | F21: 1 | G21: 1 | H21: 1 | I21: 1 | J21: 1 | K21: 1 | L21: - | M21: - | N21: - | O21: - | P21: 1 | Q21: 1 | R21: 1 | S21: 1 | T21: 1 | U21: 1 | V21: 1 | W21: 1 | X21: 1 | Y21: - | Z21: - | AA21: - | AB21: - | AC21: - | AD21: - | AE21: - | AF21: - | AG21: - | AH21: - | AI21: - | AJ21: - | AK21: - | AL21: - | AM21: - | AN21: - | AO21: - | AP21: - | AQ21: - | AR21: - | AS21: - | AT21: - | AU21: - | AV21: - | AW21: - | AX21: - | AY21: - | AZ21: - | BA21: - | BB21: - | BC21: - | BD21: - | BE21: - | BF21: - | BG21: - | BH21: - | BI21: - | BJ21: - | BK21: - | BL21: - | BM21: - | BN21: - | BO21: - | BP21: - | BQ21: - | BR21: - | BS21: -
A22: Engineers X6 | B22: 1 | C22: 1 | D22: 1 | E22: 1 | F22: 1 | G22: 1 | H22: 1 | I22: 1 | J22: 1 | K22: 1 | L22: - | M22: - | N22: - | O22: - | P22: - | Q22: - | R22: - | S22: - | T22: - | U22: - | V22: 1 | W22: 1 | X22: 1 | Y22: - | Z22: - | AA22: - | AB22: - | AC22: - | AD22: - | AE22: - | AF22: - | AG22: - | AH22: - | AI22: - | AJ22: - | AK22: - | AL22: - | AM22: - | AN22: - | AO22: - | AP22: - | AQ22: - | AR22: - | AS22: - | AT22: - | AU22: - | AV22: - | AW22: - | AX22: - | AY22: - | AZ22: - | BA22: - | BB22: - | BC22: - | BD22: - | BE22: - | BF22: - | BG22: - | BH22: - | BI22: - | BJ22: - | BK22: - | BL22: - | BM22: - | BN22: - | BO22: - | BP22: - | BQ22: - | BR22: - | BS22: - | BT22: -
A23: Internal Marketing team X1 | B23: - | C23: - | D23: - | E23: - | F23: - | G23: - | H23: - | I23: - | J23: - | K23: - | L23: - | M23: - | N23: - | O23: - | P23: - | Q23: - | R23: - | S23: - | T23: - | U23: - | V23: - | W23: - | X23: - | Y23: - | Z23: - | AA23: - | AB23: - | AC23: - | AD23: - | AE23: - | AF23: - | AG23: - | AH23: - | AI23: - | AJ23: - | AK23: - | AL23: - | AM23: - | AN23: - | AO23: - | AP23: - | AQ23: - | AR23: - | AS23: - | AT23: - | AU23: - | AV23: - | AW23: - | AX23: - | AY23: - | AZ23: - | BA23: - | BB23: - | BC23: - | BD23: - | BE23: - | BF23: - | BG23: - | BH23: - | BI23: - | BJ23: - | BK23: - | BL23: - | BM23: - | BN23: - | BO23: - | BP23: - | BQ23: - | BR23: - | BS23: -
A24: Internal Marketing team X2 | B24: - | C24: - | D24: - | E24: - | F24: - | G24: - | H24: - | I24: - | J24: - | K24: - | L24: - | M24: - | N24: - | O24: - | P24: - | Q24: - | R24: - | S24: - | T24: - | U24: - | V24: - | W24: - | X24: - | Y24: - | Z24: - | AA24: - | AB24: - | AC24: - | AD24: - | AE24: - | AF24: - | AG24: - | AH24: - | AI24: - | AJ24: - | AK24: - | AL24: - | AM24: - | AN24: - | AO24: - | AP24: - | AQ24: - | AR24: - | AS24: - | AT24: - | AU24: - | AV24: - | AW24: - | AX24: - | AY24: - | AZ24: - | BA24: - | BB24: - | BC24: - | BD24: - | BE24: - | BF24: - | BG24: - | BH24: - | BI24: - | BJ24: - | BK24: - | BL24: - | BM24: - | BN24: - | BO24: - | BP24: - | BQ24: - | BR24: - | BS24: - | BT24: -
A25: Head of Growth Marketing | B25: - | C25: - | D25: - | E25: - | F25: - | G25: - | H25: - | I25: - | J25: - | K25: - | L25: - | M25: - | N25: - | O25: - | P25: - | Q25: - | R25: - | S25: - | T25: - | U25: - | V25: - | W25: - | X25: - | Y25: - | Z25: - | AA25: - | AB25: - | AC25: - | AD25: 1 | AE25: 1 | AF25: 1 | AG25: 1 | AH25: 1 | AI25: 1 | AJ25: 1 | AK25: 1 | AL25: 1 | AM25: 1 | AN25: 1 | AO25: 1 | AP25: 1 | AQ25: 1 | AR25: 1 | AS25: 1 | AT25: 1 | AU25: 1 | AV25: 1 | AW25: 1 | AX25: 1 | AY25: 1 | AZ25: 1 | BA25: 1 | BB25: 1 | BC25: 1 | BD25: 1 | BE25: 1 | BF25: 1 | BG25: 1 | BH25: 1 | BI25: 1 | BJ25: 1 | BK25: 1 | BL25: 1 | BM25: 1 | BN25: 1 | BO25: 1 | BP25: 1 | BQ25: 1 | BR25: 1 | BS25: 1
A26: Sales Team X1 | B26: - | C26: - | D26: - | E26: - | F26: - | G26: - | H26: - | I26: - | J26: - | K26: - | L26: - | M26: - | N26: - | O26: - | P26: - | Q26: - | R26: - | S26: - | T26: - | U26: - | V26: - | W26: - | X26: - | Y26: - | Z26: - | AA26: - | AB26: - | AC26: - | AD26: - | AE26: - | AF26: - | AG26: - | AH26: 1 | AI26: 1 | AJ26: 1 | AK26: 1 | AL26: 1 | AM26: 1 | AN26: 1 | AO26: 1 | AP26: 1 | AQ26: 1 | AR26: 1 | AS26: 1 | AT26: 1 | AU26: 1 | AV26: 1 | AW26: 1 | AX26: 1 | AY26: 1 | AZ26: 1 | BA26: 1 | BB26: 1 | BC26: 1 | BD26: 1 | BE26: 1 | BF26: 1 | BG26: 1 | BH26: 1 | BI26: 1 | BJ26: 1 | BK26: 1 | BL26: 1 | BM26: 1 | BN26: 1 | BO26: 1 | BP26: 1 | BQ26: 1 | BR26: 1 | BS26: 1
A27: Sales Team X2 | B27: - | C27: - | D27: - | E27: - | F27: - | G27: - | H27: - | I27: - | J27: - | K27: - | L27: - | M27: - | N27: - | O27: - | P27: - | Q27: - | R27: - | S27: - | T27: - | U27: - | V27: - | W27: - | X27: - | Y27: - | Z27: - | AA27: - | AB27: - | AC27: - | AD27: - | AE27: - | AF27: - | AG27: - | AH27: 1 | AI27: 1 | AJ27: 1 | AK27: 1 | AL27: 1 | AM27: 1 | AN27: 1 | AO27: 1 | AP27: 1 | AQ27: 1 | AR27: 1 | AS27: 1 | AT27: 1 | AU27: 1 | AV27: 1 | AW27: 1 | AX27: 1 | AY27: 1 | AZ27: 1 | BA27: 1 | BB27: 1 | BC27: 1 | BD27: 1 | BE27: 1 | BF27: 1 | BG27: 1 | BH27: 1 | BI27: 1 | BJ27: 1 | BK27: 1 | BL27: 1 | BM27: 1 | BN27: 1 | BO27: 1 | BP27: 1 | BQ27: 1 | BR27: 1 | BS27: 1
A28: Sales Team X3 | B28: - | C28: - | D28: - | E28: - | F28: - | G28: - | H28: - | I28: - | J28: - | K28: - | L28: - | M28: - | N28: - | O28: - | P28: - | Q28: - | R28: - | S28: - | T28: - | U28: - | V28: - | W28: - | X28: - | Y28: - | Z28: - | AA28: - | AB28: - | AC28: - | AD28: - | AE28: - | AF28: - | AG28: - | AH28: - | AI28: - | AJ28: - | AK28: 1 | AL28: 1 | AM28: 1 | AN28: 1 | AO28: 1 | AP28: 1 | AQ28: 1 | AR28: 1 | AS28: 1 | AT28: 1 | AU28: 1 | AV28: 1 | AW28: 1 | AX28: 1 | AY28: 1 | AZ28: 1 | BA28: 1 | BB28: 1 | BC28: 1 | BD28: 1 | BE28: 1 | BF28: 1 | BG28: 1 | BH28: 1 | BI28: 1 | BJ28: 1 | BK28: 1 | BL28: 1 | BM28: 1 | BN28: 1 | BO28: 1 | BP28: 1 | BQ28: 1 | BR28: 1 | BS28: 1
A29: Sales Team X4 | B29: - | C29: - | D29: - | E29: - | F29: - | G29: - | H29: - | I29: - | J29: - | K29: - | L29: - | M29: - | N29: - | O29: - | P29: - | Q29: - | R29: - | S29: - | T29: - | U29: - | V29: - | W29: - | X29: - | Y29: - | Z29: - | AA29: - | AB29: - | AC29: - | AD29: - | AE29: - | AF29: - | AG29: - | AH29: - | AI29: - | AJ29: - | AK29: - | AL29: - | AM29: - | AN29: - | AO29: 1 | AP29: 1 | AQ29: 1 | AR29: 1 | AS29: 1 | AT29: 1 | AU29: 1 | AV29: 1 | AW29: 1 | AX29: 1 | AY29: 1 | AZ29: 1 | BA29: 1 | BB29: 1 | BC29: 1 | BD29: 1 | BE29: 1 | BF29: 1 | BG29: 1 | BH29: 1 | BI29: 1 | BJ29: 1 | BK29: 1 | BL29: 1 | BM29: 1 | BN29: 1 | BO29: 1 | BP29: 1 | BQ29: 1 | BR29: 1 | BS29: 1
A30: Sales Team X5 | B30: - | C30: - | D30: - | E30: - | F30: - | G30: - | H30: - | I30: - | J30: - | K30: - | L30: - | M30: - | N30: - | O30: - | P30: - | Q30: - | R30: - | S30: - | T30: - | U30: - | V30: - | W30: - | X30: - | Y30: - | Z30: - | AA30: - | AB30: - | AC30: - | AD30: - | AE30: - | AF30: - | AG30: - | AH30: - | AI30: - | AJ30: - | AK30: - | AL30: - | AM30: - | AN30: - | AO30: - | AP30: 1 | AQ30: 1 | AR30: 1 | AS30: 1 | AT30: 1 | AU30: 1 | AV30: 1 | AW30: 1 | AX30: 1 | AY30: 1 | AZ30: 1 | BA30: 1 | BB30: 1 | BC30: 1 | BD30: 1 | BE30: 1 | BF30: 1 | BG30: 1 | BH30: 1 | BI30: 1 | BJ30: 1 | BK30: 1 | BL30: 1 | BM30: 1 | BN30: 1 | BO30: 1 | BP30: 1 | BQ30: 1 | BR30: 1 | BS30: 1
A31: Sales Team X6 | B31: - | C31: - | D31: - | E31: - | F31: - | G31: - | H31: - | I31: - | J31: - | K31: - | L31: - | M31: - | N31: - | O31: - | P31: - | Q31: - | R31: - | S31: - | T31: - | U31: - | V31: - | W31: - | X31: - | Y31: - | Z31: - | AA31: - | AB31: - | AC31: - | AD31: - | AE31: - | AF31: - | AG31: - | AH31: - | AI31: - | AJ31: - | AK31: - | AL31: - | AM31: - | AN31: - | AO31: - | AP31: - | AQ31: - | AR31: - | AS31: - | AT31: - | AU31: - | AV31: 1 | AW31: 1 | AX31: 1 | AY31: 1 | AZ31: 1 | BA31: 1 | BB31: 1 | BC31: 1 | BD31: 1 | BE31: 1 | BF31: 1 | BG31: 1 | BH31: 1 | BI31: 1 | BJ31: 1 | BK31: 1 | BL31: 1 | BM31: 1 | BN31: 1 | BO31: 1 | BP31: 1 | BQ31: 1 | BR31: 1 | BS31: 1
A32: Sales Team X7 | B32: - | C32: - | D32: - | E32: - | F32: - | G32: - | H32: - | I32: - | J32: - | K32: - | L32: - | M32: - | N32: - | O32: - | P32: - | Q32: - | R32: - | S32: - | T32: - | U32: - | V32: - | W32: - | X32: - | Y32: - | Z32: - | AA32: - | AB32: - | AC32: - | AD32: - | AE32: - | AF32: - | AG32: - | AH32: - | AI32: - | AJ32: - | AK32: - | AL32: - | AM32: - | AN32: - | AO32: - | AP32: - | AQ32: - | AR32: - | AS32: - | AT32: - | AU32: - | AV32: - | AW32: - | AX32: 1 | AY32: 1 | AZ32: 1 | BA32: 1 | BB32: 1 | BC32: 1 | BD32: 1 | BE32: 1 | BF32: 1 | BG32: 1 | BH32: 1 | BI32: 1 | BJ32: 1 | BK32: 1 | BL32: 1 | BM32: 1 | BN32: 1 | BO32: 1 | BP32: 1 | BQ32: 1 | BR32: 1 | BS32: 1
B35: 45739 | C35: 45770 | D35: 45800 | E35: 45831 | F35: 45861 | G35: 45892 | H35: 45923 | I35: 45953 | J35: 45984 | K35: 46014 | L35: 45681 | M35: 45712 | N35: 45740 | O35: 45771 | P35: 45801 | Q35: 45832 | R35: 45862 | S35: 45893 | T35: 45924 | U35: 45954 | V35: 45985 | W35: 46015 | X35: 45682 | Y35: 45713 | Z35: 45741 | AA35: 45772 | AB35: 45802 | AC35: 45833 | AD35: 45863 | AE35: 45894 | AF35: 45925 | AG35: 45955 | AH35: 45986 | AI35: 46016 | AJ35: 45683 | AK35: 45714 | AL35: 45742 | AM35: 45773 | AN35: 45803 | AO35: 45834 | AP35: 45864 | AQ35: 45895 | AR35: 45926 | AS35: 45956 | AT35: 45987 | AU35: 46017 | AV35: 45684 | AW35: 45715 | AX35: 45743 | AY35: 45774 | AZ35: 45804 | BA35: 45835 | BB35: 45865 | BC35: 45896 | BD35: 45927 | BE35: 45957 | BF35: 45988 | BG35: 46018 | BH35: 45685 | BI35: 45716 | BJ35: 45744 | BK35: 45775 | BL35: 45805 | BM35: 45836 | BN35: 45866 | BO35: 45897 | BP35: 45928 | BQ35: 45958 | BR35: 45989 | BS35: 46019
A36: Operating Expenses
A37: CEO | B37: - | C37: - | D37: - | E37: - | F37: - | G37: - | H37: - | I37: - | J37: - | K37: - | L37: - | M37: - | N37: - | O37: - | P37: - | Q37: - | R37: - | S37: - | T37: - | U37: - | V37: - | W37: - | X37: - | Y37: - | Z37: - | AA37: - | AB37: - | AC37: - | AD37: 5833 | AE37: 5833 | AF37: 5833 | AG37: 5833 | AH37: 5833 | AI37: 5833 | AJ37: 11500 | AK37: 11500 | AL37: 11500 | AM37: 11500 | AN37: 11500 | AO37: 11500 | AP37: 11500 | AQ37: 11500 | AR37: 11500 | AS37: 11500 | AT37: 11500 | AU37: 11500 | AV37: 13000 | AW37: 13000 | AX37: 13000 | AY37: 13000 | AZ37: 13000 | BA37: 13000 | BB37: 13000 | BC37: 13000 | BD37: 13000 | BE37: 13000 | BF37: 13000 | BG37: 13000 | BH37: 14500 | BI37: 14500 | BJ37: 14500 | BK37: 14500 | BL37: 14500 | BM37: 14500 | BN37: 14500 | BO37: 14500 | BP37: 14500 | BQ37: 14500 | BR37: 14500 | BS37: 14500
A38: CMO | B38: - | C38: - | D38: - | E38: - | F38: - | G38: - | H38: - | I38: - | J38: - | K38: - | L38: - | M38: - | N38: - | O38: - | P38: - | Q38: - | R38: - | S38: - | T38: - | U38: - | V38: - | W38: - | X38: - | Y38: - | Z38: - | AA38: - | AB38: - | AC38: - | AD38: 5833 | AE38: 5833 | AF38: 5833 | AG38: 5833 | AH38: 5833 | AI38: 5833 | AJ38: 5833 | AK38: 5833 | AL38: 5833 | AM38: 5833 | AN38: 5833 | AO38: 5833 | AP38: 8000 | AQ38: 8000 | AR38: 8000 | AS38: 8000 | AT38: 8000 | AU38: 8000 | AV38: 9200 | AW38: 9200 | AX38: 9200 | AY38: 9200 | AZ38: 9200 | BA38: 9200 | BB38: 9200 | BC38: 9200 | BD38: 9200 | BE38: 9200 | BF38: 9200 | BG38: 9200 | BH38: 10400 | BI38: 10400 | BJ38: 10400 | BK38: 10400 | BL38: 10400 | BM38: 10400 | BN38: 10400 | BO38: 10400 | BP38: 10400 | BQ38: 10400 | BR38: 10400 | BS38: 10400
A39: CTO | B39: - | C39: - | D39: - | E39: - | F39: - | G39: - | H39: - | I39: - | J39: - | K39: - | L39: - | M39: - | N39: - | O39: - | P39: - | Q39: - | R39: - | S39: - | T39: - | U39: - | V39: - | W39: - | X39: - | Y39: - | Z39: - | AA39: - | AB39: - | AC39: - | AD39: 5833 | AE39: 5833 | AF39: 5833 | AG39: 5833 | AH39: 5833 | AI39: 5833 | AJ39: 5833 | AK39: 5833 | AL39: 5833 | AM39: 5833 | AN39: 5833 | AO39: 5833 | AP39: 10140 | AQ39: 10140 | AR39: 10140 | AS39: 10140 | AT39: 10140 | AU39: 10140 | AV39: 11310 | AW39: 11310 | AX39: 11310 | AY39: 11310 | AZ39: 11310 | BA39: 11310 | BB39: 11310 | BC39: 11310 | BD39: 11310 | BE39: 11310 | BF39: 11310 | BG39: 11310 | BH39: 12480 | BI39: 12480 | BJ39: 12480 | BK39: 12480 | BL39: 12480 | BM39: 12480 | BN39: 12480 | BO39: 12480 | BP39: 12480 | BQ39: 12480 | BR39: 12480 | BS39: 12480
A40: Lead Machine language engineer | B40: 5250 | C40: 5250 | D40: 5250 | E40: 5250 | F40: 5250 | G40: 5250 | H40: 5250 | I40: 5250 | J40: 5250 | K40: 5250 | L40: 5250 | M40: 5250 | N40: 5250 | O40: 5250 | P40: 5250 | Q40: 5250 | R40: 5250 | S40: 5250 | T40: 5250 | U40: 5250 | V40: 5250 | W40: 5250 | X40: 5250 | Y40: 5250 | Z40: 5250 | AA40: 5250 | AB40: 5250 | AC40: 5250 | AD40: 5250 | AE40: 5250 | AF40: 5250 | AG40: 5250 | AH40: 5250 | AI40: 5250 | AJ40: 8750 | AK40: 8750 | AL40: 8750 | AM40: 8750 | AN40: 8750 | AO40: 8750 | AP40: 8750 | AQ40: 8750 | AR40: 8750 | AS40: 8750 | AT40: 8750 | AU40: 8750 | AV40: 10063 | AW40: 10063 | AX40: 10063 | AY40: 10063 | AZ40: 10063 | BA40: 10063 | BB40: 10063 | BC40: 10063 | BD40: 10063 | BE40: 10063 | BF40: 10063 | BG40: 10063 | BH40: 11375 | BI40: 11375 | BJ40: 11375 | BK40: 11375 | BL40: 11375 | BM40: 11375 | BN40: 11375 | BO40: 11375 | BP40: 11375 | BQ40: 11375 | BR40: 11375 | BS40: 11375
A41: Lead front end full stack developer | B41: 5250 | C41: 5250 | D41: 5250 | E41: 5250 | F41: 5250 | G41: 5250 | H41: 5250 | I41: 5250 | J41: 5250 | K41: 5250 | L41: 5250 | M41: 5250 | N41: 5250 | O41: 5250 | P41: 5250 | Q41: 5250 | R41: 5250 | S41: 5250 | T41: 5250 | U41: 5250 | V41: 5250 | W41: 5250 | X41: 5250 | Y41: 5250 | Z41: 5250 | AA41: 8750 | AB41: 8750 | AC41: 8750 | AD41: 8750 | AE41: 8750 | AF41: 8750 | AG41: 8750 | AH41: 8750 | AI41: 8750 | AJ41: 10063 | AK41: 10063 | AL41: 10063 | AM41: 10063 | AN41: 10063 | AO41: 10063 | AP41: 10063 | AQ41: 10063 | AR41: 10063 | AS41: 10063 | AT41: 10063 | AU41: 10063 | AV41: 11375 | AW41: 11375 | AX41: 11375 | AY41: 11375 | AZ41: 11375 | BA41: 11375 | BB41: 11375 | BC41: 11375 | BD41: 11375 | BE41: 11375 | BF41: 11375 | BG41: 11375 | BH41: 12688 | BI41: 12688 | BJ41: 12688 | BK41: 12688 | BL41: 12688 | BM41: 12688 | BN41: 12688 | BO41: 12688 | BP41: 12688 | BQ41: 12688 | BR41: 12688 | BS41: 12688
A42: Senior systems engineer | B42: 5250 | C42: 5250 | D42: 5250 | E42: 5250 | F42: 5250 | G42: 5250 | H42: 5250 | I42: 5250 | J42: 5250 | K42: 5250 | L42: 5250 | M42: 5250 | N42: 5250 | O42: 5250 | P42: 5250 | Q42: 5250 | R42: 5250 | S42: 5250 | T42: 5250 | U42: 5250 | V42: 5250 | W42: 5250 | X42: 5250 | Y42: 5250 | Z42: 5250 | AA42: 8750 | AB42: 8750 | AC42: 8750 | AD42: 8750 | AE42: 8750 | AF42: 8750 | AG42: 8750 | AH42: 8750 | AI42: 8750 | AJ42: 10063 | AK42: 10063 | AL42: 10063 | AM42: 10063 | AN42: 10063 | AO42: 10063 | AP42: 10063 | AQ42: 10063 | AR42: 10063 | AS42: 10063 | AT42: 10063 | AU42: 10063 | AV42: 11375 | AW42: 11375 | AX42: 11375 | AY42: 11375 | AZ42: 11375 | BA42: 11375 | BB42: 11375 | BC42: 11375 | BD42: 11375 | BE42: 11375 | BF42: 11375 | BG42: 11375 | BH42: 12688 | BI42: 12688 | BJ42: 12688 | BK42: 12688 | BL42: 12688 | BM42: 12688 | BN42: 12688 | BO42: 12688 | BP42: 12688 | BQ42: 12688 | BR42: 12688 | BS42: 12688
A43: Engineers X1 | B43: 4250 | C43: 4250 | D43: 4250 | E43: 4250 | F43: 4250 | G43: 4250 | H43: 4250 | I43: 4250 | J43: 4250 | K43: 4250 | L43: 4250 | M43: 4250 | N43: 4250 | O43: 4250 | P43: 4250 | Q43: 4250 | R43: 4250 | S43: 4250 | T43: 4250 | U43: 4250 | V43: 4250 | W43: 4250 | X43: 4250 | Y43: 4250 | Z43: 4250 | AA43: 7083 | AB43: 7083 | AC43: 7083 | AD43: - | AE43: - | AF43: - | AG43: - | AH43: - | AI43: - | AJ43: - | AK43: 8146 | AL43: 8146 | AM43: 8146 | AN43: 8146 | AO43: 8146 | AP43: 8146 | AQ43: 8146 | AR43: 8146 | AS43: 8146 | AT43: 8146 | AU43: 8146 | AV43: 9208 | AW43: 9208 | AX43: 9208 | AY43: 9208 | AZ43: 9208 | BA43: 9208 | BB43: 9208 | BC43: 9208 | BD43: 9208 | BE43: 9208 | BF43: 9208 | BG43: 9208 | BH43: 10271 | BI43: 10271 | BJ43: 10271 | BK43: 10271 | BL43: 10271 | BM43: 10271 | BN43: 10271 | BO43: 10271 | BP43: 10271 | BQ43: 10271 | BR43: 10271 | BS43: 10271
A44: Engineers X2 | B44: 4250 | C44: 4250 | D44: 4250 | E44: 4250 | F44: 4250 | G44: 4250 | H44: 4250 | I44: 4250 | J44: 4250 | K44: 4250 | L44: 4250 | M44: 4250 | N44: 4250 | O44: 4250 | P44: 4250 | Q44: 4250 | R44: 4250 | S44: 4250 | T44: 4250 | U44: 4250 | V44: 4250 | W44: 4250 | X44: 4250 | Y44: 4250 | Z44: 4250 | AA44: 7083 | AB44: - | AC44: - | AD44: - | AE44: - | AF44: - | AG44: - | AH44: - | AI44: - | AJ44: - | AK44: - | AL44: - | AM44: - | AN44: - | AO44: 8146 | AP44: 8146 | AQ44: 8146 | AR44: 8146 | AS44: 8146 | AT44: 8146 | AU44: 8146 | AV44: 9208 | AW44: 9208 | AX44: 9208 | AY44: 9208 | AZ44: 9208 | BA44: 9208 | BB44: 9208 | BC44: 9208 | BD44: 9208 | BE44: 9208 | BF44: 9208 | BG44: 9208 | BH44: 10271 | BI44: 10271 | BJ44: 10271 | BK44: 10271 | BL44: 10271 | BM44: 10271 | BN44: 10271 | BO44: 10271 | BP44: 10271 | BQ44: 10271 | BR44: 10271 | BS44: 10271
A45: Engineers X3 | B45: 4250 | C45: 4250 | D45: 4250 | E45: 4250 | F45: 4250 | G45: 4250 | H45: 4250 | I45: 4250 | J45: 4250 | K45: 4250 | L45: - | M45: - | N45: 4250 | O45: 4250 | P45: 4250 | Q45: 4250 | R45: 4250 | S45: 4250 | T45: 4250 | U45: 4250 | V45: 4250 | W45: 4250 | X45: 4250 | Y45: 4250 | Z45: 4250 | AA45: 7083 | AB45: - | AC45: - | AD45: - | AE45: - | AF45: - | AG45: - | AH45: - | AI45: - | AJ45: - | AK45: - | AL45: - | AM45: - | AN45: - | AO45: - | AP45: - | AQ45: - | AR45: - | AS45: - | AT45: - | AU45: - | AV45: - | AW45: - | AX45: - | AY45: - | AZ45: - | BA45: - | BB45: - | BC45: - | BD45: - | BE45: - | BF45: - | BG45: - | BH45: - | BI45: - | BJ45: - | BK45: - | BL45: - | BM45: - | BN45: - | BO45: - | BP45: - | BQ45: - | BR45: - | BS45: -
A46: Engineers X4 | B46: 4250 | C46: 4250 | D46: 4250 | E46: 4250 | F46: 4250 | G46: 4250 | H46: 4250 | I46: 4250 | J46: 4250 | K46: 4250 | L46: - | M46: - | N46: - | O46: 4250 | P46: 4250 | Q46: 4250 | R46: 4250 | S46: 4250 | T46: 4250 | U46: 4250 | V46: 4250 | W46: 4250 | X46: 8146 | Y46: - | Z46: - | AA46: - | AB46: - | AC46: - | AD46: - | AE46: - | AF46: - | AG46: - | AH46: - | AI46: - | AJ46: - | AK46: - | AL46: - | AM46: - | AN46: - | AO46: - | AP46: - | AQ46: - | AR46: - | AS46: - | AT46: - | AU46: - | AV46: - | AW46: - | AX46: - | AY46: - | AZ46: - | BA46: - | BB46: - | BC46: - | BD46: - | BE46: - | BF46: - | BG46: - | BH46: - | BI46: - | BJ46: - | BK46: - | BL46: - | BM46: - | BN46: - | BO46: - | BP46: - | BQ46: - | BR46: - | BS46: -
A47: Engineers X5 | B47: 4250 | C47: 4250 | D47: 4250 | E47: 4250 | F47: 4250 | G47: 4250 | H47: 4250 | I47: 4250 | J47: 4250 | K47: 4250 | L47: - | M47: - | N47: - | O47: - | P47: 4250 | Q47: 4250 | R47: 4250 | S47: 4250 | T47: 4250 | U47: 4250 | V47: 4250 | W47: 4250 | X47: 8146 | Y47: - | Z47: - | AA47: - | AB47: - | AC47: - | AD47: - | AE47: - | AF47: - | AG47: - | AH47: - | AI47: - | AJ47: - | AK47: - | AL47: - | AM47: - | AN47: - | AO47: - | AP47: - | AQ47: - | AR47: - | AS47: - | AT47: - | AU47: - | AV47: - | AW47: - | AX47: - | AY47: - | AZ47: - | BA47: - | BB47: - | BC47: - | BD47: - | BE47: - | BF47: - | BG47: - | BH47: - | BI47: - | BJ47: - | BK47: - | BL47: - | BM47: - | BN47: - | BO47: - | BP47: - | BQ47: - | BR47: - | BS47: -
A48: Engineers X6 | B48: 4250 | C48: 4250 | D48: 4250 | E48: 4250 | F48: 4250 | G48: 4250 | H48: 4250 | I48: 4250 | J48: 4250 | K48: 4250 | L48: - | M48: - | N48: - | O48: - | P48: - | Q48: - | R48: - | S48: - | T48: - | U48: - | V48: 4250 | W48: 4250 | X48: 8146 | Y48: - | Z48: - | AA48: - | AB48: - | AC48: - | AD48: - | AE48: - | AF48: - | AG48: - | AH48: - | AI48: - | AJ48: - | AK48: - | AL48: - | AM48: - | AN48: - | AO48: - | AP48: - | AQ48: - | AR48: - | AS48: - | AT48: - | AU48: - | AV48: - | AW48: - | AX48: - | AY48: - | AZ48: - | BA48: - | BB48: - | BC48: - | BD48: - | BE48: - | BF48: - | BG48: - | BH48: - | BI48: - | BJ48: - | BK48: - | BL48: - | BM48: - | BN48: - | BO48: - | BP48: - | BQ48: - | BR48: - | BS48: -
A49: Internal Marketing team X1 | B49: - | C49: - | D49: - | E49: - | F49: - | G49: - | H49: - | I49: - | J49: - | K49: - | L49: - | M49: - | N49: - | O49: - | P49: - | Q49: - | R49: - | S49: - | T49: - | U49: - | V49: - | W49: - | X49: - | Y49: - | Z49: - | AA49: - | AB49: - | AC49: - | AD49: - | AE49: - | AF49: - | AG49: - | AH49: - | AI49: - | AJ49: - | AK49: - | AL49: - | AM49: - | AN49: - | AO49: - | AP49: - | AQ49: - | AR49: - | AS49: - | AT49: - | AU49: - | AV49: - | AW49: - | AX49: - | AY49: - | AZ49: - | BA49: - | BB49: - | BC49: - | BD49: - | BE49: - | BF49: - | BG49: - | BH49: - | BI49: - | BJ49: - | BK49: - | BL49: - | BM49: - | BN49: - | BO49: - | BP49: - | BQ49: - | BR49: - | BS49: -
A50: Internal Marketing team X2 | B50: - | C50: - | D50: - | E50: - | F50: - | G50: - | H50: - | I50: - | J50: - | K50: - | L50: - | M50: - | N50: - | O50: - | P50: - | Q50: - | R50: - | S50: - | T50: - | U50: - | V50: - | W50: - | X50: - | Y50: - | Z50: - | AA50: - | AB50: - | AC50: - | AD50: - | AE50: - | AF50: - | AG50: - | AH50: - | AI50: - | AJ50: - | AK50: - | AL50: - | AM50: - | AN50: - | AO50: - | AP50: - | AQ50: - | AR50: - | AS50: - | AT50: - | AU50: - | AV50: - | AW50: - | AX50: - | AY50: - | AZ50: - | BA50: - | BB50: - | BC50: - | BD50: - | BE50: - | BF50: - | BG50: - | BH50: - | BI50: - | BJ50: - | BK50: - | BL50: - | BM50: - | BN50: - | BO50: - | BP50: - | BQ50: - | BR50: - | BS50: -
A51: Head of Growth Marketing | B51: - | C51: - | D51: - | E51: - | F51: - | G51: - | H51: - | I51: - | J51: - | K51: - | L51: - | M51: - | N51: - | O51: - | P51: - | Q51: - | R51: - | S51: - | T51: - | U51: - | V51: - | W51: - | X51: - | Y51: - | Z51: - | AA51: - | AB51: - | AC51: - | AD51: 6229 | AE51: 6229 | AF51: 6229 | AG51: 6229 | AH51: 6229 | AI51: 6229 | AJ51: 7042 | AK51: 7042 | AL51: 7042 | AM51: 7042 | AN51: 7042 | AO51: 7042 | AP51: 7042 | AQ51: 7042 | AR51: 7042 | AS51: 7042 | AT51: 7042 | AU51: 7042 | AV51: 7854 | AW51: 7854 | AX51: 7854 | AY51: 7854 | AZ51: 7854 | BA51: 7854 | BB51: 7854 | BC51: 7854 | BD51: 7854 | BE51: 7854 | BF51: 7854 | BG51: 7854 | BH51: 8667 | BI51: 8667 | BJ51: 8667 | BK51: 8667 | BL51: 8667 | BM51: 8667 | BN51: 8667 | BO51: 8667 | BP51: 8667 | BQ51: 8667 | BR51: 8667 | BS51: 8667
A52: Sales Team X1 | B52: - | C52: - | D52: - | E52: - | F52: - | G52: - | H52: - | I52: - | J52: - | K52: - | L52: - | M52: - | N52: - | O52: - | P52: - | Q52: - | R52: - | S52: - | T52: - | U52: - | V52: - | W52: - | X52: - | Y52: - | Z52: - | AA52: - | AB52: - | AC52: - | AD52: - | AE52: - | AF52: - | AG52: - | AH52: 6229 | AI52: 6229 | AJ52: 7042 | AK52: 7042 | AL52: 7042 | AM52: 7042 | AN52: 7042 | AO52: 7042 | AP52: 7042 | AQ52: 7042 | AR52: 7042 | AS52: 7042 | AT52: 7042 | AU52: 7042 | AV52: 7854 | AW52: 7854 | AX52: 7854 | AY52: 7854 | AZ52: 7854 | BA52: 7854 | BB52: 7854 | BC52: 7854 | BD52: 7854 | BE52: 7854 | BF52: 7854 | BG52: 7854 | BH52: 8667 | BI52: 8667 | BJ52: 8667 | BK52: 8667 | BL52: 8667 | BM52: 8667 | BN52: 8667 | BO52: 8667 | BP52: 8667 | BQ52: 8667 | BR52: 8667 | BS52: 8667
A53: Sales Team X2 | B53: - | C53: - | D53: - | E53: - | F53: - | G53: - | H53: - | I53: - | J53: - | K53: - | L53: - | M53: - | N53: - | O53: - | P53: - | Q53: - | R53: - | S53: - | T53: - | U53: - | V53: - | W53: - | X53: - | Y53: - | Z53: - | AA53: - | AB53: - | AC53: - | AD53: - | AE53: - | AF53: - | AG53: - | AH53: 6229 | AI53: 6229 | AJ53: 7042 | AK53: 7042 | AL53: 7042 | AM53: 7042 | AN53: 7042 | AO53: 7042 | AP53: 7042 | AQ53: 7042 | AR53: 7042 | AS53: 7042 | AT53: 7042 | AU53: 7042 | AV53: 7854 | AW53: 7854 | AX53: 7854 | AY53: 7854 | AZ53: 7854 | BA53: 7854 | BB53: 7854 | BC53: 7854 | BD53: 7854 | BE53: 7854 | BF53: 7854 | BG53: 7854 | BH53: 8667 | BI53: 8667 | BJ53: 8667 | BK53: 8667 | BL53: 8667 | BM53: 8667 | BN53: 8667 | BO53: 8667 | BP53: 8667 | BQ53: 8667 | BR53: 8667 | BS53: 8667
A54: Sales Team X3 | B54: - | C54: - | D54: - | E54: - | F54: - | G54: - | H54: - | I54: - | J54: - | K54: - | L54: - | M54: - | N54: - | O54: - | P54: - | Q54: - | R54: - | S54: - | T54: - | U54: - | V54: - | W54: - | X54: - | Y54: - | Z54: - | AA54: - | AB54: - | AC54: - | AD54: - | AE54: - | AF54: - | AG54: - | AH54: - | AI54: - | AJ54: - | AK54: 7042 | AL54: 7042 | AM54: 7042 | AN54: 7042 | AO54: 7042 | AP54: 7042 | AQ54: 7042 | AR54: 7042 | AS54: 7042 | AT54: 7042 | AU54: 7042 | AV54: 7854 | AW54: 7854 | AX54: 7854 | AY54: 7854 | AZ54: 7854 | BA54: 7854 | BB54: 7854 | BC54: 7854 | BD54: 7854 | BE54: 7854 | BF54: 7854 | BG54: 7854 | BH54: 8667 | BI54: 8667 | BJ54: 8667 | BK54: 8667 | BL54: 8667 | BM54: 8667 | BN54: 8667 | BO54: 8667 | BP54: 8667 | BQ54: 8667 | BR54: 8667 | BS54: 8667
A55: Sales Team X4 | B55: - | C55: - | D55: - | E55: - | F55: - | G55: - | H55: - | I55: - | J55: - | K55: - | L55: - | M55: - | N55: - | O55: - | P55: - | Q55: - | R55: - | S55: - | T55: - | U55: - | V55: - | W55: - | X55: - | Y55: - | Z55: - | AA55: - | AB55: - | AC55: - | AD55: - | AE55: - | AF55: - | AG55: - | AH55: - | AI55: - | AJ55: - | AK55: - | AL55: - | AM55: - | AN55: - | AO55: 7042 | AP55: 7042 | AQ55: 7042 | AR55: 7042 | AS55: 7042 | AT55: 7042 | AU55: 7042 | AV55: 7854 | AW55: 7854 | AX55: 7854 | AY55: 7854 | AZ55: 7854 | BA55: 7854 | BB55: 7854 | BC55: 7854 | BD55: 7854 | BE55: 7854 | BF55: 7854 | BG55: 7854 | BH55: 8667 | BI55: 8667 | BJ55: 8667 | BK55: 8667 | BL55: 8667 | BM55: 8667 | BN55: 8667 | BO55: 8667 | BP55: 8667 | BQ55: 8667 | BR55: 8667 | BS55: 8667
A56: Sales Team X5 | B56: - | C56: - | D56: - | E56: - | F56: - | G56: - | H56: - | I56: - | J56: - | K56: - | L56: - | M56: - | N56: - | O56: - | P56: - | Q56: - | R56: - | S56: - | T56: - | U56: - | V56: - | W56: - | X56: - | Y56: - | Z56: - | AA56: - | AB56: - | AC56: - | AD56: - | AE56: - | AF56: - | AG56: - | AH56: - | AI56: - | AJ56: - | AK56: - | AL56: - | AM56: - | AN56: - | AO56: - | AP56: 7042 | AQ56: 7042 | AR56: 7042 | AS56: 7042 | AT56: 7042 | AU56: 7042 | AV56: 7854 | AW56: 7854 | AX56: 7854 | AY56: 7854 | AZ56: 7854 | BA56: 7854 | BB56: 7854 | BC56: 7854 | BD56: 7854 | BE56: 7854 | BF56: 7854 | BG56: 7854 | BH56: 8667 | BI56: 8667 | BJ56: 8667 | BK56: 8667 | BL56: 8667 | BM56: 8667 | BN56: 8667 | BO56: 8667 | BP56: 8667 | BQ56: 8667 | BR56: 8667 | BS56: 8667
A57: Sales Team X6 | B57: - | C57: - | D57: - | E57: - | F57: - | G57: - | H57: - | I57: - | J57: - | K57: - | L57: - | M57: - | N57: - | O57: - | P57: - | Q57: - | R57: - | S57: - | T57: - | U57: - | V57: - | W57: - | X57: - | Y57: - | Z57: - | AA57: - | AB57: - | AC57: - | AD57: - | AE57: - | AF57: - | AG57: - | AH57: - | AI57: - | AJ57: - | AK57: - | AL57: - | AM57: - | AN57: - | AO57: - | AP57: - | AQ57: - | AR57: - | AS57: - | AT57: - | AU57: - | AV57: 7854 | AW57: 7854 | AX57: 7854 | AY57: 7854 | AZ57: 7854 | BA57: 7854 | BB57: 7854 | BC57: 7854 | BD57: 7854 | BE57: 7854 | BF57: 7854 | BG57: 7854 | BH57: 8667 | BI57: 8667 | BJ57: 8667 | BK57: 8667 | BL57: 8667 | BM57: 8667 | BN57: 8667 | BO57: 8667 | BP57: 8667 | BQ57: 8667 | BR57: 8667 | BS57: 8667
A58: Sales Team X7 | B58: - | C58: - | D58: - | E58: - | F58: - | G58: - | H58: - | I58: - | J58: - | K58: - | L58: - | M58: - | N58: - | O58: - | P58: - | Q58: - | R58: - | S58: - | T58: - | U58: - | V58: - | W58: - | X58: - | Y58: - | Z58: - | AA58: - | AB58: - | AC58: - | AD58: - | AE58: - | AF58: - | AG58: - | AH58: - | AI58: - | AJ58: - | AK58: - | AL58: - | AM58: - | AN58: - | AO58: - | AP58: - | AQ58: - | AR58: - | AS58: - | AT58: - | AU58: - | AV58: - | AW58: - | AX58: 7854 | AY58: 7854 | AZ58: 7854 | BA58: 7854 | BB58: 7854 | BC58: 7854 | BD58: 7854 | BE58: 7854 | BF58: 7854 | BG58: 7854 | BH58: 8667 | BI58: 8667 | BJ58: 8667 | BK58: 8667 | BL58: 8667 | BM58: 8667 | BN58: 8667 | BO58: 8667 | BP58: 8667 | BQ58: 8667 | BR58: 8667 | BS58: 8667
A60: Other Operating Expenses:
A61: Rent | B61: 3700 | C61: 3700 | D61: 3700 | E61: 3700 | F61: 3700 | G61: 3700 | H61: 3700 | I61: 3700 | J61: 3700 | K61: 3700 | L61: 3700 | M61: 3700 | N61: 3700 | O61: 3700 | P61: 3700 | Q61: 3700 | R61: 3700 | S61: 3700 | T61: 3700 | U61: 3700 | V61: 3700 | W61: 3700 | X61: 3885 | Y61: 3885 | Z61: 3885 | AA61: 3885 | AB61: 3885 | AC61: 4919 | AD61: 4919 | AE61: 4919 | AF61: 4919 | AG61: 4919 | AH61: 4919 | AI61: 4919 | AJ61: 5165 | AK61: 5165 | AL61: 5165 | AM61: 5165 | AN61: 5165 | AO61: 5165 | AP61: 5165 | AQ61: 5165 | AR61: 5165 | AS61: 5165 | AT61: 5165 | AU61: 5165 | AV61: 5423 | AW61: 5423 | AX61: 5423 | AY61: 5423 | AZ61: 5423 | BA61: 5423 | BB61: 5423 | BC61: 5423 | BD61: 5423 | BE61: 5423 | BF61: 5423 | BG61: 5423 | BH61: 5694 | BI61: 5694 | BJ61: 5694 | BK61: 5694 | BL61: 5694 | BM61: 5694 | BN61: 5694 | BO61: 5694 | BP61: 5694 | BQ61: 5694 | BR61: 5694 | BS61: 5694
A62: Utilities | K62: - | L62: - | M62: - | N62: - | O62: - | P62: - | Q62: - | R62: - | S62: - | T62: - | U62: - | V62: - | W62: - | X62: - | Y62: - | Z62: - | AA62: - | AB62: - | AC62: - | AD62: - | AE62: - | AF62: - | AG62: - | AH62: - | AI62: - | AJ62: - | AK62: - | AL62: - | AM62: - | AN62: - | AO62: - | AP62: - | AQ62: - | AR62: - | AS62: - | AT62: - | AU62: - | AV62: - | AW62: - | AX62: - | AY62: - | AZ62: - | BA62: - | BB62: - | BC62: - | BD62: - | BE62: - | BF62: - | BG62: - | BH62: - | BI62: - | BJ62: - | BK62: - | BL62: - | BM62: - | BN62: - | BO62: - | BP62: - | BQ62: - | BR62: - | BS62: -
A63: Professional services | L63: - | M63: - | N63: - | O63: - | P63: - | Q63: - | R63: - | S63: - | T63: - | U63: - | V63: - | W63: - | X63: - | Y63: - | Z63: - | AA63: - | AB63: - | AC63: - | AD63: - | AE63: - | AF63: - | AG63: - | AH63: - | AI63: - | AJ63: - | AK63: - | AL63: - | AM63: - | AN63: - | AO63: - | AP63: - | AQ63: - | AR63: - | AS63: - | AT63: - | AU63: - | AV63: - | AW63: - | AX63: - | AY63: - | AZ63: - | BA63: - | BB63: - | BC63: - | BD63: - | BE63: - | BF63: - | BG63: - | BH63: - | BI63: - | BJ63: - | BK63: - | BL63: - | BM63: - | BN63: - | BO63: - | BP63: - | BQ63: - | BR63: - | BS63: -
A64: Misc. Expenses | B64: 2000 | C64: 2000 | D64: 2000 | E64: 2000 | F64: 2000 | G64: 2000 | H64: 2000 | I64: 2000 | J64: 2000 | K64: 2000 | L64: 2000 | M64: 2000 | N64: 2000 | O64: 2000 | P64: 2000 | Q64: 2000 | R64: 2000 | S64: 2000 | T64: 2000 | U64: 2000 | V64: 2000 | W64: 2000 | X64: 2100 | Y64: 2100 | Z64: 2100 | AA64: 2100 | AB64: 2100 | AC64: 2100 | AD64: 2100 | AE64: 2100 | AF64: 2100 | AG64: 2100 | AH64: 2100 | AI64: 2100 | AJ64: 2205 | AK64: 2205 | AL64: 2205 | AM64: 2205 | AN64: 2205 | AO64: 2205 | AP64: 2205 | AQ64: 2205 | AR64: 2205 | AS64: 2205 | AT64: 2205 | AU64: 2205 | AV64: 2315 | AW64: 2315 | AX64: 2315 | AY64: 2315 | AZ64: 2315 | BA64: 2315 | BB64: 2315 | BC64: 2315 | BD64: 2315 | BE64: 2315 | BF64: 2315 | BG64: 2315 | BH64: 2431 | BI64: 2431 | BJ64: 2431 | BK64: 2431 | BL64: 2431 | BM64: 2431 | BN64: 2431 | BO64: 2431 | BP64: 2431 | BQ64: 2431 | BR64: 2431 | BS64: 2431
A66: Marketing & Advertising:
A67: Conferences (15% of total budget) | B67: - | C67: - | D67: - | E67: - | F67: - | G67: - | H67: - | I67: - | J67: - | K67: - | L67: - | M67: - | N67: - | O67: - | P67: - | Q67: - | R67: - | S67: - | T67: - | U67: - | V67: - | W67: - | X67: - | Y67: - | Z67: - | AA67: - | AB67: - | AC67: - | AD67: - | AE67: - | AF67: - | AG67: - | AH67: - | AI67: - | AJ67: - | AK67: - | AL67: - | AM67: - | AN67: - | AO67: - | AP67: - | AQ67: - | AR67: - | AS67: - | AT67: - | AU67: - | AV67: - | AW67: - | AX67: - | AY67: - | AZ67: - | BA67: - | BB67: - | BC67: - | BD67: - | BE67: - | BF67: - | BG67: - | BH67: - | BI67: - | BJ67: - | BK67: - | BL67: - | BM67: - | BN67: - | BO67: - | BP67: - | BQ67: - | BR67: - | BS67: -
A68: Advertising (60% of total budget) | B68: - | C68: - | D68: - | E68: - | F68: - | G68: - | H68: - | I68: - | J68: - | K68: - | L68: - | M68: - | N68: - | O68: - | P68: - | Q68: - | R68: - | S68: - | T68: - | U68: - | V68: - | W68: - | X68: - | Y68: - | Z68: - | AA68: - | AB68: - | AC68: - | AD68: - | AE68: - | AF68: - | AG68: - | AH68: - | AI68: - | AJ68: - | AK68: - | AL68: - | AM68: - | AN68: - | AO68: - | AP68: - | AQ68: - | AR68: - | AS68: - | AT68: - | AU68: - | AV68: - | AW68: - | AX68: - | AY68: - | AZ68: - | BA68: - | BB68: - | BC68: - | BD68: - | BE68: - | BF68: - | BG68: - | BH68: - | BI68: - | BJ68: - | BK68: - | BL68: - | BM68: - | BN68: - | BO68: - | BP68: - | BQ68: - | BR68: - | BS68: -
A69: Agency Fee (25% of total budget) | B69: - | C69: - | D69: - | E69: - | F69: - | G69: - | H69: - | I69: - | J69: - | K69: - | L69: - | M69: - | N69: - | O69: - | P69: - | Q69: - | R69: - | S69: - | T69: - | U69: - | V69: - | W69: - | X69: - | Y69: - | Z69: - | AA69: - | AB69: - | AC69: - | AD69: - | AE69: - | AF69: - | AG69: - | AH69: - | AI69: - | AJ69: - | AK69: - | AL69: - | AM69: - | AN69: - | AO69: - | AP69: - | AQ69: - | AR69: - | AS69: - | AT69: - | AU69: - | AV69: - | AW69: - | AX69: - | AY69: - | AZ69: - | BA69: - | BB69: - | BC69: - | BD69: - | BE69: - | BF69: - | BG69: - | BH69: - | BI69: - | BJ69: - | BK69: - | BL69: - | BM69: - | BN69: - | BO69: - | BP69: - | BQ69: - | BR69: - | BS69: -
A71: Total Operating Expenses | B71: 46950 | C71: 46950 | D71: 46950 | E71: 46950 | F71: 46950 | G71: 46950 | H71: 46950 | I71: 46950 | J71: 46950 | K71: 46950 | L71: 29950 | M71: 29950 | N71: 34200 | O71: 38450 | P71: 42700 | Q71: 42700 | R71: 42700 | S71: 42700 | T71: 42700 | U71: 42700 | V71: 46950 | W71: 46950 | X71: 58923 | Y71: 34485 | Z71: 34485 | AA71: 49985 | AB71: 35818 | AC71: 36852 | AD71: 53498 | AE71: 53498 | AF71: 53498 | AG71: 53498 | AH71: 65957 | AI71: 65957 | AJ71: 80537 | AK71: 95724 | AL71: 95724 | AM71: 95724 | AN71: 95724 | AO71: 110912 | AP71: 124427 | AQ71: 124427 | AR71: 124427 | AS71: 124427 | AT71: 124427 | AU71: 124427 | AV71: 147457 | AW71: 147457 | AX71: 155311 | AY71: 155311 | AZ71: 155311 | BA71: 155311 | BB71: 155311 | BC71: 155311 | BD71: 155311 | BE71: 155311 | BF71: 155311 | BG71: 155311 | BH71: 172130 | BI71: 172130 | BJ71: 172130 | BK71: 172130 | BL71: 172130 | BM71: 172130 | BN71: 172130 | BO71: 172130 | BP71: 172130 | BQ71: 172130 | BR71: 172130 | BS71: 172130
B79: - | C79: - | D79: - | E79: - | F79: - | G79: - | H79: - | J79: - | L79: - | M79: - | N79: - | O79: - | P79: - | Q79: - | R79: - | S79: - | T79: - | U79: - | V79: - | W79: - | X79: - | Y79: - | Z79: - | AA79: - | AB79: - | AC79: - | AD79: - | AE79: - | AF79: - | AG79: - | AH79: - | AI79: - | AJ79: - | AK79: - | AL79: - | AM79: - | AN79: - | AO79: - | AP79: - | AQ79: - | AR79: - | AS79: - | AT79: - | AU79: - | AV79: - | AW79: - | AX79: - | AY79: - | AZ79: - | BA79: - | BB79: - | BC79: - | BD79: - | BE79: - | BF79: - | BG79: - | BH79: - | BI79: - | BJ79: - | BK79: - | BL79: - | BM79: - | BN79: - | BO79: - | BP79: - | BQ79: - | BR79: - | BS79: -

Sheet P&L, BS, CF 2023
B3: 45739 | C3: 45770 | D3: 45800 | E3: 45831 | F3: 45861 | G3: 45892 | H3: 45923 | I3: 45953 | J3: 45984 | K3: 46014
A4: INCOME STATEMENT
A6: No. of Active Users | B6: - | C6: - | D6: - | E6: - | F6: - | G6: - | H6: - | I6: - | J6: - | K6: - | M6: *Completed/Actual
A8: Revenue | B8: - | C8: - | D8: - | E8: - | F8: - | G8: - | H8: - | I8: - | J8: - | K8: -
A10: Gross Revenue | B10: - | C10: - | D10: - | E10: - | F10: - | G10: - | H10: - | I10: - | J10: - | K10: -
A12: cost OF SALES
A14: Cloud Hosting | B14: - | C14: - | D14: - | E14: - | F14: - | G14: - | H14: - | I14: - | J14: - | K14: -
A15: Credit Card Fee | B15: - | C15: - | D15: - | E15: - | F15: - | G15: - | H15: - | I15: - | J15: - | K15: -
A16: Computing cost | B16: - | C16: - | D16: - | E16: - | F16: - | G16: - | H16: - | I16: - | J16: - | K16: -
A18: Total cost of Sales | B18: - | C18: - | D18: - | E18: - | F18: - | G18: - | H18: - | I18: - | J18: - | K18: -
A20: Gross Profit | B20: - | C20: - | D20: - | E20: - | F20: - | G20: - | H20: - | I20: - | J20: - | K20: -
M21: *Engineering team consists of negotiated fixed rate contractors
A22: Operating Expenses: | M22: **The company was formed in Aug 2023 however MVP work began in March
A23: Management Team:
A24: CEO | B24: - | C24: - | D24: - | E24: - | F24: - | G24: - | H24: - | I24: - | J24: - | K24: -
A25: CMO | B25: - | C25: - | D25: - | E25: - | F25: - | G25: - | H25: - | I25: - | J25: - | K25: -
A26: CTO | B26: - | C26: - | D26: - | E26: - | F26: - | G26: - | H26: - | I26: - | J26: - | K26: -
A27: Lead Machine language engineer | B27: - | C27: - | D27: - | E27: - | F27: 5250 | G27: 5250 | H27: 5250 | I27: 5250 | J27: 5250 | K27: 5250
A28: Lead front end full stack developer | B28: - | C28: - | D28: - | E28: - | F28: 5250 | G28: 5250 | H28: 5250 | I28: 5250 | J28: 5250 | K28: 5250
A29: Senior systems engineer | B29: 5250 | C29: 5250 | D29: 5250 | E29: 5250 | F29: 5250 | G29: 5250 | H29: 5250 | I29: 5250 | J29: 5250 | K29: 5250
A30: Engineers X1 | B30: - | C30: - | D30: - | E30: - | F30: 4250 | G30: 4250 | H30: 4250 | I30: 4250 | J30: 4250 | K30: 4250
A31: Engineers X2 | B31: - | C31: - | D31: - | E31: - | F31: 4250 | G31: 4250 | H31: 4250 | I31: 4250 | J31: 4250 | K31: 4250
A32: Engineers X3 | B32: - | C32: - | D32: - | E32: - | F32: 4250 | G32: 4250 | H32: 4250 | I32: 4250 | J32: 4250 | K32: 4250
A33: Engineers X4 | B33: - | C33: - | D33: - | E33: - | F33: - | G33: 4250 | H33: 4250 | I33: 4250 | J33: 4250 | K33: 4250
A34: Engineers X5 | B34: - | C34: - | D34: - | E34: - | F34: - | G34: - | H34: - | I34: - | J34: - | K34: -
A35: Engineers X6 | B35: - | C35: - | D35: - | E35: - | F35: - | G35: - | H35: - | I35: - | J35: - | K35: -
A36: Internal Marketing team X1 | B36: - | C36: - | D36: - | E36: - | F36: - | G36: - | H36: - | I36: - | J36: - | K36: -
A37: Internal Marketing team X2 | B37: - | C37: - | D37: - | E37: - | F37: - | G37: - | H37: - | I37: - | J37: - | K37: -
A38: Sales Team X1 | B38: - | C38: - | D38: - | E38: - | F38: - | G38: - | H38: - | I38: - | J38: - | K38: -
A39: Sales Team X2 | B39: - | C39: - | D39: - | E39: - | F39: - | G39: - | H39: - | I39: - | J39: - | K39: -
A40: Sales Team X3 | B40: - | C40: - | D40: - | E40: - | F40: - | G40: - | H40: - | I40: - | J40: - | K40: -
A41: Sales Team X4 | B41: - | C41: - | D41: - | E41: - | F41: - | G41: - | H41: - | I41: - | J41: - | K41: -
A42: Customer Support | B42: - | C42: - | D42: - | E42: - | F42: - | G42: - | H42: - | I42: - | J42: - | K42: -
A43: Customer Support | B43: - | C43: - | D43: - | E43: - | F43: - | G43: - | H43: - | I43: - | J43: - | K43: -
A44: Add Additional Employee | B44: - | C44: - | D44: - | E44: - | F44: - | G44: - | H44: - | I44: - | J44: - | K44: -
A45: Add Additional Employee | B45: - | C45: - | D45: - | E45: - | F45: - | G45: - | H45: - | I45: - | J45: - | K45: -
A47: Other Operating Expenses:
A48: Rent | B48: - | C48: - | D48: - | E48: - | F48: - | G48: 450 | H48: 450 | I48: 450 | J48: 450 | K48: 450
A49: Utilities | B49: - | C49: - | D49: - | E49: - | F49: - | G49: - | H49: - | I49: - | J49: - | K49: -
A50: Professional services | B50: - | C50: - | D50: - | E50: - | F50: - | G50: 3500 | H50: - | I50: - | J50: - | K50: -
A51: Misc. Expenses | B51: - | C51: - | D51: - | E51: - | F51: - | G51: 1322 | H51: 989 | I51: 765 | J51: 231 | K51: 225
A53: Marketing & Advertising:
A54: Conferences & Tradeshows | B54: - | C54: - | D54: - | E54: - | F54: - | G54: - | H54: - | I54: - | J54: - | K54: -
A55: Advertising (Digital Media) | B55: - | C55: - | D55: - | E55: - | F55: - | G55: - | H55: - | I55: - | J55: - | K55: -
A56: Advertising (Traditional/PR) | B56: - | C56: - | D56: - | E56: - | F56: - | G56: - | H56: - | I56: - | J56: - | K56: -
A58: Total operating Expenses | B58: 5250 | C58: 5250 | D58: 5250 | E58: 5250 | F58: 28500 | G58: 38022 | H58: 34189 | I58: 33965 | J58: 33431 | K58: 33425
A60: EBITDA | B60: -5250 | C60: -5250 | D60: -5250 | E60: -5250 | F60: -28500 | G60: -38022 | H60: -34189 | I60: -33965 | J60: -33431 | K60: -33425
A62: Depreciation/Amortization | B62: - | C62: - | D62: - | E62: - | F62: - | G62: - | H62: - | I62: - | J62: - | K62: -
A64: EBIT | B64: -5250 | C64: -5250 | D64: -5250 | E64: -5250 | F64: -28500 | G64: -38022 | H64: -34189 | I64: -33965 | J64: -33431 | K64: -33425
A66: Interest | B66: - | C66: - | D66: - | E66: - | F66: - | G66: - | H66: - | I66: - | J66: - | K66: -
A68: EBT | B68: -5250 | C68: -5250 | D68: -5250 | E68: -5250 | F68: -28500 | G68: -38022 | H68: -34189 | I68: -33965 | J68: -33431 | K68: -33425
A70: Income Tax | B70: - | C70: - | D70: - | E70: - | F70: - | G70: - | H70: - | I70: - | J70: - | K70: -
A72: Net Profit | B72: -5250 | C72: -5250 | D72: -5250 | E72: -5250 | F72: -28500 | G72: -38022 | H72: -34189 | I72: -33965 | J72: -33431 | K72: -33425
B76: 45739 | C76: 45770 | D76: 45800 | E76: 45831 | F76: 45861 | G76: 45892 | H76: 45923 | I76: 45953 | J76: 45984 | K76: 46014
A77: BALANCE SHEET
A78: ASSET
A80: NON-CURRENT ASSET
A81: LONG TERM ASSET | B81: - | C81: - | D81: - | E81: - | F81: - | G81: - | H81: - | I81: - | J81: - | K81: -
A83: Accumulated Depreciation | B83: - | C83: - | D83: - | E83: - | F83: - | G83: - | H83: - | I83: - | J83: - | K83: -
A85: Total Long Term Asset | B85: - | C85: - | D85: - | E85: - | F85: - | G85: - | H85: - | I85: - | J85: - | K85: -
A87: CURRENT ASSET:
A89: Inventory | B89: - | C89: - | D89: - | E89: - | F89: - | G89: - | H89: - | I89: - | J89: - | K89: -
A90: Account Receivables | B90: - | C90: - | D90: - | E90: - | F90: - | G90: - | H90: - | I90: - | J90: - | K90: -
A91: Prepayments | B91: 788 | C91: 788 | D91: 788 | E91: 788 | F91: 4275 | G91: 5703 | H91: 5128 | I91: 5095 | J91: 5015 | K91: 5014
A92: Cash/Bank | B92: -3675 | C92: -8925 | D92: -14175 | E92: -19425 | F92: -40950 | G92: -76115 | H92: -111454 | I92: -145487 | J92: -179078 | K92: -212505
A93: Total Current Asset | B93: -2888 | C93: -8138 | D93: -13388 | E93: -18638 | F93: -36675 | G93: -70412 | H93: -106326 | I93: -140392 | J93: -174063 | K93: -207491
A95: Total Asset | B95: -2888 | C95: -8138 | D95: -13388 | E95: -18638 | F95: -36675 | G95: -70412 | H95: -106326 | I95: -140392 | J95: -174063 | K95: -207491
A97: LIABILITIES & SHARE CAPITAL
A99: Long Term Liabilities
A100: Loan/debt | B100: - | C100: - | D100: - | E100: - | F100: - | G100: - | H100: - | I100: - | J100: - | K100: -
A101: Total Long term Liabilities | B101: - | C101: - | D101: - | E101: - | F101: - | G101: - | H101: - | I101: - | J101: - | K101: -
A103: Current Liabilities
A104: Account Payable | B104: 1313 | C104: 1313 | D104: 1313 | E104: 1313 | F104: 7125 | G104: 9506 | H104: 8547 | I104: 8491 | J104: 8358 | K104: 8356
A105: Deferred Payments | B105: 1050 | C105: 1050 | D105: 1050 | E105: 1050 | F105: 5700 | G105: 7604 | H105: 6838 | I105: 6793 | J105: 6686 | K105: 6685
A106: Total Current Liabilities | B106: 2363 | C106: 2363 | D106: 2363 | E106: 2363 | F106: 12825 | G106: 17110 | H106: 15385 | I106: 15284 | J106: 15044 | K106: 15041
A108: Total Liabilities | B108: 2363 | C108: 2363 | D108: 2363 | E108: 2363 | F108: 12825 | G108: 17110 | H108: 15385 | I108: 15284 | J108: 15044 | K108: 15041
A110: Owner Equity
A112: Owner Equity | B112: - | C112: - | D112: - | E112: - | F112: - | G112: - | H112: - | I112: - | J112: - | K112: -
A113: Additional Owner equity | B113: - | C113: - | D113: - | E113: - | F113: - | G113: - | H113: - | I113: - | J113: - | K113: -
A114: Retained Earnings | B114: - | C114: -5250 | D114: -10500 | E114: -15750 | F114: -21000 | G114: -49500 | H114: -87522 | I114: -121711 | J114: -155676 | K114: -189107
A115: Net Income | B115: -5250 | C115: -5250 | D115: -5250 | E115: -5250 | F115: -28500 | G115: -38022 | H115: -34189 | I115: -33965 | J115: -33431 | K115: -33425
A116: Total Owner Equity | B116: -5250 | C116: -10500 | D116: -15750 | E116: -21000 | F116: -49500 | G116: -87522 | H116: -121711 | I116: -155676 | J116: -189107 | K116: -222532
A118: Total Owner Equity & Liabilities | B118: -2888 | C118: -8138 | D118: -13388 | E118: -18638 | F118: -36675 | G118: -70412 | H118: -106326 | I118: -140392 | J118: -174063 | K118: -207491
K119: -
B121: 45739 | C121: 45770 | D121: 45800 | E121: 45831 | F121: 45861 | G121: 45892 | H121: 45923 | I121: 45953 | J121: 45984 | K121: 46014
A122: CASHFLOW STATEMENT
A124: Cash from Operation
A125: Net Income | B125: -5250 | C125: -5250 | D125: -5250 | E125: -5250 | F125: -28500 | G125: -38022 | H125: -34189 | I125: -33965 | J125: -33431 | K125: -33425
A126: Depreciation/Amortization | B126: - | C126: - | D126: - | E126: - | F126: - | G126: - | H126: - | I126: - | J126: - | K126: -
A127: Interest | B127: - | C127: - | D127: - | E127: - | F127: - | G127: - | H127: - | I127: - | J127: - | K127: -
A128: Inventory | B128: - | C128: - | D128: - | E128: - | F128: - | G128: - | H128: - | I128: - | J128: - | K128: -
A129: Account Receivables | B129: - | C129: - | D129: - | E129: - | F129: - | G129: - | H129: - | I129: - | J129: - | K129: -
A130: Prepayment | B130: -788 | C130: - | D130: - | E130: - | F130: -3488 | G130: -1428 | H130: 575 | I130: 34 | J130: 80 | K130: 1
A131: Account Payables | B131: 1313 | C131: - | D131: - | E131: - | F131: 5813 | G131: 2381 | H131: -958 | I131: -56 | J131: -134 | K131: -2
A132: Deferred payments | B132: 1050 | C132: - | D132: - | E132: - | F132: 4650 | G132: 1904 | H132: -767 | I132: -45 | J132: -107 | K132: -1
A133: Operating Cashflow | B133: -3675 | C133: -5250 | D133: -5250 | E133: -5250 | F133: -21525 | G133: -35165 | H133: -35339 | I133: -34032 | J133: -33591 | K133: -33427
A135: Cashflow from Investing
A136: CAPEX | B136: - | C136: - | D136: - | E136: - | F136: - | G136: - | H136: - | I136: - | J136: - | K136: -
A138: Cashflow from financing
A139: Loan Repayment | B139: - | C139: - | D139: - | E139: - | F139: - | G139: - | H139: - | I139: - | J139: - | K139: -
...

Sheet P&L, BS, CF 2024
B3: 45681 | C3: 45712 | D3: 45740 | E3: 45771 | F3: 45801 | G3: 45832 | H3: 45862 | I3: 45893 | J3: 45924 | K3: 45954 | L3: 45985 | M3: 45985
A4: INCOME STATEMENT
A6: No. of Active Users | B6: 2 | C6: 2 | D6: 2 | E6: 4 | F6: 4 | G6: 5 | H6: 6 | I6: 7 | J6: 9 | K6: 13 | L6: 14 | M6: 14 | N6: 14 | O6: *Completed/Actual
A8: Revenue | B8: 430 | C8: 425 | D8: 421 | E8: 517 | F8: 612 | G8: 936 | H8: 1027 | I8: 1216 | J8: 1305 | K8: 1924 | L8: 67457 | M8: 2218 | N8: 2218
A10: Gross Revenue | B10: 430 | C10: 425 | D10: 421 | E10: 517 | F10: 612 | G10: 936 | H10: 1027 | I10: 1216 | J10: 1305 | K10: 1924 | L10: 67457 | M10: 2218 | N10: 2218
A12: cost OF SALES
A14: Cloud Hosting | B14: 21 | C14: 21 | D14: 21 | E14: 26 | F14: 31 | G14: 47 | H14: 51 | I14: 61 | J14: 65 | K14: 96 | L14: 3373 | M14: 111 | N14: 111
A15: Credit Card Fee | B15: 6 | C15: 6 | D15: 6 | E15: 8 | F15: 9 | G15: 14 | H15: 15 | I15: 18 | J15: 20 | K15: 29 | L15: 1012 | M15: 33 | N15: 33
A16: Computing cost | B16: 60 | C16: 59 | D16: 59 | E16: 68 | F16: 77 | G16: 127 | H16: 135 | I16: 154 | J16: 162 | K16: 241 | L16: 289 | M16: 286 | N16: 286
A18: Total cost of Sales | B18: 88 | C18: 87 | D18: 86 | E18: 102 | F18: 117 | G18: 187 | H18: 202 | I18: 233 | J18: 247 | K18: 366 | L18: 4673 | M18: 430 | N18: 430
A20: Gross Profit | B20: 342 | C20: 338 | D20: 335 | E20: 415 | F20: 495 | G20: 748 | H20: 825 | I20: 983 | J20: 1058 | K20: 1558 | L20: 62784 | M20: 1788 | N20: 1788
A22: Operating Expenses:
A23: Management Team:
A24: CEO | B24: - | C24: - | D24: - | E24: - | F24: - | G24: - | H24: - | I24: - | J24: - | K24: - | L24: - | M24: - | N24: -
A25: CMO | B25: - | C25: - | D25: - | E25: - | F25: - | G25: - | H25: - | I25: - | J25: - | K25: - | L25: - | M25: - | N25: - | O25: *Engineering team consists of negotiated fixed rate contractors
A26: CTO | B26: - | C26: - | D26: - | E26: - | F26: - | G26: - | H26: - | I26: - | J26: - | K26: - | L26: - | M26: - | N26: -
A27: Lead Machine language engineer | B27: 5250 | C27: 5250 | D27: 5250 | E27: 5250 | F27: 5250 | G27: 5250 | H27: 5250 | I27: 5250 | J27: 5250 | K27: 5250 | L27: 5250 | M27: 5250 | N27: 5250
A28: Lead front end full stack developer | B28: 5250 | C28: 5250 | D28: 5250 | E28: 5250 | F28: 5250 | G28: 5250 | H28: 5250 | I28: 5250 | J28: 5250 | K28: 5250 | L28: 5250 | M28: 5250 | N28: 5250
A29: Senior systems engineer | B29: 5250 | C29: 5250 | D29: 5250 | E29: 5250 | F29: 5250 | G29: 5250 | H29: 5250 | I29: 5250 | J29: 5250 | K29: 5250 | L29: 5250 | M29: 5250 | N29: 5250
A30: Engineers X1 | B30: 4250 | C30: 4250 | D30: 4250 | E30: 4250 | F30: 4250 | G30: 4250 | H30: 4250 | I30: 4250 | J30: 4250 | K30: 4250 | L30: 4250 | M30: 4250 | N30: 4250
A31: Engineers X2 | B31: 4250 | C31: 4250 | D31: 4250 | E31: 4250 | F31: 4250 | G31: 4250 | H31: 4250 | I31: 4250 | J31: 4250 | K31: 4250 | L31: 4250 | M31: 4250 | N31: 4250
A32: Engineers X3 | B32: - | C32: - | D32: 4250 | E32: 4250 | F32: 4250 | G32: 4250 | H32: 4250 | I32: 4250 | J32: 4250 | K32: 4250 | L32: 4250 | M32: 4250 | N32: 4250
A33: Engineers X4 | B33: - | C33: - | D33: - | E33: 4250 | F33: 4250 | G33: 4250 | H33: 4250 | I33: 4250 | J33: 4250 | K33: 4250 | L33: 4250 | M33: 4250 | N33: 4250
A34: Engineers X5 | B34: - | C34: - | D34: - | E34: - | F34: 4250 | G34: 4250 | H34: 4250 | I34: 4250 | J34: 4250 | K34: 4250 | L34: 4250 | M34: 4250 | N34: 4250
A35: Engineers X6 | B35: - | C35: - | D35: - | E35: - | F35: - | G35: - | H35: - | I35: - | J35: - | K35: - | L35: 4250 | M35: 4250 | N35: 4250
A36: Internal Marketing team X1 | B36: - | C36: - | D36: - | E36: - | F36: - | G36: - | H36: - | I36: - | J36: - | K36: - | L36: - | M36: - | N36: -
A37: Internal Marketing team X2 | B37: - | C37: - | D37: - | E37: - | F37: - | G37: - | H37: - | I37: - | J37: - | K37: - | L37: - | M37: - | N37: -
A38: Sales Team X1 | B38: - | C38: - | D38: - | E38: - | F38: - | G38: - | H38: - | I38: - | J38: - | K38: - | L38: - | M38: - | N38: -
A39: Sales Team X2 | B39: - | C39: - | D39: - | E39: - | F39: - | G39: - | H39: - | I39: - | J39: - | K39: - | L39: - | M39: - | N39: -
A40: Sales Team X3 | B40: - | C40: - | D40: - | E40: - | F40: - | G40: - | H40: - | I40: - | J40: - | K40: - | L40: - | M40: - | N40: -
A41: Sales Team X4 | B41: - | C41: - | D41: - | E41: - | F41: - | G41: - | H41: - | I41: - | J41: - | K41: - | L41: - | M41: - | N41: -
A42: Customer Support | B42: - | C42: - | D42: - | E42: - | F42: - | G42: - | H42: - | I42: - | J42: - | K42: - | L42: - | M42: - | N42: -
A43: Customer Support | B43: - | C43: - | D43: - | E43: - | F43: - | G43: - | H43: - | I43: - | J43: - | K43: - | L43: - | M43: - | N43: -
A44: Add Additional Employee | B44: - | C44: - | D44: - | E44: - | F44: - | G44: - | H44: - | I44: - | J44: - | K44: - | L44: - | M44: - | N44: -
A45: Add Additional Employee | B45: - | C45: - | D45: - | E45: - | F45: - | G45: - | H45: - | I45: - | J45: - | K45: - | L45: - | M45: - | N45: -
A47: Other Operating Expenses:
A48: Rent | B48: 450 | C48: 450 | D48: 450 | E48: 450 | F48: 450 | G48: 450 | H48: 1700 | I48: 1700 | J48: 1700 | K48: 3400 | L48: 3400 | M48: 3400 | N48: 3400
A49: Utilities | B49: - | C49: - | D49: - | E49: - | F49: - | G49: - | H49: - | I49: - | J49: - | K49: - | L49: - | M49: - | N49: -
A50: Professional services | B50: - | C50: - | D50: - | E50: - | F50: - | G50: - | H50: - | I50: - | J50: 2950 | K50: 7545 | L50: - | M50: - | N50: -
A51: Misc. Expenses | B51: 225 | C51: 298 | D51: 376 | E51: 453 | F51: 794 | G51: 632 | H51: 953 | I51: 762 | J51: 895 | K51: 297 | L51: 357 | M51: 726 | N51: 726
A53: Marketing & Advertising:
A54: Conferences & Tradeshows | B54: - | C54: - | D54: - | E54: - | F54: - | G54: - | H54: - | I54: - | J54: - | K54: - | L54: - | M54: - | N54: -
A55: Advertising (Digital Media) | B55: - | C55: - | D55: - | E55: - | F55: - | G55: - | H55: - | I55: - | J55: - | K55: - | L55: - | M55: - | N55: -
A56: Advertising (Traditional/PR) | B56: - | C56: - | D56: - | E56: - | F56: - | G56: - | H56: - | I56: - | J56: - | K56: - | L56: - | M56: - | N56: -
A58: Total operating Expenses | B58: 24925 | C58: 24998 | D58: 29326 | E58: 33653 | F58: 38244 | G58: 38082 | H58: 39653 | I58: 39462 | J58: 42545 | K58: 48242 | L58: 45007 | M58: 45376 | N58: 45376
A60: EBITDA | B60: -24583 | C60: -24660 | D60: -28991 | E60: -33238 | F60: -37749 | G60: -37334 | H60: -38828 | I60: -38479 | J60: -41487 | K60: -46684 | L60: 17777 | M60: -43588 | N60: -43588
A62: Depreciation/Amortization | B62: - | C62: - | D62: - | E62: - | F62: - | G62: - | H62: - | I62: - | J62: - | K62: - | L62: - | M62: - | N62: -
A64: EBIT | B64: -24583 | C64: -24660 | D64: -28991 | E64: -33238 | F64: -37749 | G64: -37334 | H64: -38828 | I64: -38479 | J64: -41487 | K64: -46684 | L64: 17777 | M64: -43588 | N64: -43588
A66: Interest | B66: - | C66: - | D66: - | E66: - | F66: - | G66: - | H66: - | I66: - | J66: - | K66: - | L66: - | M66: - | N66: -
A68: EBT | B68: -24583 | C68: -24660 | D68: -28991 | E68: -33238 | F68: -37749 | G68: -37334 | H68: -38828 | I68: -38479 | J68: -41487 | K68: -46684 | L68: 17777 | M68: -43588 | N68: -43588
A70: Income Tax | B70: - | C70: - | D70: - | E70: - | F70: - | G70: - | H70: - | I70: - | J70: - | K70: - | L70: 3733 | M70: - | N70: -
A72: Net Profit | B72: -24583 | C72: -24660 | D72: -28991 | E72: -33238 | F72: -37749 | G72: -37334 | H72: -38828 | I72: -38479 | J72: -41487 | K72: -46684 | L72: 14043 | M72: -43588 | N72: -43588
A77: BALANCE SHEET
A78: ASSET
A80: NON-CURRENT ASSET
A81: LONG TERM ASSET | B81: - | C81: - | D81: - | E81: - | F81: - | G81: - | H81: - | I81: - | J81: - | K81: - | L81: - | M81: - | N81: -
A83: Accumulated Depreciation | B83: - | C83: - | D83: - | E83: - | F83: - | G83: - | H83: - | I83: - | J83: - | K83: - | L83: - | M83: - | N83: -
A85: Total Long Term Asset | B85: - | C85: - | D85: - | E85: - | F85: - | G85: - | H85: - | I85: - | J85: - | K85: - | L85: - | M85: - | N85: -
A87: CURRENT ASSET:
A89: Inventory | B89: - | C89: - | D89: - | E89: - | F89: - | G89: - | H89: - | I89: - | J89: - | K89: - | L89: - | M89: - | N89: -
A90: Account Receivables | B90: 86 | C90: 85 | D90: 84 | E90: 103 | F90: 122 | G90: 187 | H90: 205 | I90: 243 | J90: 261 | K90: 385 | L90: 13491 | M90: 444 | N90: 444
A91: Prepayments | B91: 3739 | C91: 3750 | D91: 4399 | E91: 5048 | F91: 5737 | G91: 5712 | H91: 5948 | I91: 5919 | J91: 6382 | K91: 7236 | L91: 6751 | M91: 6806 | N91: 6806
A92: Cash/Bank | B92: -239702 | C92: -264339 | D92: -292031 | E92: -323986 | F92: -360374 | G92: -397803 | H92: -436175 | I92: -474741 | J92: -515317 | K92: -560386 | L92: -559343 | M92: -590833 | N92: -590833
A93: Total Current Asset | B93: -235877 | C93: -260504 | D93: -287548 | E93: -318835 | F93: -354515 | G93: -391904 | H93: -430022 | I93: -468578 | J93: -508674 | K93: -552765 | L93: -539101 | M93: -583583 | N93: -583583
A95: Total Asset | B95: -235877 | C95: -260504 | D95: -287548 | E95: -318835 | F95: -354515 | G95: -391904 | H95: -430022 | I95: -468578 | J95: -508674 | K95: -552765 | L95: -539101 | M95: -583583 | N95: -583583
A97: LIABILITIES & SHARE CAPITAL
A99: Long Term Liabilities
A100: Loan/debt | B100: - | C100: - | D100: - | E100: - | F100: - | G100: - | H100: - | I100: - | J100: - | K100: - | L100: - | M100: - | N100: -
A101: Total Long term Liabilities | B101: - | C101: - | D101: - | E101: - | F101: - | G101: - | H101: - | I101: - | J101: - | K101: - | L101: - | M101: - | N101: -
A103: Current Liabilities
A104: Account Payable | B104: 6253 | C104: 6271 | D104: 7353 | E104: 8439 | F104: 9590 | G104: 9567 | H104: 9964 | I104: 9924 | J104: 10698 | K104: 12152 | L104: 12420 | M104: 11452 | N104: 11452
A105: Deferred Payments | B105: 4985 | C105: 5000 | D105: 5865 | E105: 6731 | F105: 7649 | G105: 7616 | H105: 7931 | I105: 7892 | J105: 8509 | K105: 9648 | L105: 9001 | M105: 9075 | N105: 9075
A106: Total Current Liabilities | B106: 11238 | C106: 11271 | D106: 13218 | E106: 15169 | F106: 17239 | G106: 17184 | H106: 17894 | I106: 17816 | J106: 19207 | K106: 21800 | L106: 21421 | M106: 20527 | N106: 20527
A108: Total Liabilities | B108: 11238 | C108: 11271 | D108: 13218 | E108: 15169 | F108: 17239 | G108: 17184 | H108: 17894 | I108: 17816 | J108: 19207 | K108: 21800 | L108: 21421 | M108: 20527 | N108: 20527
A110: Owner Equity
A112: Owner Equity | B112: - | C112: - | D112: - | E112: - | F112: - | G112: - | H112: - | I112: - | J112: - | K112: - | L112: - | M112: - | N112: -
A113: Additional Owner equity | B113: - | C113: - | D113: - | E113: - | F113: - | G113: - | H113: - | I113: - | J113: - | K113: - | L113: - | M113: - | N113: -
A114: Retained Earnings | B114: -222532 | C114: -247115 | D114: -271775 | E114: -300766 | F114: -334004 | G114: -371754 | H114: -409088 | I114: -447916 | J114: -486395 | K114: -527882 | L114: -574566 | M114: -560522 | N114: -560522
A115: Net Income | B115: -24583 | C115: -24660 | D115: -28991 | E115: -33238 | F115: -37749 | G115: -37334 | H115: -38828 | I115: -38479 | J115: -41487 | K115: -46684 | L115: 14043 | M115: -43588 | N115: -43588
A116: Total Owner Equity | B116: -247115 | C116: -271775 | D116: -300766 | E116: -334004 | F116: -371754 | G116: -409088 | H116: -447916 | I116: -486395 | J116: -527882 | K116: -574566 | L116: -560522 | M116: -604110 | N116: -604110
A118: Total Owner Equity & Liabilities | B118: -235877 | C118: -260504 | D118: -287548 | E118: -318835 | F118: -354515 | G118: -391904 | H118: -430022 | I118: -468578 | J118: -508674 | K118: -552765 | L118: -539101 | M118: -583583 | N118: -583583
B119: - | C119: - | D119: - | E119: - | F119: - | G119: - | H119: - | I119: - | J119: - | K119: - | L119: - | M119: - | N119: -
A122: CASHFLOW STATEMENT
A124: Cash from Operation
A125: Net Income | B125: -24583 | C125: -24660 | D125: -28991 | E125: -33238 | F125: -37749 | G125: -37334 | H125: -38828 | I125: -38479 | J125: -41487 | K125: -46684 | L125: 14043 | M125: -43588 | N125: -43588
A126: Depreciation/Amortization | B126: - | C126: - | D126: - | E126: - | F126: - | G126: - | H126: - | I126: - | J126: - | K126: - | L126: - | M126: - | N126: -
A127: Interest | B127: - | C127: - | D127: - | E127: - | F127: - | G127: - | H127: - | I127: - | J127: - | K127: - | L127: - | M127: - | N127: -
A128: Inventory | B128: - | C128: - | D128: - | E128: - | F128: - | G128: - | H128: - | I128: - | J128: - | K128: - | L128: - | M128: - | N128: -
A129: Account Receivables | B129: -86 | C129: 1 | D129: 1 | E129: -19 | F129: -19 | G129: -65 | H129: -18 | I129: -38 | J129: -18 | K129: -124 | L129: -13107 | M129: 13048 | N129: 13048
A130: Prepayment | B130: 1275 | C130: -11 | D130: -649 | E130: -649 | F130: -689 | G130: 24 | H130: -236 | I130: 29 | J130: -462 | K130: -855 | L130: 485 | M130: -55 | N130: -55
A131: Account Payables | B131: -2103 | C131: 18 | D131: 1082 | E131: 1086 | F131: 1152 | G131: -23 | H131: 396 | I131: -40 | J131: 774 | K131: 1454 | L131: 268 | M131: -969 | N131: -969
A132: Deferred payments | B132: -1700 | C132: 15 | D132: 866 | E132: 865 | F132: 918 | G132: -32 | H132: 314 | I132: -38 | J132: 617 | K132: 1139 | L132: -647 | M132: 74 | N132: 74
A133: Operating Cashflow | B133: -27197 | C133: -24638 | D133: -27692 | E133: -31955 | F133: -36387 | G133: -37430 | H133: -38372 | I133: -38566 | J133: -40576 | K133: -45069 | L133: 1043 | M133: -31490 | N133: -31490
A135: Cashflow from Investing
A136: CAPEX | B136: - | C136: - | D136: - | E136: - | F136: - | G136: - | H136: - | I136: - | J136: - | K136: - | L136: - | M136: - | N136: -
A138: Cashflow from financing
A139: Loan Repayment | B139: - | C139: - | D139: - | E139: - | F139: - | G139: - | H139: - | I139: - | J139: - | K139: - | L139: - | M139: - | N139: -
A140: Equity Financing | B140: - | C140: - | D140: - | E140: - | F140: - | G140: - | H140: - | I140: - | J140: - | K140: - | L140: - | M140: - | N140: -
A142: NET CASHFLOW | B142: -27197 | C142: -24638 | D142: -27692 | E142: -31955 | F142: -36387 | G142: -37430 | H142: -38372 | I142: -38566 | J142: -40576 | K142: -45069 | L142: 1043 | M142: -31490 | N142: -31490
A143: Opening Cashlow | B143: -212505 | C143: -239702 | D143: -264339 | E143: -292031 | F143: -323986 | G143: -360374 | H143: -397803 | I143: -436175 | J143: -474741 | K143: -515317 | L143: -560386 | M143: -559343 | N143: -559343
...

Sheet P&L, BS, CF 2025
B3: 45682 | C3: 45713 | D3: 45741 | E3: 45772 | F3: 45802 | G3: 45833 | H3: 45863 | I3: 45894 | J3: 45925 | K3: 45955 | L3: 45986 | M3: 46016 | O3: Color Code
A4: INCOME STATEMENT | P4: Completed/Actual
P5: Projected based on funding round closing by 11/5
A6: No. of Active Users | B6: 15 | C6: 16 | D6: 18 | E6: 21 | F6: 23 | G6: 26 | H6: 30 | I6: 33 | J6: 37 | K6: 45 | L6: 51 | M6: 58
A8: Revenue | B8: 3644 | C8: 4658 | D8: 41167 | E8: 7602 | F8: 9491 | G8: 11708 | H8: 19959 | I8: 22612 | J8: 31664 | K8: 56314 | L8: 120699 | M8: 140236
A10: Gross Revenue | B10: 3644 | C10: 4658 | D10: 41167 | E10: 7602 | F10: 9491 | G10: 11708 | H10: 19959 | I10: 22612 | J10: 31664 | K10: 56314 | L10: 120699 | M10: 140236 | O10: *Dip in monthly recurring is a result of a delay in the enterprise build. The project required additional architecture and plannign. Coding is to resume by Dec 1
A12: cost OF SALES
A14: Cloud Hosting | B14: 2 | C14: 2 | D14: 21 | E14: 4 | F14: 5 | G14: 6 | H14: 10 | I14: 11 | J14: 16 | K14: 28 | L14: 60 | M14: 70
A15: Credit Card Fee | B15: 55 | C15: 70 | D15: 618 | E15: 114 | F15: 142 | G15: 176 | H15: 299 | I15: 339 | J15: 475 | K15: 845 | L15: 1810 | M15: 2104
A16: Computing cost | B16: 212 | C16: 254 | D16: 308 | E16: 368 | F16: 448 | G16: 547 | H16: 641 | I16: 754 | J16: 869 | K16: 1062 | L16: 1235 | M16: 1446
A18: Total cost of Sales | B18: 269 | C18: 326 | D18: 946 | E18: 486 | F18: 595 | G18: 728 | H18: 950 | I18: 1104 | J18: 1359 | K18: 1935 | L18: 3106 | M18: 3620
A20: Gross Profit | B20: 3376 | C20: 4332 | D20: 40221 | E20: 7116 | F20: 8896 | G20: 10979 | H20: 19008 | I20: 21508 | J20: 30305 | K20: 54379 | L20: 117593 | M20: 136616
A22: Operating Expenses:
A23: Management Team: | O23: *Engineering team consists of negotiated fixed rate contractors
A24: CEO | B24: - | C24: - | D24: - | E24: - | F24: - | G24: - | H24: 5833 | I24: 5833 | J24: 5833 | K24: 5833 | L24: 5833 | M24: 5833
A25: CMO | B25: - | C25: - | D25: - | E25: - | F25: - | G25: - | H25: 5833 | I25: 5833 | J25: 5833 | K25: 5833 | L25: 5833 | M25: 5833
A26: CTO | B26: - | C26: - | D26: - | E26: - | F26: - | G26: - | H26: 5833 | I26: 5833 | J26: 5833 | K26: 5833 | L26: 5833 | M26: 5833
A27: Lead Machine language engineer | B27: 5250 | C27: 5250 | D27: 5250 | E27: 5250 | F27: 5250 | G27: 5250 | H27: 5250 | I27: 5250 | J27: 5250 | K27: 5250 | L27: 5250 | M27: 5250
A28: Lead front end full stack developer | B28: 5250 | C28: 5250 | D28: 5250 | E28: 8750 | F28: 8750 | G28: 8750 | H28: 8750 | I28: 8750 | J28: 8750 | K28: 8750 | L28: 8750 | M28: 8750
A29: Senior systems engineer | B29: 5250 | C29: 5250 | D29: 5250 | E29: 8750 | F29: 8750 | G29: 8750 | H29: 8750 | I29: 8750 | J29: 8750 | K29: 8750 | L29: 8750 | M29: 8750
A30: Engineers X1 | B30: 4250 | C30: 4250 | D30: 4250 | E30: 7083 | F30: 7083 | G30: 7083 | H30: - | I30: - | J30: - | K30: - | L30: - | M30: -
A31: Engineers X2 | B31: 4250 | C31: 4250 | D31: 4250 | E31: 7083 | F31: - | G31: - | H31: - | I31: - | J31: - | K31: - | L31: - | M31: -
A32: Engineers X3 | B32: 4250 | C32: 4250 | D32: 4250 | E32: 7083 | F32: - | G32: - | H32: - | I32: - | J32: - | K32: - | L32: - | M32: -
A33: Engineers X4 | B33: 8146 | C33: - | D33: - | E33: - | F33: - | G33: - | H33: - | I33: - | J33: - | K33: - | L33: - | M33: -
A34: Engineers X5 | B34: 8146 | C34: - | D34: - | E34: - | F34: - | G34: - | H34: - | I34: - | J34: - | K34: - | L34: - | M34: -
A35: Engineers X6 | B35: 8146 | C35: - | D35: - | E35: - | F35: - | G35: - | H35: - | I35: - | J35: - | K35: - | L35: - | M35: -
A36: Internal Marketing team X1 | B36: - | C36: - | D36: - | E36: - | F36: - | G36: - | H36: - | I36: - | J36: - | K36: - | L36: - | M36: -
A37: Internal Marketing team X2 | B37: - | C37: - | D37: - | E37: - | F37: - | G37: - | H37: - | I37: - | J37: - | K37: - | L37: - | M37: -
A38: Sales Team X1 | B38: - | C38: - | D38: - | E38: - | F38: - | G38: - | H38: 6229 | I38: 6229 | J38: 6229 | K38: 6229 | L38: 6229 | M38: 6229
A39: Sales Team X2 | B39: - | C39: - | D39: - | E39: - | F39: - | G39: - | H39: - | I39: - | J39: - | K39: - | L39: 6229 | M39: 6229
A40: Sales Team X3 | B40: - | C40: - | D40: - | E40: - | F40: - | G40: - | H40: - | I40: - | J40: - | K40: - | L40: 6229 | M40: 6229
A41: Sales Team X4 | B41: - | C41: - | D41: - | E41: - | F41: - | G41: - | H41: - | I41: - | J41: - | K41: - | L41: - | M41: -
A42: Customer Support | B42: - | C42: - | D42: - | E42: - | F42: - | G42: - | H42: - | I42: - | J42: - | K42: - | L42: - | M42: -
A43: Customer Support | B43: - | C43: - | D43: - | E43: - | F43: - | G43: - | H43: - | I43: - | J43: - | K43: - | L43: - | M43: -
A44: Add Additional Employee | B44: - | C44: - | D44: - | E44: - | F44: - | G44: - | H44: - | I44: - | J44: - | K44: - | L44: - | M44: -
A45: Add Additional Employee | B45: - | C45: - | D45: - | E45: - | F45: - | G45: - | H45: - | I45: - | J45: - | K45: - | L45: - | M45: -
A47: Other Operating Expenses:
A48: Rent | B48: 3885 | C48: 3885 | D48: 3885 | E48: 3885 | F48: 3885 | G48: 4919 | H48: 4919 | I48: 4919 | J48: 4919 | K48: 4919 | L48: 4919 | M48: 4919
A49: Utilities | B49: - | C49: - | D49: - | E49: - | F49: - | G49: - | H49: - | I49: - | J49: - | K49: - | L49: - | M49: -
A50: Professional services | B50: - | C50: - | D50: - | E50: - | F50: - | G50: - | H50: - | I50: - | J50: - | K50: - | L50: - | M50: -
A51: Misc. Expenses | B51: 2100 | C51: 2100 | D51: 2100 | E51: 2100 | F51: 2100 | G51: 2100 | H51: 2100 | I51: 2100 | J51: 2100 | K51: 2100 | L51: 2100 | M51: 2100
A53: Marketing & Advertising:
A54: Conferences & Tradeshows | B54: - | C54: - | D54: - | E54: - | F54: - | G54: - | H54: - | I54: - | J54: - | K54: - | L54: - | M54: -
A55: Advertising (Digital Media) | B55: - | C55: - | D55: - | E55: - | F55: - | G55: - | H55: - | I55: - | J55: - | K55: - | L55: - | M55: -
A56: Advertising (Traditional/PR) | B56: - | C56: - | D56: - | E56: - | F56: - | G56: - | H56: - | I56: - | J56: - | K56: - | L56: - | M56: -
A58: Total operating Expenses | B58: 56823 | C58: 32385 | D58: 32385 | E58: 47885 | F58: 33718 | G58: 34752 | H58: 51398 | I58: 51398 | J58: 51398 | K58: 51398 | L58: 63857 | M58: 63857
A60: EBITDA | B60: -53447 | C60: -28053 | D60: 7836 | E60: -40769 | F60: -24822 | G60: -23773 | H60: -32390 | I60: -29890 | J60: -21093 | K60: 2981 | L60: 53737 | M60: 72759
A62: Depreciation/Amortization | B62: - | C62: - | D62: - | E62: - | F62: - | G62: - | H62: - | I62: - | J62: - | K62: - | L62: - | M62: -
A64: EBIT | B64: -53447 | C64: -28053 | D64: 7836 | E64: -40769 | F64: -24822 | G64: -23773 | H64: -32390 | I64: -29890 | J64: -21093 | K64: 2981 | L64: 53737 | M64: 72759
A66: Interest | B66: - | C66: - | D66: - | E66: - | F66: - | G66: - | H66: - | I66: - | J66: - | K66: - | L66: - | M66: -
A68: EBT | B68: -53447 | C68: -28053 | D68: 7836 | E68: -40769 | F68: -24822 | G68: -23773 | H68: -32390 | I68: -29890 | J68: -21093 | K68: 2981 | L68: 53737 | M68: 72759
A70: Income Tax | B70: - | C70: - | D70: 1646 | E70: - | F70: - | G70: - | H70: - | I70: - | J70: - | K70: 626 | L70: 11285 | M70: 15279
A72: Net Profit | B72: -53447 | C72: -28053 | D72: 6191 | E72: -40769 | F72: -24822 | G72: -23773 | H72: -32390 | I72: -29890 | J72: -21093 | K72: 2355 | L72: 42452 | M72: 57480
A77: BALANCE SHEET
A78: ASSET
A80: NON-CURRENT ASSET
A81: LONG TERM ASSET | B81: - | C81: - | D81: - | E81: - | F81: - | G81: - | H81: - | I81: - | J81: - | K81: - | L81: - | M81: -
A83: Accumulated Depreciation | B83: - | C83: - | D83: - | E83: - | F83: - | G83: - | H83: - | I83: - | J83: - | K83: - | L83: - | M83: -
A85: Total Long Term Asset | B85: - | C85: - | D85: - | E85: - | F85: - | G85: - | H85: - | I85: - | J85: - | K85: - | L85: - | M85: -
A87: CURRENT ASSET:
A89: Inventory | B89: - | C89: - | D89: - | E89: - | F89: - | G89: - | H89: - | I89: - | J89: - | K89: - | L89: - | M89: -
A90: Account Receivables | B90: 729 | C90: 932 | D90: 8233 | E90: 1520 | F90: 1898 | G90: 2342 | H90: 3992 | I90: 4522 | J90: 6333 | K90: 11263 | L90: 24140 | M90: 28047
A91: Prepayments | B91: 8523 | C91: 4858 | D91: 4858 | E91: 7183 | F91: 5058 | G91: 5213 | H91: 7710 | I91: 7710 | J91: 7710 | K91: 7710 | L91: 9578 | M91: 9578
A92: Cash/Bank | B92: -468668 | C92: -504241 | D92: -505197 | E92: -534718 | F92: -564141 | G92: -588014 | H92: -617005 | I92: -647388 | J92: -670228 | K92: -672659 | L92: -639054 | M92: -585353
A93: Total Current Asset | B93: -459416 | C93: -498451 | D93: -492106 | E93: -526015 | F93: -557185 | G93: -580460 | H93: -605304 | I93: -635156 | J93: -656185 | K93: -653686 | L93: -605335 | M93: -547727
A95: Total Asset | B95: -459416 | C95: -498451 | D95: -492106 | E95: -526015 | F95: -557185 | G95: -580460 | H95: -605304 | I95: -635156 | J95: -656185 | K95: -653686 | L95: -605335 | M95: -547727
A97: LIABILITIES & SHARE CAPITAL
A99: Long Term Liabilities
A100: Loan/debt | B100: - | C100: - | D100: - | E100: - | F100: - | G100: - | H100: - | I100: - | J100: - | K100: - | L100: - | M100: -
A101: Total Long term Liabilities | B101: - | C101: - | D101: - | E101: - | F101: - | G101: - | H101: - | I101: - | J101: - | K101: - | L101: - | M101: -
A103: Current Liabilities
A104: Account Payable | B104: 14273 | C104: 8178 | D104: 8333 | E104: 12093 | F104: 8578 | G104: 8870 | H104: 13087 | I104: 13126 | J104: 13189 | K104: 13333 | L104: 16741 | M104: 16869
A105: Deferred Payments | B105: 11365 | C105: 6477 | D105: 6477 | E105: 9577 | F105: 6744 | G105: 6950 | H105: 10280 | I105: 10280 | J105: 10280 | K105: 10280 | L105: 12771 | M105: 12771
A106: Total Current Liabilities | B106: 25637 | C106: 14655 | D106: 14810 | E106: 21670 | F106: 15322 | G106: 15821 | H106: 23367 | I106: 23405 | J106: 23469 | K106: 23613 | L106: 29512 | M106: 29640
A108: Total Liabilities | B108: 25637 | C108: 14655 | D108: 14810 | E108: 21670 | F108: 15322 | G108: 15821 | H108: 23367 | I108: 23405 | J108: 23469 | K108: 23613 | L108: 29512 | M108: 29640
A110: Owner Equity
A112: Owner Equity | B112: 1 | C112: 1 | D112: 1 | E112: 1 | F112: 1 | G112: 1 | H112: 1 | I112: 1 | J112: 1 | K112: 1 | L112: 1 | M112: 1
A113: Additional Owner equity | B113: - | C113: - | D113: - | E113: - | F113: - | G113: - | H113: - | I113: - | J113: - | K113: - | L113: - | M113: -
A114: Retained Earnings | B114: -431607 | C114: -485054 | D114: -513107 | E114: -506917 | F114: -547686 | G114: -572509 | H114: -596282 | I114: -628671 | J114: -658562 | K114: -679655 | L114: -677300 | M114: -634848
A115: Net Income | B115: -53447 | C115: -28053 | D115: 6191 | E115: -40769 | F115: -24822 | G115: -23773 | H115: -32390 | I115: -29890 | J115: -21093 | K115: 2355 | L115: 42452 | M115: 57480
A116: Total Owner Equity | B116: -485053 | C116: -513106 | D116: -506916 | E116: -547685 | F116: -572508 | G116: -596281 | H116: -628670 | I116: -658561 | J116: -679654 | K116: -677299 | L116: -634847 | M116: -577367
A118: Total Owner Equity & Liabilities | B118: -459416 | C118: -498451 | D118: -492106 | E118: -526015 | F118: -557185 | G118: -580460 | H118: -605304 | I118: -635156 | J118: -656185 | K118: -653686 | L118: -605335 | M118: -547727
B119: - | C119: - | D119: - | E119: - | F119: - | G119: - | H119: - | I119: - | J119: - | K119: - | L119: - | M119: -
A122: CASHFLOW STATEMENT
A124: Cash from Operation
A125: Net Income | B125: -53447 | C125: -28053 | D125: 6191 | E125: -40769 | F125: -24822 | G125: -23773 | H125: -32390 | I125: -29890 | J125: -21093 | K125: 2355 | L125: 42452 | M125: 57480
A126: Depreciation/Amortization | B126: - | C126: - | D126: - | E126: - | F126: - | G126: - | H126: - | I126: - | J126: - | K126: - | L126: - | M126: -
A127: Interest | B127: - | C127: - | D127: - | E127: - | F127: - | G127: - | H127: - | I127: - | J127: - | K127: - | L127: - | M127: -
A128: Inventory | B128: - | C128: - | D128: - | E128: - | F128: - | G128: - | H128: - | I128: - | J128: - | K128: - | L128: - | M128: -
A129: Account Receivables | B129: -285 | C129: -203 | D129: -7302 | E129: 6713 | F129: -378 | G129: -443 | H129: -1650 | I129: -531 | J129: -1810 | K129: -4930 | L129: -12877 | M129: -3907
A130: Prepayment | B130: -1781 | C130: 3666 | D130: - | E130: -2325 | F130: 2125 | G130: -155 | H130: -2497 | I130: - | J130: - | K130: - | L130: -1869 | M130: -
A131: Account Payables | B131: 2993 | C131: -6095 | D131: 155 | E131: 3760 | F131: -3514 | G131: 292 | H131: 4217 | I131: 39 | J131: 64 | K131: 144 | L131: 3407 | M131: 128
A132: Deferred payments | B132: 2375 | C132: -4888 | D132: - | E132: 3100 | F132: -2833 | G132: 207 | H132: 3329 | I132: - | J132: - | K132: - | L132: 2492 | M132: -
A133: Operating Cashflow | B133: -50145 | C133: -35573 | D133: -956 | E133: -29521 | F133: -29423 | G133: -23873 | H133: -28991 | I133: -30383 | J133: -22840 | K133: -2431 | L133: 33605 | M133: 53701
A135: Cashflow from Investing
A136: CAPEX | B136: - | C136: - | D136: - | E136: - | F136: - | G136: - | H136: - | I136: - | J136: - | K136: - | L136: - | M136: -
A138: Cashflow from financing
A139: Loan Repayment | B139: - | C139: - | D139: - | E139: - | F139: - | G139: - | H139: - | I139: - | J139: - | K139: - | L139: - | M139: -
A140: Equity Financing | B140: - | C140: - | D140: - | E140: - | F140: - | G140: - | H140: - | I140: - | J140: - | K140: - | L140: - | M140: -
A142: NET CASHFLOW | B142: -50145 | C142: -35573 | D142: -956 | E142: -29521 | F142: -29423 | G142: -23873 | H142: -28991 | I142: -30383 | J142: -22840 | K142: -2431 | L142: 33605 | M142: 53701
...

Sheet P&L, BS, CF 2026
B3: 45683 | C3: 45714 | D3: 45742 | E3: 45773 | F3: 45803 | G3: 45834 | H3: 45864 | I3: 45895 | J3: 45926 | K3: 45956 | L3: 45987 | M3: 46017 | O3: Color Code
A4: INCOME STATEMENT | P4: Completed/Actual
P5: Projected based on funding round closing by 11/5
A6: No. of Active Users | B6: 68 | C6: 87 | D6: 105 | E6: 129 | F6: 157 | G6: 191 | H6: 224 | I6: 264 | J6: 311 | K6: 370 | L6: 440 | M6: 525 | O6: *Projected based on funding round closing by 11/5/25
A8: Revenue | B8: 212238 | C8: 784589 | D8: 863024 | E8: 1121815 | F8: 1356043 | G8: 1675835 | H8: 1911715 | I8: 2200945 | J8: 2409493 | K8: 2875579 | L8: 3577882 | M8: 4377026
A10: Gross Revenue | B10: 212238 | C10: 784589 | D10: 863024 | E10: 1121815 | F10: 1356043 | G10: 1675835 | H10: 1911715 | I10: 2200945 | J10: 2409493 | K10: 2875579 | L10: 3577882 | M10: 4377026
A12: cost OF SALES
A14: Cloud Hosting | B14: 106 | C14: 392 | D14: 432 | E14: 561 | F14: 678 | G14: 838 | H14: 956 | I14: 1100 | J14: 1205 | K14: 1438 | L14: 1789 | M14: 2189
A15: Credit Card Fee | B15: 3184 | C15: 11769 | D15: 12945 | E15: 16827 | F15: 20341 | G15: 25138 | H15: 28676 | I15: 33014 | J15: 36142 | K15: 43134 | L15: 53668 | M15: 65655
A16: Computing cost | B16: 1962 | C16: 2428 | D16: 2938 | E16: 3592 | F16: 4372 | G16: 5301 | H16: 6303 | I16: 7501 | J16: 8948 | K16: 10696 | L16: 12819 | M16: 15405
A18: Total cost of Sales | B18: 5252 | C18: 14590 | D18: 16314 | E18: 20980 | F18: 25391 | G18: 31276 | H18: 35934 | I18: 41616 | J18: 46295 | K18: 55267 | L18: 68276 | M18: 83249
A20: Gross Profit | B20: 206986 | C20: 769999 | D20: 846710 | E20: 1100835 | F20: 1330652 | G20: 1644559 | H20: 1875781 | I20: 2159329 | J20: 2363198 | K20: 2820312 | L20: 3509606 | M20: 4293777
A22: Operating Expenses:
A23: Management Team:
A24: CEO | B24: 11500 | C24: 11500 | D24: 11500 | E24: 11500 | F24: 11500 | G24: 11500 | H24: 11500 | I24: 11500 | J24: 11500 | K24: 11500 | L24: 11500 | M24: 11500
A25: CMO | B25: 5833 | C25: 5833 | D25: 5833 | E25: 5833 | F25: 5833 | G25: 5833 | H25: 8000 | I25: 8000 | J25: 8000 | K25: 8000 | L25: 8000 | M25: 8000
A26: CTO | B26: 5833 | C26: 5833 | D26: 5833 | E26: 5833 | F26: 5833 | G26: 5833 | H26: 10140 | I26: 10140 | J26: 10140 | K26: 10140 | L26: 10140 | M26: 10140
A27: Lead Machine language engineer | B27: 8750 | C27: 8750 | D27: 8750 | E27: 8750 | F27: 8750 | G27: 8750 | H27: 8750 | I27: 8750 | J27: 8750 | K27: 8750 | L27: 8750 | M27: 8750
A28: Lead front end full stack developer | B28: 10063 | C28: 10063 | D28: 10063 | E28: 10063 | F28: 10063 | G28: 10063 | H28: 10063 | I28: 10063 | J28: 10063 | K28: 10063 | L28: 10063 | M28: 10063
A29: Senior systems engineer | B29: 10063 | C29: 10063 | D29: 10063 | E29: 10063 | F29: 10063 | G29: 10063 | H29: 10063 | I29: 10063 | J29: 10063 | K29: 10063 | L29: 10063 | M29: 10063
A30: Engineers X1 | B30: - | C30: 8146 | D30: 8146 | E30: 8146 | F30: 8146 | G30: 8146 | H30: 8146 | I30: 8146 | J30: 8146 | K30: 8146 | L30: 8146 | M30: 8146
A31: Engineers X2 | B31: - | C31: - | D31: - | E31: - | F31: - | G31: 8146 | H31: 8146 | I31: 8146 | J31: 8146 | K31: 8146 | L31: 8146 | M31: 8146
A32: Engineers X3 | B32: - | C32: - | D32: - | E32: - | F32: - | G32: - | H32: - | I32: - | J32: - | K32: - | L32: - | M32: -
A33: Engineers X4 | B33: - | C33: - | D33: - | E33: - | F33: - | G33: - | H33: - | I33: - | J33: - | K33: - | L33: - | M33: -
A34: Engineers X5 | B34: - | C34: - | D34: - | E34: - | F34: - | G34: - | H34: - | I34: - | J34: - | K34: - | L34: - | M34: -
A35: Engineers X6 | B35: - | C35: - | D35: - | E35: - | F35: - | G35: - | H35: - | I35: - | J35: - | K35: - | L35: - | M35: -
A36: Internal Marketing team X1 | B36: - | C36: - | D36: - | E36: - | F36: - | G36: - | H36: - | I36: - | J36: - | K36: - | L36: - | M36: -
A37: Internal Marketing team X2 | B37: - | C37: - | D37: - | E37: - | F37: - | G37: - | H37: - | I37: - | J37: - | K37: - | L37: - | M37: -
A38: Sales Team X1 | B38: 7042 | C38: 7042 | D38: 7042 | E38: 7042 | F38: 7042 | G38: 7042 | H38: 7042 | I38: 7042 | J38: 7042 | K38: 7042 | L38: 7042 | M38: 7042
A39: Sales Team X2 | B39: 7042 | C39: 7042 | D39: 7042 | E39: 7042 | F39: 7042 | G39: 7042 | H39: 7042 | I39: 7042 | J39: 7042 | K39: 7042 | L39: 7042 | M39: 7042
A40: Sales Team X3 | B40: 7042 | C40: 7042 | D40: 7042 | E40: 7042 | F40: 7042 | G40: 7042 | H40: 7042 | I40: 7042 | J40: 7042 | K40: 7042 | L40: 7042 | M40: 7042
A41: Sales Team X4 | B41: - | C41: 7042 | D41: 7042 | E41: 7042 | F41: 7042 | G41: 7042 | H41: 7042 | I41: 7042 | J41: 7042 | K41: 7042 | L41: 7042 | M41: 7042
A42: Customer Support | B42: - | C42: - | D42: - | E42: - | F42: - | G42: 7042 | H42: 7042 | I42: 7042 | J42: 7042 | K42: 7042 | L42: 7042 | M42: 7042
A43: Customer Support | B43: - | C43: - | D43: - | E43: - | F43: - | G43: - | H43: 7042 | I43: 7042 | J43: 7042 | K43: 7042 | L43: 7042 | M43: 7042
A44: Add Additional Employee | B44: - | C44: - | D44: - | E44: - | F44: - | G44: - | H44: - | I44: - | J44: - | K44: - | L44: - | M44: -
A45: Add Additional Employee | B45: - | C45: - | D45: - | E45: - | F45: - | G45: - | H45: - | I45: - | J45: - | K45: - | L45: - | M45: -
A47: Other Operating Expenses:
A48: Rent | B48: 5165 | C48: 5165 | D48: 5165 | E48: 5165 | F48: 5165 | G48: 5165 | H48: 5165 | I48: 5165 | J48: 5165 | K48: 5165 | L48: 5165 | M48: 5165
A49: Utilities | B49: - | C49: - | D49: - | E49: - | F49: - | G49: - | H49: - | I49: - | J49: - | K49: - | L49: - | M49: -
A50: Professional services | B50: - | C50: - | D50: - | E50: - | F50: - | G50: - | H50: - | I50: - | J50: - | K50: - | L50: - | M50: -
A51: Misc. Expenses | B51: 2205 | C51: 2205 | D51: 2205 | E51: 2205 | F51: 2205 | G51: 2205 | H51: 2205 | I51: 2205 | J51: 2205 | K51: 2205 | L51: 2205 | M51: 2205
A53: Marketing & Advertising:
A54: Conferences & Tradeshows | B54: - | C54: - | D54: - | E54: - | F54: - | G54: - | H54: - | I54: - | J54: - | K54: - | L54: - | M54: -
A55: Advertising (Digital Media) | B55: - | C55: - | D55: - | E55: - | F55: - | G55: - | H55: - | I55: - | J55: - | K55: - | L55: - | M55: -
A56: Advertising (Traditional/PR) | B56: - | C56: - | D56: - | E56: - | F56: - | G56: - | H56: - | I56: - | J56: - | K56: - | L56: - | M56: -
A58: Total operating Expenses | B58: 78332 | C58: 93519 | D58: 93519 | E58: 93519 | F58: 93519 | G58: 108707 | H58: 122222 | I58: 122222 | J58: 122222 | K58: 122222 | L58: 122222 | M58: 122222
A60: EBITDA | B60: 128654 | C60: 676480 | D60: 753191 | E60: 1007316 | F60: 1237133 | G60: 1535852 | H60: 1753559 | I60: 2037108 | J60: 2240976 | K60: 2698090 | L60: 3387384 | M60: 4171555
A62: Depreciation/Amortization | B62: - | C62: - | D62: - | E62: - | F62: - | G62: - | H62: - | I62: - | J62: - | K62: - | L62: - | M62: -
A64: EBIT | B64: 128654 | C64: 676480 | D64: 753191 | E64: 1007316 | F64: 1237133 | G64: 1535852 | H64: 1753559 | I64: 2037108 | J64: 2240976 | K64: 2698090 | L64: 3387384 | M64: 4171555
A66: Interest | B66: - | C66: - | D66: - | E66: - | F66: - | G66: - | H66: - | I66: - | J66: - | K66: - | L66: - | M66: -
A68: EBT | B68: 128654 | C68: 676480 | D68: 753191 | E68: 1007316 | F68: 1237133 | G68: 1535852 | H68: 1753559 | I68: 2037108 | J68: 2240976 | K68: 2698090 | L68: 3387384 | M68: 4171555
A70: Income Tax | B70: 27017 | C70: 142061 | D70: 158170 | E70: 211536 | F70: 259798 | G70: 322529 | H70: 368247 | I70: 427793 | J70: 470605 | K70: 566599 | L70: 711351 | M70: 876027
A72: Net Profit | B72: 101637 | C72: 534419 | D72: 595021 | E72: 795780 | F72: 977335 | G72: 1213323 | H72: 1385312 | I72: 1609315 | J72: 1770371 | K72: 2131491 | L72: 2676033 | M72: 3295529
A77: BALANCE SHEET
A78: ASSET
A80: NON-CURRENT ASSET
A81: LONG TERM ASSET | B81: - | C81: - | D81: - | E81: - | F81: - | G81: - | H81: - | I81: - | J81: - | K81: - | L81: - | M81: -
A83: Accumulated Depreciation | B83: - | C83: - | D83: - | E83: - | F83: - | G83: - | H83: - | I83: - | J83: - | K83: - | L83: - | M83: -
A85: Total Long Term Asset | B85: - | C85: - | D85: - | E85: - | F85: - | G85: - | H85: - | I85: - | J85: - | K85: - | L85: - | M85: -
A87: CURRENT ASSET:
A89: Inventory | B89: - | C89: - | D89: - | E89: - | F89: - | G89: - | H89: - | I89: - | J89: - | K89: - | L89: - | M89: -
A90: Account Receivables | B90: 42448 | C90: 156918 | D90: 172605 | E90: 224363 | F90: 271209 | G90: 335167 | H90: 382343 | I90: 440189 | J90: 481899 | K90: 575116 | L90: 715576 | M90: 875405
A91: Prepayments | B91: 11750 | C91: 14028 | D91: 14028 | E91: 14028 | F91: 14028 | G91: 16306 | H91: 18333 | I91: 18333 | J91: 18333 | K91: 18333 | L91: 18333 | M91: 18333
A92: Cash/Bank | B92: -493366 | C92: -66526 | D92: 513239 | E92: 1258427 | F92: 2190019 | G92: 3345411 | H92: 4688766 | I92: 6241655 | J92: 7971487 | K92: 10012004 | L92: 12550829 | M92: 15690272
A93: Total Current Asset | B93: -439168 | C93: 104420 | D93: 699871 | E93: 1496817 | F93: 2475255 | G93: 3696884 | H93: 5089442 | I93: 6700177 | J93: 8471718 | K93: 10605453 | L93: 13284738 | M93: 16584010
A95: Total Asset | B95: -439168 | C95: 104420 | D95: 699871 | E95: 1496817 | F95: 2475255 | G95: 3696884 | H95: 5089442 | I95: 6700177 | J95: 8471718 | K95: 10605453 | L95: 13284738 | M95: 16584010
A97: LIABILITIES & SHARE CAPITAL
A99: Long Term Liabilities
A100: Loan/debt | B100: - | C100: - | D100: - | E100: - | F100: - | G100: - | H100: - | I100: - | J100: - | K100: - | L100: - | M100: -
A101: Total Long term Liabilities | B101: - | C101: - | D101: - | E101: - | F101: - | G101: - | H101: - | I101: - | J101: - | K101: - | L101: - | M101: -
A103: Current Liabilities
A104: Account Payable | B104: 20896 | C104: 27027 | D104: 27458 | E104: 28625 | F104: 29727 | G104: 34996 | H104: 39539 | I104: 40959 | J104: 42129 | K104: 44372 | L104: 47624 | M104: 51368
A105: Deferred Payments | B105: 15666 | C105: 18704 | D105: 18704 | E105: 18704 | F105: 18704 | G105: 21741 | H105: 24444 | I105: 24444 | J105: 24444 | K105: 24444 | L105: 24444 | M105: 24444
A106: Total Current Liabilities | B106: 36562 | C106: 45731 | D106: 46162 | E106: 47329 | F106: 48431 | G106: 56737 | H106: 63983 | I106: 65404 | J106: 66573 | K106: 68816 | L106: 72069 | M106: 75812
A108: Total Liabilities | B108: 36562 | C108: 45731 | D108: 46162 | E108: 47329 | F108: 48431 | G108: 56737 | H108: 63983 | I108: 65404 | J108: 66573 | K108: 68816 | L108: 72069 | M108: 75812
A110: Owner Equity
A112: Owner Equity | B112: 1 | C112: 1 | D112: 1 | E112: 1 | F112: 1 | G112: 1 | H112: 1 | I112: 1 | J112: 1 | K112: 1 | L112: 1 | M112: 1
A113: Additional Owner equity | B113: - | C113: - | D113: - | E113: - | F113: - | G113: - | H113: - | I113: - | J113: - | K113: - | L113: - | M113: -
A114: Retained Earnings | B114: -577368 | C114: -475731 | D114: 58688 | E114: 653708 | F114: 1449488 | G114: 2426823 | H114: 3640146 | I114: 5025458 | J114: 6634773 | K114: 8405144 | L114: 10536635 | M114: 13212669
A115: Net Income | B115: 101637 | C115: 534419 | D115: 595021 | E115: 795780 | F115: 977335 | G115: 1213323 | H115: 1385312 | I115: 1609315 | J115: 1770371 | K115: 2131491 | L115: 2676033 | M115: 3295529
A116: Total Owner Equity | B116: -475730 | C116: 58689 | D116: 653709 | E116: 1449489 | F116: 2426824 | G116: 3640147 | H116: 5025459 | I116: 6634774 | J116: 8405145 | K116: 10536636 | L116: 13212670 | M116: 16508198
A118: Total Owner Equity & Liabilities | B118: -439168 | C118: 104420 | D118: 699871 | E118: 1496817 | F118: 2475255 | G118: 3696884 | H118: 5089442 | I118: 6700177 | J118: 8471718 | K118: 10605453 | L118: 13284738 | M118: 16584010
B119: - | C119: 0 | D119: - | E119: - | F119: - | G119: - | H119: - | I119: - | J119: - | K119: - | L119: - | M119: -
A122: CASHFLOW STATEMENT
A124: Cash from Operation
A125: Net Income | B125: 101637 | C125: 534419 | D125: 595021 | E125: 795780 | F125: 977335 | G125: 1213323 | H125: 1385312 | I125: 1609315 | J125: 1770371 | K125: 2131491 | L125: 2676033 | M125: 3295529
A126: Depreciation/Amortization | B126: - | C126: - | D126: - | E126: - | F126: - | G126: - | H126: - | I126: - | J126: - | K126: - | L126: - | M126: -
A127: Interest | B127: - | C127: - | D127: - | E127: - | F127: - | G127: - | H127: - | I127: - | J127: - | K127: - | L127: - | M127: -
A128: Inventory | B128: - | C128: - | D128: - | E128: - | F128: - | G128: - | H128: - | I128: - | J128: - | K128: - | L128: - | M128: -
A129: Account Receivables | B129: -14400 | C129: -114470 | D129: -15687 | E129: -51758 | F129: -46846 | G129: -63958 | H129: -47176 | I129: -57846 | J129: -41710 | K129: -93217 | L129: -140461 | M129: -159829
A130: Prepayment | B130: -2171 | C130: -2278 | D130: - | E130: - | F130: - | G130: -2278 | H130: -2027 | I130: - | J130: - | K130: - | L130: - | M130: -
A131: Account Payables | B131: 4027 | C131: 6131 | D131: 431 | E131: 1166 | F131: 1103 | G131: 5268 | H131: 4543 | I131: 1420 | J131: 1170 | K131: 2243 | L131: 3252 | M131: 3743
A132: Deferred payments | B132: 2895 | C132: 3038 | D132: - | E132: - | F132: - | G132: 3038 | H132: 2703 | I132: - | J132: - | K132: - | L132: - | M132: -
A133: Operating Cashflow | B133: 91987 | C133: 426840 | D133: 579765 | E133: 745188 | F133: 931592 | G133: 1155392 | H133: 1343355 | I133: 1552889 | J133: 1729831 | K133: 2040517 | L133: 2538825 | M133: 3139443
A135: Cashflow from Investing
A136: CAPEX | B136: - | C136: - | D136: - | E136: - | F136: - | G136: - | H136: - | I136: - | J136: - | K136: - | L136: - | M136: -
A138: Cashflow from financing
A139: Loan Repayment | B139: - | C139: - | D139: - | E139: - | F139: - | G139: - | H139: - | I139: - | J139: - | K139: - | L139: - | M139: -
A140: Equity Financing | B140: - | C140: - | D140: - | E140: - | F140: - | G140: - | H140: - | I140: - | J140: - | K140: - | L140: - | M140: -
A142: NET CASHFLOW | B142: 91987 | C142: 426840 | D142: 579765 | E142: 745188 | F142: 931592 | G142: 1155392 | H142: 1343355 | I142: 1552889 | J142: 1729831 | K142: 2040517 | L142: 2538825 | M142: 3139443
...

Sheet P&L, BS, CF 2027
B3: 45684 | C3: 45715 | D3: 45743 | E3: 45774 | F3: 45804 | G3: 45835 | H3: 45865 | I3: 45896 | J3: 45927 | K3: 45957 | L3: 45988 | M3: 46018 | O3: Color Code
A4: INCOME STATEMENT | P4: Completed/Actual
P5: Projected based on funding round closing by 11/5
A6: No. of Active Users | B6: 537 | C6: 564 | D6: 596 | E6: 625 | F6: 657 | G6: 692 | H6: 727 | I6: 764 | J6: 802 | K6: 842 | L6: 886 | M6: 933 | O6: *Projected based on funding round closing by 6/31
A8: Revenue | B8: 2458050 | C8: 2565652 | D8: 3206405 | E8: 3324215 | F8: 3525368 | G8: 3962893 | H8: 4177914 | I8: 4470677 | J8: 4697199 | K8: 4820125 | L8: 5399105 | M8: 5987410
A10: Gross Revenue | B10: 2458050 | C10: 2565652 | D10: 3206405 | E10: 3324215 | F10: 3525368 | G10: 3962893 | H10: 4177914 | I10: 4470677 | J10: 4697199 | K10: 4820125 | L10: 5399105 | M10: 5987410
A12: cost OF SALES
A14: Cloud Hosting | B14: 1229 | C14: 1283 | D14: 1603 | E14: 1662 | F14: 1763 | G14: 1981 | H14: 2089 | I14: 2235 | J14: 2349 | K14: 2410 | L14: 2700 | M14: 2994
A15: Credit Card Fee | B15: 36871 | C15: 38485 | D15: 48096 | E15: 49863 | F15: 52881 | G15: 59443 | H15: 62669 | I15: 67060 | J15: 70458 | K15: 72302 | L15: 80987 | M15: 89811
A16: Computing cost | B16: 19732 | C16: 22045 | D16: 24535 | E16: 27038 | F16: 29682 | G16: 32472 | H16: 35366 | I16: 38385 | J16: 41536 | K16: 44809 | L16: 48286 | M16: 51928
A18: Total cost of Sales | B18: 57832 | C18: 61813 | D18: 74234 | E18: 78564 | F18: 84326 | G18: 93896 | H18: 100123 | I18: 107681 | J18: 114342 | K18: 119520 | L18: 131972 | M18: 144733
A20: Gross Profit | B20: 2400217 | C20: 2503839 | D20: 3132171 | E20: 3245651 | F20: 3441042 | G20: 3868996 | H20: 4077791 | I20: 4362996 | J20: 4582857 | K20: 4700605 | L20: 5267133 | M20: 5842677
A22: Operating Expenses:
A23: Management Team:
A24: CEO | B24: 13000 | C24: 13000 | D24: 13000 | E24: 13000 | F24: 13000 | G24: 13000 | H24: 13000 | I24: 13000 | J24: 13000 | K24: 13000 | L24: 13000 | M24: 13000
A25: CMO | B25: 9200 | C25: 9200 | D25: 9200 | E25: 9200 | F25: 9200 | G25: 9200 | H25: 9200 | I25: 9200 | J25: 9200 | K25: 9200 | L25: 9200 | M25: 9200
A26: CTO | B26: 11310 | C26: 11310 | D26: 11310 | E26: 11310 | F26: 11310 | G26: 11310 | H26: 11310 | I26: 11310 | J26: 11310 | K26: 11310 | L26: 11310 | M26: 11310
A27: Lead Machine language engineer | B27: 10063 | C27: 10063 | D27: 10063 | E27: 10063 | F27: 10063 | G27: 10063 | H27: 10063 | I27: 10063 | J27: 10063 | K27: 10063 | L27: 10063 | M27: 10063
A28: Lead front end full stack developer | B28: 11375 | C28: 11375 | D28: 11375 | E28: 11375 | F28: 11375 | G28: 11375 | H28: 11375 | I28: 11375 | J28: 11375 | K28: 11375 | L28: 11375 | M28: 11375
A29: Senior systems engineer | B29: 11375 | C29: 11375 | D29: 11375 | E29: 11375 | F29: 11375 | G29: 11375 | H29: 11375 | I29: 11375 | J29: 11375 | K29: 11375 | L29: 11375 | M29: 11375
A30: Engineers X1 | B30: 9208 | C30: 9208 | D30: 9208 | E30: 9208 | F30: 9208 | G30: 9208 | H30: 9208 | I30: 9208 | J30: 9208 | K30: 9208 | L30: 9208 | M30: 9208
A31: Engineers X2 | B31: 9208 | C31: 9208 | D31: 9208 | E31: 9208 | F31: 9208 | G31: 9208 | H31: 9208 | I31: 9208 | J31: 9208 | K31: 9208 | L31: 9208 | M31: 9208
A32: Engineers X3 | B32: - | C32: - | D32: - | E32: - | F32: - | G32: - | H32: - | I32: - | J32: - | K32: - | L32: - | M32: -
A33: Engineers X4 | B33: - | C33: - | D33: - | E33: - | F33: - | G33: - | H33: - | I33: - | J33: - | K33: - | L33: - | M33: -
A34: Engineers X5 | B34: - | C34: - | D34: - | E34: - | F34: - | G34: - | H34: - | I34: - | J34: - | K34: - | L34: - | M34: -
A35: Engineers X6 | B35: - | C35: - | D35: - | E35: - | F35: - | G35: - | H35: - | I35: - | J35: - | K35: - | L35: - | M35: -
A36: Internal Marketing team X1 | B36: - | C36: - | D36: - | E36: - | F36: - | G36: - | H36: - | I36: - | J36: - | K36: - | L36: - | M36: -
A37: Internal Marketing team X2 | B37: - | C37: - | D37: - | E37: - | F37: - | G37: - | H37: - | I37: - | J37: - | K37: - | L37: - | M37: -
A38: Sales Team X1 | B38: 7854 | C38: 7854 | D38: 7854 | E38: 7854 | F38: 7854 | G38: 7854 | H38: 7854 | I38: 7854 | J38: 7854 | K38: 7854 | L38: 7854 | M38: 7854
A39: Sales Team X2 | B39: 7854 | C39: 7854 | D39: 7854 | E39: 7854 | F39: 7854 | G39: 7854 | H39: 7854 | I39: 7854 | J39: 7854 | K39: 7854 | L39: 7854 | M39: 7854
A40: Sales Team X3 | B40: 7854 | C40: 7854 | D40: 7854 | E40: 7854 | F40: 7854 | G40: 7854 | H40: 7854 | I40: 7854 | J40: 7854 | K40: 7854 | L40: 7854 | M40: 7854
A41: Sales Team X4 | B41: 7854 | C41: 7854 | D41: 7854 | E41: 7854 | F41: 7854 | G41: 7854 | H41: 7854 | I41: 7854 | J41: 7854 | K41: 7854 | L41: 7854 | M41: 7854
A42: Customer Support | B42: 7854 | C42: 7854 | D42: 7854 | E42: 7854 | F42: 7854 | G42: 7854 | H42: 7854 | I42: 7854 | J42: 7854 | K42: 7854 | L42: 7854 | M42: 7854
A43: Customer Support | B43: 7854 | C43: 7854 | D43: 7854 | E43: 7854 | F43: 7854 | G43: 7854 | H43: 7854 | I43: 7854 | J43: 7854 | K43: 7854 | L43: 7854 | M43: 7854
A44: Add Additional Employee | B44: 7854 | C44: 7854 | D44: 7854 | E44: 7854 | F44: 7854 | G44: 7854 | H44: 7854 | I44: 7854 | J44: 7854 | K44: 7854 | L44: 7854 | M44: 7854
A45: Add Additional Employee | B45: - | C45: - | D45: 7854 | E45: 7854 | F45: 7854 | G45: 7854 | H45: 7854 | I45: 7854 | J45: 7854 | K45: 7854 | L45: 7854 | M45: 7854
A47: Other Operating Expenses:
A48: Rent | B48: 5423 | C48: 5423 | D48: 5423 | E48: 5423 | F48: 5423 | G48: 5423 | H48: 5423 | I48: 5423 | J48: 5423 | K48: 5423 | L48: 5423 | M48: 5423
A49: Utilities | B49: - | C49: - | D49: - | E49: - | F49: - | G49: - | H49: - | I49: - | J49: - | K49: - | L49: - | M49: -
A50: Professional services | B50: - | C50: - | D50: - | E50: - | F50: - | G50: - | H50: - | I50: - | J50: - | K50: - | L50: - | M50: -
A51: Misc. Expenses | B51: 2315 | C51: 2315 | D51: 2315 | E51: 2315 | F51: 2315 | G51: 2315 | H51: 2315 | I51: 2315 | J51: 2315 | K51: 2315 | L51: 2315 | M51: 2315
A53: Marketing & Advertising:
A54: Conferences & Tradeshows | B54: - | C54: - | D54: - | E54: - | F54: - | G54: - | H54: - | I54: - | J54: - | K54: - | L54: - | M54: -
A55: Advertising (Digital Media) | B55: - | C55: - | D55: - | E55: - | F55: - | G55: - | H55: - | I55: - | J55: - | K55: - | L55: - | M55: -
A56: Advertising (Traditional/PR) | B56: - | C56: - | D56: - | E56: - | F56: - | G56: - | H56: - | I56: - | J56: - | K56: - | L56: - | M56: -
A58: Total operating Expenses | B58: 145142 | C58: 145142 | D58: 152996 | E58: 152996 | F58: 152996 | G58: 152996 | H58: 152996 | I58: 152996 | J58: 152996 | K58: 152996 | L58: 152996 | M58: 152996
A60: EBITDA | B60: 2255076 | C60: 2358697 | D60: 2979176 | E60: 3092655 | F60: 3288047 | G60: 3716001 | H60: 3924795 | I60: 4210000 | J60: 4429861 | K60: 4547609 | L60: 5114137 | M60: 5689682
A62: Depreciation/Amortization | B62: - | C62: - | D62: - | E62: - | F62: - | G62: - | H62: - | I62: - | J62: - | K62: - | L62: - | M62: -
A64: EBIT | B64: 2255076 | C64: 2358697 | D64: 2979176 | E64: 3092655 | F64: 3288047 | G64: 3716001 | H64: 3924795 | I64: 4210000 | J64: 4429861 | K64: 4547609 | L64: 5114137 | M64: 5689682
A66: Interest | B66: - | C66: - | D66: - | E66: - | F66: - | G66: - | H66: - | I66: - | J66: - | K66: - | L66: - | M66: -
A68: EBT | B68: 2255076 | C68: 2358697 | D68: 2979176 | E68: 3092655 | F68: 3288047 | G68: 3716001 | H68: 3924795 | I68: 4210000 | J68: 4429861 | K68: 4547609 | L68: 5114137 | M68: 5689682
A70: Income Tax | B70: 473566 | C70: 495326 | D70: 625627 | E70: 649458 | F70: 690490 | G70: 780360 | H70: 824207 | I70: 884100 | J70: 930271 | K70: 954998 | L70: 1073969 | M70: 1194833
A72: Net Profit | B72: 1781510 | C72: 1863371 | D72: 2353549 | E72: 2443198 | F72: 2597557 | G72: 2935641 | H72: 3100588 | I72: 3325900 | J72: 3499590 | K72: 3592611 | L72: 4040168 | M72: 4494848
A77: BALANCE SHEET
A78: ASSET
A80: NON-CURRENT ASSET
A81: LONG TERM ASSET | B81: - | C81: - | D81: - | E81: - | F81: - | G81: - | H81: - | I81: - | J81: - | K81: - | L81: - | M81: -
A83: Accumulated Depreciation | B83: - | C83: - | D83: - | E83: - | F83: - | G83: - | H83: - | I83: - | J83: - | K83: - | L83: - | M83: -
A85: Total Long Term Asset | B85: - | C85: - | D85: - | E85: - | F85: - | G85: - | H85: - | I85: - | J85: - | K85: - | L85: - | M85: -
A87: CURRENT ASSET:
A89: Inventory | B89: - | C89: - | D89: - | E89: - | F89: - | G89: - | H89: - | I89: - | J89: - | K89: - | L89: - | M89: -
A90: Account Receivables | B90: 491610 | C90: 513130 | D90: 641281 | E90: 664843 | F90: 705074 | G90: 792579 | H90: 835583 | I90: 894135 | J90: 939440 | K90: 964025 | L90: 1079821 | M90: 1197482
A91: Prepayments | B91: 21771 | C91: 21771 | D91: 22949 | E91: 22949 | F91: 22949 | G91: 22949 | H91: 22949 | I91: 22949 | J91: 22949 | K91: 22949 | L91: 22949 | M91: 22949
A92: Cash/Bank | B92: 17856099 | C92: 19698944 | D92: 21929804 | E92: 24350522 | F92: 26909289 | G92: 29759817 | H92: 32818958 | I92: 36088195 | J92: 39544146 | K92: 43113466 | L92: 47040952 | M92: 51421329
A93: Total Current Asset | B93: 18369480 | C93: 20233846 | D93: 22594034 | E93: 25038315 | F93: 27637312 | G93: 30575345 | H93: 33677490 | I93: 37005279 | J93: 40506535 | K93: 44100441 | L93: 48143722 | M93: 52641761
A95: Total Asset | B95: 18369480 | C95: 20233846 | D95: 22594034 | E95: 25038315 | F95: 27637312 | G95: 30575345 | H95: 33677490 | I95: 37005279 | J95: 40506535 | K95: 44100441 | L95: 48143722 | M95: 52641761
A97: LIABILITIES & SHARE CAPITAL
A99: Long Term Liabilities
A100: Loan/debt | B100: - | C100: - | D100: - | E100: - | F100: - | G100: - | H100: - | I100: - | J100: - | K100: - | L100: - | M100: -
A101: Total Long term Liabilities | B101: - | C101: - | D101: - | E101: - | F101: - | G101: - | H101: - | I101: - | J101: - | K101: - | L101: - | M101: -
A103: Current Liabilities
A104: Account Payable | B104: 50743 | C104: 51739 | D104: 56807 | E104: 57890 | F104: 59330 | G104: 61723 | H104: 63280 | I104: 65169 | J104: 66835 | K104: 68129 | L104: 71242 | M104: 74432
A105: Deferred Payments | B105: 29028 | C105: 29028 | D105: 30599 | E105: 30599 | F105: 30599 | G105: 30599 | H105: 30599 | I105: 30599 | J105: 30599 | K105: 30599 | L105: 30599 | M105: 30599
A106: Total Current Liabilities | B106: 79772 | C106: 80767 | D106: 87407 | E106: 88489 | F106: 89929 | G106: 92322 | H106: 93879 | I106: 95768 | J106: 97434 | K106: 98728 | L106: 101841 | M106: 105031
A108: Total Liabilities | B108: 79772 | C108: 80767 | D108: 87407 | E108: 88489 | F108: 89929 | G108: 92322 | H108: 93879 | I108: 95768 | J108: 97434 | K108: 98728 | L108: 101841 | M108: 105031
A110: Owner Equity
A112: Owner Equity | B112: 1 | C112: 1 | D112: 1 | E112: 1 | F112: 1 | G112: 1 | H112: 1 | I112: 1 | J112: 1 | K112: 1 | L112: 1 | M112: 1
A113: Additional Owner equity | B113: - | C113: - | D113: - | E113: - | F113: - | G113: - | H113: - | I113: - | J113: - | K113: - | L113: - | M113: -
A114: Retained Earnings | B114: 16508197 | C114: 18289707 | D114: 20153078 | E114: 22506627 | F114: 24949825 | G114: 27547381 | H114: 30483022 | I114: 33583610 | J114: 36909510 | K114: 40409100 | L114: 44001712 | M114: 48041880
A115: Net Income | B115: 1781510 | C115: 1863371 | D115: 2353549 | E115: 2443198 | F115: 2597557 | G115: 2935641 | H115: 3100588 | I115: 3325900 | J115: 3499590 | K115: 3592611 | L115: 4040168 | M115: 4494848
A116: Total Owner Equity | B116: 18289708 | C116: 20153079 | D116: 22506628 | E116: 24949826 | F116: 27547382 | G116: 30483023 | H116: 33583611 | I116: 36909511 | J116: 40409101 | K116: 44001713 | L116: 48041881 | M116: 52536729
A118: Total Owner Equity & Liabilities | B118: 18369480 | C118: 20233846 | D118: 22594034 | E118: 25038315 | F118: 27637312 | G118: 30575345 | H118: 33677490 | I118: 37005279 | J118: 40506535 | K118: 44100441 | L118: 48143722 | M118: 52641761
B119: - | C119: - | D119: - | E119: - | F119: - | G119: - | H119: - | I119: - | J119: - | K119: - | L119: - | M119: -
A122: CASHFLOW STATEMENT
A124: Cash from Operation
A125: Net Income | B125: 1781510 | C125: 1863371 | D125: 2353549 | E125: 2443198 | F125: 2597557 | G125: 2935641 | H125: 3100588 | I125: 3325900 | J125: 3499590 | K125: 3592611 | L125: 4040168 | M125: 4494848
A126: Depreciation/Amortization | B126: - | C126: - | D126: - | E126: - | F126: - | G126: - | H126: - | I126: - | J126: - | K126: - | L126: - | M126: -
A127: Interest | B127: - | C127: - | D127: - | E127: - | F127: - | G127: - | H127: - | I127: - | J127: - | K127: - | L127: - | M127: -
A128: Inventory | B128: - | C128: - | D128: - | E128: - | F128: - | G128: - | H128: - | I128: - | J128: - | K128: - | L128: - | M128: -
A129: Account Receivables | B129: 383795 | C129: -21520 | D129: -128151 | E129: -23562 | F129: -40231 | G129: -87505 | H129: -43004 | I129: -58553 | J129: -45304 | K129: -24585 | L129: -115796 | M129: -117661
A130: Prepayment | B130: -3438 | C130: - | D130: -1178 | E130: - | F130: - | G130: - | H130: - | I130: - | J130: - | K130: - | L130: - | M130: -
A131: Account Payables | B131: -624 | C131: 995 | D131: 5069 | E131: 1082 | F131: 1440 | G131: 2393 | H131: 1557 | I131: 1889 | J131: 1665 | K131: 1295 | L131: 3113 | M131: 3190
A132: Deferred payments | B132: 4584 | C132: - | D132: 1571 | E132: - | F132: - | G132: - | H132: - | I132: - | J132: - | K132: - | L132: - | M132: -
A133: Operating Cashflow | B133: 2165827 | C133: 1842846 | D133: 2230860 | E133: 2420718 | F133: 2558767 | G133: 2850528 | H133: 3059141 | I133: 3269237 | J133: 3455951 | K133: 3569320 | L133: 3927485 | M133: 4380378
A135: Cashflow from Investing
A136: CAPEX | B136: - | C136: - | D136: - | E136: - | F136: - | G136: - | H136: - | I136: - | J136: - | K136: - | L136: - | M136: -
A138: Cashflow from financing
A139: Loan Repayment | B139: - | C139: - | D139: - | E139: - | F139: - | G139: - | H139: - | I139: - | J139: - | K139: - | L139: - | M139: -
A140: Equity Financing | B140: - | C140: - | D140: - | E140: - | F140: - | G140: - | H140: - | I140: - | J140: - | K140: - | L140: - | M140: -
A142: NET CASHFLOW | B142: 2165827 | C142: 1842846 | D142: 2230860 | E142: 2420718 | F142: 2558767 | G142: 2850528 | H142: 3059141 | I142: 3269237 | J142: 3455951 | K142: 3569320 | L142: 3927485 | M142: 4380378
...

Sheet P&L, BS, CF 2028
B3: 45685 | C3: 45716 | D3: 45744 | E3: 45775 | F3: 45805 | G3: 45836 | H3: 45866 | I3: 45897 | J3: 45928 | K3: 45958 | L3: 45989 | M3: 46019 | O3: Color Code
A4: INCOME STATEMENT | P4: Completed/Actual
P5: Projected based on funding round closing by 11/5
A6: No. of Active Users | B6: 978 | C6: 1007 | D6: 1049 | E6: 1095 | F6: 1141 | G6: 1191 | H6: 1243 | I6: 1297 | J6: 1352 | K6: 1410 | L6: 1472 | M6: 1537 | O6: *Projected based on funding round closing by 11/5/25
A8: Revenue | B8: 7229383 | C8: 5488364 | D8: 5639979 | E8: 5957911 | F8: 6136337 | G8: 6481562 | H8: 6987378 | I8: 7348047 | J8: 7551826 | K8: 7925614 | L8: 8309310 | M8: 8869443
A10: Gross Revenue | B10: 7229383 | C10: 5488364 | D10: 5639979 | E10: 5957911 | F10: 6136337 | G10: 6481562 | H10: 6987378 | I10: 7348047 | J10: 7551826 | K10: 7925614 | L10: 8309310 | M10: 8869443
A12: cost OF SALES
A14: Cloud Hosting | B14: 3615 | C14: 2744 | D14: 2820 | E14: 2979 | F14: 3068 | G14: 3241 | H14: 3494 | I14: 3674 | J14: 3776 | K14: 3963 | L14: 4155 | M14: 4435
A15: Credit Card Fee | B15: 108441 | C15: 82325 | D15: 84600 | E15: 89369 | F15: 92045 | G15: 97223 | H15: 104811 | I15: 110221 | J15: 113277 | K15: 118884 | L15: 124640 | M15: 133042
A16: Computing cost | B16: 64005 | C16: 68164 | D16: 72664 | E16: 77336 | F16: 82169 | G16: 87238 | H16: 92480 | I16: 97901 | J16: 103508 | K16: 109325 | L16: 115378 | M16: 121691
A18: Total cost of Sales | B18: 176061 | C18: 153234 | D18: 160083 | E18: 169684 | F18: 177282 | G18: 187703 | H18: 200784 | I18: 211796 | J18: 220562 | K18: 232172 | L18: 244172 | M18: 259167
A20: Gross Profit | B20: 7053323 | C20: 5335131 | D20: 5479896 | E20: 5788227 | F20: 5959055 | G20: 6293860 | H20: 6786594 | I20: 7136251 | J20: 7331264 | K20: 7693442 | L20: 8065137 | M20: 8610276
A22: Operating Expenses:
A23: Management Team:
A24: CEO | B24: 14500 | C24: 14500 | D24: 14500 | E24: 14500 | F24: 14500 | G24: 14500 | H24: 14500 | I24: 14500 | J24: 14500 | K24: 14500 | L24: 14500 | M24: 14500
A25: CMO | B25: 10400 | C25: 10400 | D25: 10400 | E25: 10400 | F25: 10400 | G25: 10400 | H25: 10400 | I25: 10400 | J25: 10400 | K25: 10400 | L25: 10400 | M25: 10400
A26: CTO | B26: 12480 | C26: 12480 | D26: 12480 | E26: 12480 | F26: 12480 | G26: 12480 | H26: 12480 | I26: 12480 | J26: 12480 | K26: 12480 | L26: 12480 | M26: 12480
A27: Lead Machine language engineer | B27: 11375 | C27: 11375 | D27: 11375 | E27: 11375 | F27: 11375 | G27: 11375 | H27: 11375 | I27: 11375 | J27: 11375 | K27: 11375 | L27: 11375 | M27: 11375
A28: Lead front end full stack developer | B28: 12688 | C28: 12688 | D28: 12688 | E28: 12688 | F28: 12688 | G28: 12688 | H28: 12688 | I28: 12688 | J28: 12688 | K28: 12688 | L28: 12688 | M28: 12688
A29: Senior systems engineer | B29: 12688 | C29: 12688 | D29: 12688 | E29: 12688 | F29: 12688 | G29: 12688 | H29: 12688 | I29: 12688 | J29: 12688 | K29: 12688 | L29: 12688 | M29: 12688
A30: Engineers X1 | B30: 10271 | C30: 10271 | D30: 10271 | E30: 10271 | F30: 10271 | G30: 10271 | H30: 10271 | I30: 10271 | J30: 10271 | K30: 10271 | L30: 10271 | M30: 10271
A31: Engineers X2 | B31: 10271 | C31: 10271 | D31: 10271 | E31: 10271 | F31: 10271 | G31: 10271 | H31: 10271 | I31: 10271 | J31: 10271 | K31: 10271 | L31: 10271 | M31: 10271
A32: Engineers X3 | B32: - | C32: - | D32: - | E32: - | F32: - | G32: - | H32: - | I32: - | J32: - | K32: - | L32: - | M32: -
A33: Engineers X4 | B33: - | C33: - | D33: - | E33: - | F33: - | G33: - | H33: - | I33: - | J33: - | K33: - | L33: - | M33: -
A34: Engineers X5 | B34: - | C34: - | D34: - | E34: - | F34: - | G34: - | H34: - | I34: - | J34: - | K34: - | L34: - | M34: -
A35: Engineers X6 | B35: - | C35: - | D35: - | E35: - | F35: - | G35: - | H35: - | I35: - | J35: - | K35: - | L35: - | M35: -
A36: Internal Marketing team X1 | B36: - | C36: - | D36: - | E36: - | F36: - | G36: - | H36: - | I36: - | J36: - | K36: - | L36: - | M36: -
A37: Internal Marketing team X2 | B37: - | C37: - | D37: - | E37: - | F37: - | G37: - | H37: - | I37: - | J37: - | K37: - | L37: - | M37: -
A38: Sales Team X1 | B38: 8667 | C38: 8667 | D38: 8667 | E38: 8667 | F38: 8667 | G38: 8667 | H38: 8667 | I38: 8667 | J38: 8667 | K38: 8667 | L38: 8667 | M38: 8667
A39: Sales Team X2 | B39: 8667 | C39: 8667 | D39: 8667 | E39: 8667 | F39: 8667 | G39: 8667 | H39: 8667 | I39: 8667 | J39: 8667 | K39: 8667 | L39: 8667 | M39: 8667
A40: Sales Team X3 | B40: 8667 | C40: 8667 | D40: 8667 | E40: 8667 | F40: 8667 | G40: 8667 | H40: 8667 | I40: 8667 | J40: 8667 | K40: 8667 | L40: 8667 | M40: 8667
A41: Sales Team X4 | B41: 8667 | C41: 8667 | D41: 8667 | E41: 8667 | F41: 8667 | G41: 8667 | H41: 8667 | I41: 8667 | J41: 8667 | K41: 8667 | L41: 8667 | M41: 8667
A42: Customer Support | B42: 8667 | C42: 8667 | D42: 8667 | E42: 8667 | F42: 8667 | G42: 8667 | H42: 8667 | I42: 8667 | J42: 8667 | K42: 8667 | L42: 8667 | M42: 8667
A43: Customer Support | B43: 8667 | C43: 8667 | D43: 8667 | E43: 8667 | F43: 8667 | G43: 8667 | H43: 8667 | I43: 8667 | J43: 8667 | K43: 8667 | L43: 8667 | M43: 8667
A44: Add Additional Employee | B44: 8667 | C44: 8667 | D44: 8667 | E44: 8667 | F44: 8667 | G44: 8667 | H44: 8667 | I44: 8667 | J44: 8667 | K44: 8667 | L44: 8667 | M44: 8667
A45: Add Additional Employee | B45: 8667 | C45: 8667 | D45: 8667 | E45: 8667 | F45: 8667 | G45: 8667 | H45: 8667 | I45: 8667 | J45: 8667 | K45: 8667 | L45: 8667 | M45: 8667
A47: Other Operating Expenses:
A48: Rent | B48: 5694 | C48: 5694 | D48: 5694 | E48: 5694 | F48: 5694 | G48: 5694 | H48: 5694 | I48: 5694 | J48: 5694 | K48: 5694 | L48: 5694 | M48: 5694
A49: Utilities | B49: - | C49: - | D49: - | E49: - | F49: - | G49: - | H49: - | I49: - | J49: - | K49: - | L49: - | M49: -
A50: Professional services | B50: - | C50: - | D50: - | E50: - | F50: - | G50: - | H50: - | I50: - | J50: - | K50: - | L50: - | M50: -
A51: Misc. Expenses | B51: 2431 | C51: 2431 | D51: 2431 | E51: 2431 | F51: 2431 | G51: 2431 | H51: 2431 | I51: 2431 | J51: 2431 | K51: 2431 | L51: 2431 | M51: 2431
A53: Marketing & Advertising:
A54: Conferences & Tradeshows | B54: - | C54: - | D54: - | E54: - | F54: - | G54: - | H54: - | I54: - | J54: - | K54: - | L54: - | M54: -
A55: Advertising (Digital Media) | B55: - | C55: - | D55: - | E55: - | F55: - | G55: - | H55: - | I55: - | J55: - | K55: - | L55: - | M55: -
A56: Advertising (Traditional/PR) | B56: - | C56: - | D56: - | E56: - | F56: - | G56: - | H56: - | I56: - | J56: - | K56: - | L56: - | M56: -
A58: Total operating Expenses | B58: 169699 | C58: 169699 | D58: 169699 | E58: 169699 | F58: 169699 | G58: 169699 | H58: 169699 | I58: 169699 | J58: 169699 | K58: 169699 | L58: 169699 | M58: 169699
A60: EBITDA | B60: 6883623 | C60: 5165431 | D60: 5310197 | E60: 5618528 | F60: 5789355 | G60: 6124160 | H60: 6616895 | I60: 6966552 | J60: 7161565 | K60: 7523742 | L60: 7895438 | M60: 8440577
A62: Depreciation/Amortization | B62: - | C62: - | D62: - | E62: - | F62: - | G62: - | H62: - | I62: - | J62: - | K62: - | L62: - | M62: -
A64: EBIT | B64: 6883623 | C64: 5165431 | D64: 5310197 | E64: 5618528 | F64: 5789355 | G64: 6124160 | H64: 6616895 | I64: 6966552 | J64: 7161565 | K64: 7523742 | L64: 7895438 | M64: 8440577
A66: Interest | B66: - | C66: - | D66: - | E66: - | F66: - | G66: - | H66: - | I66: - | J66: - | K66: - | L66: - | M66: -
A68: EBT | B68: 6883623 | C68: 5165431 | D68: 5310197 | E68: 5618528 | F68: 5789355 | G68: 6124160 | H68: 6616895 | I68: 6966552 | J68: 7161565 | K68: 7523742 | L68: 7895438 | M68: 8440577
A70: Income Tax | B70: 1445561 | C70: 1084741 | D70: 1115141 | E70: 1179891 | F70: 1215765 | G70: 1286074 | H70: 1389548 | I70: 1462976 | J70: 1503929 | K70: 1579986 | L70: 1658042 | M70: 1772521
A72: Net Profit | B72: 5438062 | C72: 4080691 | D72: 4195055 | E72: 4438637 | F72: 4573591 | G72: 4838087 | H72: 5227347 | I72: 5503576 | J72: 5657636 | K72: 5943756 | L72: 6237396 | M72: 6668056
A77: BALANCE SHEET
A78: ASSET
A80: NON-CURRENT ASSET
A81: LONG TERM ASSET | B81: - | C81: - | D81: - | E81: - | F81: - | G81: - | H81: - | I81: - | J81: - | K81: - | L81: - | M81: -
A83: Accumulated Depreciation | B83: - | C83: - | D83: - | E83: - | F83: - | G83: - | H83: - | I83: - | J83: - | K83: - | L83: - | M83: -
A85: Total Long Term Asset | B85: - | C85: - | D85: - | E85: - | F85: - | G85: - | H85: - | I85: - | J85: - | K85: - | L85: - | M85: -
A87: CURRENT ASSET:
A89: Inventory | B89: - | C89: - | D89: - | E89: - | F89: - | G89: - | H89: - | I89: - | J89: - | K89: - | L89: - | M89: -
A90: Account Receivables | B90: 1445877 | C90: 1097673 | D90: 1127996 | E90: 1191582 | F90: 1227267 | G90: 1296312 | H90: 1397476 | I90: 1469609 | J90: 1510365 | K90: 1585123 | L90: 1661862 | M90: 1773889
A91: Prepayments | B91: 25455 | C91: 25455 | D91: 25455 | E91: 25455 | F91: 25455 | G91: 25455 | H91: 25455 | I91: 25455 | J91: 25455 | K91: 25455 | L91: 25455 | M91: 25455
A92: Cash/Bank | B92: 56623840 | C92: 61047028 | D92: 65213473 | E92: 69590924 | F92: 74130729 | G92: 78902375 | H92: 84031829 | I92: 89466024 | J92: 95085096 | K92: 100956997 | L92: 107120654 | M92: 113680432
A93: Total Current Asset | B93: 58095172 | C93: 62170156 | D93: 66366924 | E93: 70807961 | F93: 75383451 | G93: 80224142 | H93: 85454760 | I93: 90961088 | J93: 96620916 | K93: 102567575 | L93: 108807971 | M93: 115479775
A95: Total Asset | B95: 58095172 | C95: 62170156 | D95: 66366924 | E95: 70807961 | F95: 75383451 | G95: 80224142 | H95: 85454760 | I95: 90961088 | J95: 96620916 | K95: 102567575 | L95: 108807971 | M95: 115479775
A97: LIABILITIES & SHARE CAPITAL
A99: Long Term Liabilities
A100: Loan/debt | B100: - | C100: - | D100: - | E100: - | F100: - | G100: - | H100: - | I100: - | J100: - | K100: - | L100: - | M100: -
A101: Total Long term Liabilities | B101: - | C101: - | D101: - | E101: - | F101: - | G101: - | H101: - | I101: - | J101: - | K101: - | L101: - | M101: -
A103: Current Liabilities
A104: Account Payable | B104: 86440 | C104: 80733 | D104: 82446 | E104: 84846 | F104: 86745 | G104: 89350 | H104: 92621 | I104: 95374 | J104: 97565 | K104: 100468 | L104: 103468 | M104: 107217
A105: Deferred Payments | B105: 33940 | C105: 33940 | D105: 33940 | E105: 33940 | F105: 33940 | G105: 33940 | H105: 33940 | I105: 33940 | J105: 33940 | K105: 33940 | L105: 33940 | M105: 33940
A106: Total Current Liabilities | B106: 120380 | C106: 114673 | D106: 116386 | E106: 118786 | F106: 120685 | G106: 123290 | H106: 126561 | I106: 129314 | J106: 131505 | K106: 134408 | L106: 137408 | M106: 141156
A108: Total Liabilities | B108: 120380 | C108: 114673 | D108: 116386 | E108: 118786 | F108: 120685 | G108: 123290 | H108: 126561 | I108: 129314 | J108: 131505 | K108: 134408 | L108: 137408 | M108: 141156
A110: Owner Equity
A112: Owner Equity | B112: 1 | C112: 1 | D112: 1 | E112: 1 | F112: 1 | G112: 1 | H112: 1 | I112: 1 | J112: 1 | K112: 1 | L112: 1 | M112: 1
A113: Additional Owner equity | B113: - | C113: - | D113: - | E113: - | F113: - | G113: - | H113: - | I113: - | J113: - | K113: - | L113: - | M113: -
A114: Retained Earnings | B114: 52536728 | C114: 57974791 | D114: 62055482 | E114: 66250537 | F114: 70689174 | G114: 75262765 | H114: 80100851 | I114: 85328198 | J114: 90831774 | K114: 96489410 | L114: 102433166 | M114: 108670562
A115: Net Income | B115: 5438062 | C115: 4080691 | D115: 4195055 | E115: 4438637 | F115: 4573591 | G115: 4838087 | H115: 5227347 | I115: 5503576 | J115: 5657636 | K115: 5943756 | L115: 6237396 | M115: 6668056
A116: Total Owner Equity | B116: 57974792 | C116: 62055483 | D116: 66250538 | E116: 70689175 | F116: 75262766 | G116: 80100852 | H116: 85328199 | I116: 90831775 | J116: 96489411 | K116: 102433167 | L116: 108670563 | M116: 115338619
A118: Total Owner Equity & Liabilities | B118: 58095172 | C118: 62170156 | D118: 66366924 | E118: 70807961 | F118: 75383451 | G118: 80224142 | H118: 85454760 | I118: 90961088 | J118: 96620916 | K118: 102567575 | L118: 108807971 | M118: 115479775
B119: - | C119: - | D119: - | E119: - | F119: - | G119: - | H119: - | I119: - | J119: - | K119: - | L119: - | M119: -
A122: CASHFLOW STATEMENT
A124: Cash from Operation
A125: Net Income | B125: 5438062 | C125: 4080691 | D125: 4195055 | E125: 4438637 | F125: 4573591 | G125: 4838087 | H125: 5227347 | I125: 5503576 | J125: 5657636 | K125: 5943756 | L125: 6237396 | M125: 6668056
A126: Depreciation/Amortization | B126: - | C126: - | D126: - | E126: - | F126: - | G126: - | H126: - | I126: - | J126: - | K126: - | L126: - | M126: -
A127: Interest | B127: - | C127: - | D127: - | E127: - | F127: - | G127: - | H127: - | I127: - | J127: - | K127: - | L127: - | M127: -
A128: Inventory | B128: - | C128: - | D128: - | E128: - | F128: - | G128: - | H128: - | I128: - | J128: - | K128: - | L128: - | M128: -
A129: Account Receivables | B129: -248395 | C129: 348204 | D129: -30323 | E129: -63586 | F129: -35685 | G129: -69045 | H129: -101163 | I129: -72134 | J129: -40756 | K129: -74758 | L129: -76739 | M129: -112027
A130: Prepayment | B130: -2506 | C130: - | D130: - | E130: - | F130: - | G130: - | H130: - | I130: - | J130: - | K130: - | L130: - | M130: -
A131: Account Payables | B131: 12008 | C131: -5707 | D131: 1712 | E131: 2400 | F131: 1900 | G131: 2605 | H131: 3270 | I131: 2753 | J131: 2191 | K131: 2903 | L131: 3000 | M131: 3749
A132: Deferred payments | B132: 3341 | C132: - | D132: - | E132: - | F132: - | G132: - | H132: - | I132: - | J132: - | K132: - | L132: - | M132: -
A133: Operating Cashflow | B133: 5202511 | C133: 4423188 | D133: 4166445 | E133: 4377451 | F133: 4539805 | G133: 4771647 | H133: 5129454 | I133: 5434195 | J133: 5619072 | K133: 5871901 | L133: 6163657 | M133: 6559778
A135: Cashflow from Investing
A136: CAPEX | B136: - | C136: - | D136: - | E136: - | F136: - | G136: - | H136: - | I136: - | J136: - | K136: - | L136: - | M136: -
A138: Cashflow from financing
A139: Loan Repayment | B139: - | C139: - | D139: - | E139: - | F139: - | G139: - | H139: - | I139: - | J139: - | K139: - | L139: - | M139: -
A140: Equity Financing | B140: - | C140: - | D140: - | E140: - | F140: - | G140: - | H140: - | I140: - | J140: - | K140: - | L140: - | M140: -
A142: NET CASHFLOW | B142: 5202511 | C142: 4423188 | D142: 4166445 | E142: 4377451 | F142: 4539805 | G142: 4771647 | H142: 5129454 | I142: 5434195 | J142: 5619072 | K142: 5871901 | L142: 6163657 | M142: 6559778
...
